Workbook

Sheet КЦ
B3: опека
B4: =#REF!+#REF!+#REF!+#REF! -> #REF!

Sheet Население на 01.01.2019
A1: №п/п | B1: Наименование муниципального района (городского округа) | C1: Численность населения на 01.01.2019 г - ВСЕГО | D1: В том числе численность детского населения в возрасте от 0 до 18 лет (включительно) | F1: №п/п | G1: Наименование муниципального района (городского округа) | H1: Численность населения на 01.01.2018 г - ВСЕГО | I1: В том числе численность детского населения в возрасте от 0 до 18 лет | K1: динамика
K2: Численность населения | L2: В том числе численность детского населения в возрасте от 0 до 18 лет
A4: 1 | B4: Бокситогорский | C4: 49256 | D4: 9280 | F4: 1 | G4: Бокситогорский | H4: 50019 | I4: 9361 | K4: =C4-H4 -> -763 | L4: =D4-I4 -> -81
A5: 2 | B5: Волосовский | C5: 51668 | D5: 9888 | F5: 2 | G5: Волосовский | H5: 51675 | I5: 9802 | K5: =C5-H5 -> -7 | L5: =D5-I5 -> 86
A6: 3 | B6: Волховский | C6: 89070 | D6: 15298 | F6: 3 | G6: Волховский | H6: 90174 | I6: 15510 | K6: =C6-H6 -> -1104 | L6: =D6-I6 -> -212
A7: 4 | B7: Всеволожский | C7: 398896 | D7: 78461 | F7: 4 | G7: Всеволожский | H7: 354723 | I7: 66623 | K7: =C7-H7 -> 44173 | L7: =D7-I7 -> 11838
A8: 5 | B8: Выборгский | C8: 199571 | D8: 34452 | F8: 5 | G8: Выборгский | H8: 201239 | I8: 34776 | K8: =C8-H8 -> -1668 | L8: =D8-I8 -> -324
A9: 6 | B9: Гатчинский | C9: 243156 | D9: 41294 | F9: 6 | G9: Гатчинский | H9: 244252 | I9: 41277 | K9: =C9-H9 -> -1096 | L9: =D9-I9 -> 17
A10: 7 | B10: Кингисеппский | C10: 76182 | D10: 14400 | F10: 7 | G10: Кингисеппский | H10: 78839 | I10: 14652 | K10: =C10-H10 -> -2657 | L10: =D10-I10 -> -252
A11: 8 | B11: Киришский | C11: 62069 | D11: 12561 | F11: 8 | G11: Киришский | H11: 62456 | I11: 12691 | K11: =C11-H11 -> -387 | L11: =D11-I11 -> -130
A12: 9 | B12: Кировский | C12: 105936 | D12: 18214 | F12: 9 | G12: Кировский | H12: 105698 | I12: 17953 | K12: =C12-H12 -> 238 | L12: =D12-I12 -> 261
A13: 10 | B13: Лодейнопольский | C13: 28530 | D13: 5064 | F13: 10 | G13: Лодейнопольский | H13: 28916 | I13: 5233 | K13: =C13-H13 -> -386 | L13: =D13-I13 -> -169
A14: 11 | B14: Ломоносовский | C14: 73475 | D14: 12156 | F14: 11 | G14: Ломоносовский | H14: 71850 | I14: 11720 | K14: =C14-H14 -> 1625 | L14: =D14-I14 -> 436
A15: 12 | B15: Лужский | C15: 72035 | D15: 12464 | F15: 12 | G15: Лужский | H15: 72879 | I15: 12492 | K15: =C15-H15 -> -844 | L15: =D15-I15 -> -28
... A21: 18 | B21: Сосновоборский | C21: 68344 | D21: 12146 | F21: 18 | G21: Сосновоборский | H21: 68013 | I21: 11918 | K21: =C21-H21 -> 331 | L21: =D21-I21 -> 228
B22: Всего | C22: =SUM(C4:C21) -> 1847867 | D22: =SUM(D4:D21) -> 334008 | G22: Всего | H22: =SUM(H4:H21) -> 1813816 | I22: =SUM(I4:I21) -> 322184 | K22: =SUM(K4:K21) -> 34051 | L22: =SUM(L4:L21) -> 11824

Sheet органы опеки_проверка
B1: Расчет субвенций бюджетам муниципальных образований на осуществление отдельного государственного полномочия Ленинградской области по организации и осуществлению деятельности по опеке и попечительству, на 2021 год
A3: №№ | B3: Наименование муниципальных районов и городского поселения | C3: Численность населения на 01.01.2019 г - ВСЕГО | D3: Численность детского населения от 0 до 18 лет | E3: Планируемое количество специалистов по охране детства в отношении несовершеннолетних граждан в возрасте от 0 до 18 лет включительно | F3: Планируемое количество специалистов в отношении совершеннолетних граждан _x000D_ | G3: Планируемое количество специалистов по бухгалтерскому учету и контролю (не менее 1,0 ст., и не более 1,5 ст.) | H3: Планируемое количество ставок специалистов, ВСЕГО | I3: Расчет субвенций на организацию опеки и попечительства на 2021 год | L3: Утверждено в областном законе на 2020-2022 гг | M3: 4 % к 2020г | N3: в проект закона на 2021-2023 гг, тыс.руб.
I4: на ФОТ, тыс.руб. | J4: Норматив затрат в расчете на одного специалиста по организации опеки и попечительства в МО | K4: Общая потребность в средствах на 2021 год, тыс.руб. | N4: 2021 | O4: 2022 | P4: 2023 | R4: в АЦК | W4: =ROUND(E27*E28*E29,0)/1000 -> 908.969 | X4: =E5+F5+G5 -> 5.9
A5: 1 | B5: Бокситогорский | C5: ='[1]Население на 01.01.2019'!C4 -> 49256 | D5: ='[1]Население на 01.01.2019'!D4 -> 9280 | E5: =ROUND(D5/$E$24,1) -> 4.6 | F5: =ROUND((C5-D5)/$F$24,1) -> 0.3 | G5: =IF(D5/$G$24<1,1,IF(D5/$G$24>1.5,1.5,D5/$G$24)) -> 1 | H5: =ROUND(E5+F5+G5,1) -> 5.9 | I5: =ROUND(H5*$E$30,1) -> 5434.5 | J5: =ROUND(I5*0.2,1) -> 1086.9 | K5: =ROUND(I5+J5,1) -> 6521.4 | L5: 6544.8 | M5: =ROUND(L5*1.04,1) -> 6806.6 | N5: =K5 -> 6521.4 | O5: =N5 -> 6521.4 | P5: =N5 -> 6521.4 | R5: =K5*1000 -> 6521400 | S5: =R5 -> 6521400 | T5: =S5 -> 6521400
A6: 2 | B6: Волосовский | C6: ='[1]Население на 01.01.2019'!C5 -> 51668 | D6: ='[1]Население на 01.01.2019'!D5 -> 9888 | E6: =ROUND(D6/$E$24,1) -> 4.9 | F6: =ROUND((C6-D6)/$F$24,1) -> 0.3 | G6: =IF(D6/$G$24<1,1,IF(D6/$G$24>1.5,1.5,D6/$G$24)) -> 1 | H6: =ROUND(E6+F6+G6,1) -> 6.2 | I6: =ROUND(H6*$E$30,1) -> 5710.8 | J6: =ROUND(I6*0.2,1) -> 1142.2 | K6: =ROUND(I6+J6,1) -> 6853 | L6: 6763 | M6: =ROUND(L6*1.04,1) -> 7033.5 | N6: =K6 -> 6853 | O6: =N6 -> 6853 | P6: =N6 -> 6853 | R6: =K6*1000 -> 6853000 | S6: =R6 -> 6853000 | T6: =S6 -> 6853000
A7: 3 | B7: Волховский | C7: ='[1]Население на 01.01.2019'!C6 -> 89070 | D7: ='[1]Население на 01.01.2019'!D6 -> 15298 | E7: =ROUND(D7/$E$24,1) -> 7.6 | F7: =ROUND((C7-D7)/$F$24,1) -> 0.5 | G7: =IF(D7/$G$24<1,1,IF(D7/$G$24>1.5,1.5,D7/$G$24)) -> 1.0198667 | H7: =ROUND(E7+F7+G7,1) -> 9.1 | I7: =ROUND(H7*$E$30,1) -> 8382 | J7: =ROUND(I7*0.2,1) -> 1676.4 | K7: =ROUND(I7+J7,1) -> 10058.4 | L7: 10181.5 | M7: =ROUND(L7*1.04,1) -> 10588.8 | N7: =K7 -> 10058.4 | O7: =N7 -> 10058.4 | P7: =N7 -> 10058.4 | R7: =K7*1000 -> 10058400 | S7: =R7 -> 10058400 | T7: =S7 -> 10058400 | W7: =1.2*W4 -> 1090.7628
A8: 4 | B8: Всеволожский | C8: ='[1]Население на 01.01.2019'!C7 -> 398896 | D8: ='[1]Население на 01.01.2019'!D7 -> 78461 | E8: =ROUND(D8/$E$24,1) -> 39.2 | F8: =ROUND((C8-D8)/$F$24,1) -> 2.1 | G8: =IF(D8/$G$24<1,1,IF(D8/$G$24>1.5,1.5,D8/$G$24)) -> 1.5 | H8: =ROUND(E8+F8+G8,1) -> 42.8 | I8: =ROUND(H8*$E$30,1) -> 39423.1 | J8: =ROUND(I8*0.2,1) -> 7884.6 | K8: =ROUND(I8+J8,1) -> 47307.7 | L8: 40032.4 | M8: =ROUND(L8*1.04,1) -> 41633.7 | N8: =K8 -> 47307.7 | O8: =N8 -> 47307.7 | P8: =N8 -> 47307.7 | R8: =K8*1000 -> 47307700 | S8: =R8 -> 47307700 | T8: =S8 -> 47307700 | W8: =W7*X4 -> 6435.5005
A9: 5 | B9: Выборгский | C9: ='[1]Население на 01.01.2019'!C8 -> 199571 | D9: ='[1]Население на 01.01.2019'!D8 -> 34452 | E9: =ROUND(D9/$E$24,1) -> 17.2 | F9: =ROUND((C9-D9)/$F$24,1) -> 1.1 | G9: =IF(D9/$G$24<1,1,IF(D9/$G$24>1.5,1.5,D9/$G$24)) -> 1.5 | H9: =ROUND(E9+F9+G9,1) -> 19.8 | I9: =ROUND(H9*$E$30,1) -> 18237.8 | J9: =ROUND(I9*0.2,1) -> 3647.6 | K9: =ROUND(I9+J9,1) -> 21885.4 | L9: 21816 | M9: =ROUND(L9*1.04,1) -> 22688.6 | N9: =K9 -> 21885.4 | O9: =N9 -> 21885.4 | P9: =N9 -> 21885.4 | R9: =K9*1000 -> 21885400 | S9: =R9 -> 21885400 | T9: =S9 -> 21885400
A10: 6 | B10: Гатчинский | C10: ='[1]Население на 01.01.2019'!C9 -> 243156 | D10: ='[1]Население на 01.01.2019'!D9 -> 41294 | E10: =ROUND(D10/$E$24,1) -> 20.6 | F10: =ROUND((C10-D10)/$F$24,1) -> 1.3 | G10: =IF(D10/$G$24<1,1,IF(D10/$G$24>1.5,1.5,D10/$G$24)) -> 1.5 | H10: =ROUND(E10+F10+G10,1) -> 23.4 | I10: =ROUND(H10*$E$30,1) -> 21553.7 | J10: =ROUND(I10*0.2,1) -> 4310.7 | K10: =ROUND(I10+J10,1) -> 25864.4 | L10: 25633.8 | M10: =ROUND(L10*1.04,1) -> 26659.2 | N10: =K10 -> 25864.4 | O10: =N10 -> 25864.4 | P10: =N10 -> 25864.4 | R10: =K10*1000 -> 25864400 | S10: =R10 -> 25864400 | T10: =S10 -> 25864400
A11: 7 | B11: Кингисеппский | C11: ='[1]Население на 01.01.2019'!C10 -> 76182 | D11: ='[1]Население на 01.01.2019'!D10 -> 14400 | E11: =ROUND(D11/$E$24,1) -> 7.2 | F11: =ROUND((C11-D11)/$F$24,1) -> 0.4 | G11: =IF(D11/$G$24<1,1,IF(D11/$G$24>1.5,1.5,D11/$G$24)) -> 1 | H11: =ROUND(E11+F11+G11,1) -> 8.6 | I11: =ROUND(H11*$E$30,1) -> 7921.5 | J11: =ROUND(I11*0.2,1) -> 1584.3 | K11: =ROUND(I11+J11,1) -> 9505.8 | L11: 9490 | M11: =ROUND(L11*1.04,1) -> 9869.6 | N11: =K11 -> 9505.8 | O11: =N11 -> 9505.8 | P11: =N11 -> 9505.8 | R11: =K11*1000 -> 9505800 | S11: =R11 -> 9505800 | T11: =S11 -> 9505800
A12: 8 | B12: Киришский | C12: ='[1]Население на 01.01.2019'!C11 -> 62069 | D12: ='[1]Население на 01.01.2019'!D11 -> 12561 | E12: =ROUND(D12/$E$24,1) -> 6.3 | F12: =ROUND((C12-D12)/$F$24,1) -> 0.3 | G12: =IF(D12/$G$24<1,1,IF(D12/$G$24>1.5,1.5,D12/$G$24)) -> 1 | H12: =ROUND(E12+F12+G12,1) -> 7.6 | I12: =ROUND(H12*$E$30,1) -> 7000.4 | J12: =ROUND(I12*0.2,1) -> 1400.1 | K12: =ROUND(I12+J12,1) -> 8400.5 | L12: 8290.1 | M12: =ROUND(L12*1.04,1) -> 8621.7 | N12: =K12 -> 8400.5 | O12: =N12 -> 8400.5 | P12: =N12 -> 8400.5 | R12: =K12*1000 -> 8400500 | S12: =R12 -> 8400500 | T12: =S12 -> 8400500
A13: 9 | B13: Кировский | C13: ='[1]Население на 01.01.2019'!C12 -> 105936 | D13: ='[1]Население на 01.01.2019'!D12 -> 18214 | E13: =ROUND(D13/$E$24,1) -> 9.1 | F13: =ROUND((C13-D13)/$F$24,1) -> 0.6 | G13: =IF(D13/$G$24<1,1,IF(D13/$G$24>1.5,1.5,D13/$G$24)) -> 1.2142667 | H13: =ROUND(E13+F13+G13,1) -> 10.9 | I13: =ROUND(H13*$E$30,1) -> 10040 | J13: =ROUND(I13*0.2,1) -> 2008 | K13: =ROUND(I13+J13,1) -> 12048 | L13: 11777.3 | M13: =ROUND(L13*1.04,1) -> 12248.4 | N13: =K13 -> 12048 | O13: =N13 -> 12048 | P13: =N13 -> 12048 | R13: =K13*1000 -> 12048000 | S13: =R13 -> 12048000 | T13: =S13 -> 12048000
A14: 10 | B14: Лодейнопольский | C14: ='[1]Население на 01.01.2019'!C13 -> 28530 | D14: ='[1]Население на 01.01.2019'!D13 -> 5064 | E14: =ROUND(D14/$E$24,1) -> 2.5 | F14: =ROUND((C14-D14)/$F$24,1) -> 0.2 | G14: =IF(D14/$G$24<1,1,IF(D14/$G$24>1.5,1.5,D14/$G$24)) -> 1 | H14: =ROUND(E14+F14+G14,1) -> 3.7 | I14: =ROUND(H14*$E$30,1) -> 3408.1 | J14: =ROUND(I14*0.2,1) -> 681.6 | K14: =ROUND(I14+J14,1) -> 4089.7 | L14: 4145 | M14: =ROUND(L14*1.04,1) -> 4310.8 | N14: =K14 -> 4089.7 | O14: =N14 -> 4089.7 | P14: =N14 -> 4089.7 | R14: =K14*1000 -> 4089700 | S14: =R14 -> 4089700 | T14: =S14 -> 4089700
A15: 11 | B15: Ломоносовский | C15: ='[1]Население на 01.01.2019'!C14 -> 73475 | D15: ='[1]Население на 01.01.2019'!D14 -> 12156 | E15: =ROUND(D15/$E$24,1) -> 6.1 | F15: =ROUND((C15-D15)/$F$24,1) -> 0.4 | G15: =IF(D15/$G$24<1,1,IF(D15/$G$24>1.5,1.5,D15/$G$24)) -> 1 | H15: =ROUND(E15+F15+G15,1) -> 7.5 | I15: =ROUND(H15*$E$30,1) -> 6908.3 | J15: =ROUND(I15*0.2,1) -> 1381.7 | K15: =ROUND(I15+J15,1) -> 8290 | L15: 7962.8 | M15: =ROUND(L15*1.04,1) -> 8281.3 | N15: =K15 -> 8290 | O15: =N15 -> 8290 | P15: =N15 -> 8290 | R15: =K15*1000 -> 8290000 | S15: =R15 -> 8290000 | T15: =S15 -> 8290000
A16: 12 | B16: Лужский | C16: ='[1]Население на 01.01.2019'!C15 -> 72035 | D16: ='[1]Население на 01.01.2019'!D15 -> 12464 | E16: =ROUND(D16/$E$24,1) -> 6.2 | F16: =ROUND((C16-D16)/$F$24,1) -> 0.4 | G16: =IF(D16/$G$24<1,1,IF(D16/$G$24>1.5,1.5,D16/$G$24)) -> 1 | H16: =ROUND(E16+F16+G16,1) -> 7.6 | I16: =ROUND(H16*$E$30,1) -> 7000.4 | J16: =ROUND(I16*0.2,1) -> 1400.1 | K16: =ROUND(I16+J16,1) -> 8400.5 | L16: 8290.1 | M16: =ROUND(L16*1.04,1) -> 8621.7 | N16: =K16 -> 8400.5 | O16: =N16 -> 8400.5 | P16: =N16 -> 8400.5 | R16: =K16*1000 -> 8400500 | S16: =R16 -> 8400500 | T16: =S16 -> 8400500
A17: 13 | B17: Подпорожский | C17: ='[1]Население на 01.01.2019'!C16 -> 28263 | D17: ='[1]Население на 01.01.2019'!D16 -> 5544 | E17: =ROUND(D17/$E$24,1) -> 2.8 | F17: =ROUND((C17-D17)/$F$24,1) -> 0.2 | G17: =IF(D17/$G$24<1,1,IF(D17/$G$24>1.5,1.5,D17/$G$24)) -> 1 | H17: =ROUND(E17+F17+G17,1) -> 4 | I17: =ROUND(H17*$E$30,1) -> 3684.4 | J17: =ROUND(I17*0.2,1) -> 736.9 | K17: =ROUND(I17+J17,1) -> 4421.3 | L17: 4254.1 | M17: =ROUND(L17*1.04,1) -> 4424.3 | N17: =K17 -> 4421.3 | O17: =N17 -> 4421.3 | P17: =N17 -> 4421.3 | R17: =K17*1000 -> 4421300 | S17: =R17 -> 4421300 | T17: =S17 -> 4421300
A18: 14 | B18: Приозерский | C18: ='[1]Население на 01.01.2019'!C17 -> 61028 | D18: ='[1]Население на 01.01.2019'!D17 -> 10949 | E18: =ROUND(D18/$E$24,1) -> 5.5 | F18: =ROUND((C18-D18)/$F$24,1) -> 0.3 | G18: =IF(D18/$G$24<1,1,IF(D18/$G$24>1.5,1.5,D18/$G$24)) -> 1 | H18: =ROUND(E18+F18+G18,1) -> 6.8 | I18: =ROUND(H18*$E$30,1) -> 6263.5 | J18: =ROUND(I18*0.2,1) -> 1252.7 | K18: =ROUND(I18+J18,1) -> 7516.2 | L18: 7417.4 | M18: =ROUND(L18*1.04,1) -> 7714.1 | N18: =K18 -> 7516.2 | O18: =N18 -> 7516.2 | P18: =N18 -> 7516.2 | R18: =K18*1000 -> 7516200 | S18: =R18 -> 7516200 | T18: =S18 -> 7516200
A19: 15 | B19: Сланцевский | C19: ='[1]Население на 01.01.2019'!C18 -> 42494 | D19: ='[1]Население на 01.01.2019'!D18 -> 7382 | E19: =ROUND(D19/$E$24,1) -> 3.7 | F19: =ROUND((C19-D19)/$F$24,1) -> 0.2 | G19: =IF(D19/$G$24<1,1,IF(D19/$G$24>1.5,1.5,D19/$G$24)) -> 1 | H19: =ROUND(E19+F19+G19,1) -> 4.9 | I19: =ROUND(H19*$E$30,1) -> 4513.4 | J19: =ROUND(I19*0.2,1) -> 902.7 | K19: =ROUND(I19+J19,1) -> 5416.1 | L19: 5344.9 | M19: =ROUND(L19*1.04,1) -> 5558.7 | N19: =K19 -> 5416.1 | O19: =N19 -> 5416.1 | P19: =N19 -> 5416.1 | R19: =K19*1000 -> 5416100 | S19: =R19 -> 5416100 | T19: =S19 -> 5416100
A20: 16 | B20: Тихвинский | C20: ='[1]Население на 01.01.2019'!C19 -> 69567 | D20: ='[1]Население на 01.01.2019'!D19 -> 13472 | E20: =ROUND(D20/$E$24,1) -> 6.7 | F20: =ROUND((C20-D20)/$F$24,1) -> 0.4 | G20: =IF(D20/$G$24<1,1,IF(D20/$G$24>1.5,1.5,D20/$G$24)) -> 1 | H20: =ROUND(E20+F20+G20,1) -> 8.1 | I20: =ROUND(H20*$E$30,1) -> 7460.9 | J20: =ROUND(I20*0.2,1) -> 1492.2 | K20: =ROUND(I20+J20,1) -> 8953.1 | L20: 8835.5 | M20: =ROUND(L20*1.04,1) -> 9188.9 | N20: =K20 -> 8953.1 | O20: =N20 -> 8953.1 | P20: =N20 -> 8953.1 | R20: =K20*1000 -> 8953100 | S20: =R20 -> 8953100 | T20: =S20 -> 8953100
... A22: 18 | B22: Сосновоборский | C22: ='[1]Население на 01.01.2019'!C21 -> 68344 | D22: ='[1]Население на 01.01.2019'!D21 -> 12146 | E22: =ROUND(D22/$E$24,1) -> 6.1 | F22: =ROUND((C22-D22)/$F$24,1) -> 0.4 | G22: =IF(D22/$G$24<1,1,IF(D22/$G$24>1.5,1.5,D22/$G$24)) -> 1 | H22: =ROUND(E22+F22+G22,1) -> 7.5 | I22: =ROUND(H22*$E$30,1) -> 6908.3 | J22: =ROUND(I22*0.2,1) -> 1381.7 | K22: =ROUND(I22+J22,1) -> 8290 | L22: 8071.9 | M22: =ROUND(L22*1.04,1) -> 8394.8 | N22: =K22 -> 8290 | O22: =N22 -> 8290 | P22: =N22 -> 8290 | R22: =K22*1000 -> 8290000 | S22: =R22 -> 8290000 | T22: =S22 -> 8290000
B23: ИТОГО: | C23: =SUM(C5:C22) -> 1847867 | D23: =SUM(D5:D22) -> 334008 | E23: =SUM(E5:E22) -> 166.8 | F23: =SUM(F5:F22) -> 10.1 | G23: =SUM(G5:G22) -> 20.133 | H23: =SUM(H5:H22) -> 197 | I23: =SUM(I5:I22) -> 181457 | J23: =SUM(J5:J22) -> 36291.6 | ... P23: =SUM(P5:P22) -> 217748.6 | R23: =SUM(R5:R22) -> 217748600 | S23: =SUM(S5:S22) -> 217748600 | T23: =SUM(T5:T22) -> 217748600
E24: 2000 | F24: 150000 | G24: 15000 | K24: =K23/L23-100% -> 0.043295984 | M24: =M23/L23-100% -> 0.040000537
A25: 1 | B25: 2 | C25: 3 | D25: 4 | E25: 5 | F25: 6 | G25: 7 | H25: 8 | I25: 9 | J25: 10 | K25: 11 | L25: 13
C26: 1775540
B27: оклад специалиста 1 категории | E27: =ROUND(4700*1.1*1.1*1.1*1.1*1.06*1.06*1.1*1.06*1.06*1.1*1.06*1.04*1.04*1.04,1) -> 12533.8
B28: кол-во должностных окладов в год | E28: 55.7
B29: начисления | E29: 1.302
B30: средства на оплату труда с начислениями на год, тыс. руб. | E30: 921.1 | F30: =ROUND((E27*E28*E29)/1000*1.2,1) -> 1090.8 | G30: норматив на одного | H30: 9940 | I30: 909 | J30: =I30*8 -> 7272
H31: 10340 | I31: 945.3 | J31: =I31*4 -> 3781.2
J32: =SUM(J30:J31)/12 -> 921.1
D34: 2018 | E34: 2019 | F34: 2020
D35: 11588.2 | E35: 12051.7 | F35: 12533.8

Sheet Вознаграждение 
W1: Приложение 43 к пояснительной записке 2021 года
A3: Расчет объема субвенций бюджетам муниципальных образований на осуществление отдельного государственного полномочия Ленинградской области по организации выплаты вознаграждения, причитающегося приемным родителям, на 2021 год и на плановый период 2022 и 2023 годов | AK3: уточненные на июнь 2020
A5: №№ | B5: Наименование МО | C5: Количество приемных семей (с учетом ранее созданных) | D5: из них с разбивкой по количеству приемных детей в семье | M5: в том числе количество детей-инвалидов пр.категорий | N5: Количество детей в приемных семьях (без учета родных детей) -всего | O5: Размер прожиточного минимума | P5: Потребность в месяц, тыс. руб. | Q5: Начисления (27,1%) | R5: Потребность в средствах на 2021 год, тыс.руб. | S5: Утверждено в областном законе на 2020 год | T5: 4 % к 2020г | U5: в проект бюджета на 2021-2023 гг, тыс.руб. | X5: Количество приемных семей (с учетом ранее созданных) в 2020 году | Y5: Динамика численности | AF5: Количество приемных семей (с учетом ранее созданных) | AG5: из них с разбивкой по количеству приемных детей в семье | AO5: в том числе количество детей-инвалидов пр.категорий | AP5: Количество детей в приемных семьях (без учета родных детей) -всего
D6: 1 | E6: 2 | F6: 3 | G6: 4 | H6: 5 | I6: 6 | J6: 7 | K6: 8 | L6: Было на 2020 год | O6: на 1 квартал 2020 года | P6: ФОТ | U6: 2021 | V6: 2022 | W6: 2023 | AA6: в АЦК | AG6: 1 | AH6: 2 | AI6: 3 | AJ6: 4 | AK6: 5 | AL6: 6 | AM6: 7 | AN6: 8
A7: 1 | B7: Бокситогорский | C7: =SUM(D7:K7) -> 59 | D7: 45 | E7: 10 | F7: 2 | G7: 1 | H7: 1 | L7: 61 | M7: 7 | N7: =D7*$D$6+E7*$E$6+F7*$F$6+G7*$G$6+H7*$H$6+I7*$I$6+J7*$J$6+K7*$K$6 -> 80 | O7: 12060 | P7: =D7*$D$28+E7*$E$28+F7*$F$28+G7*$G$28+H7*$H$28+I7*$I$28+J7*$J$28+K7*$K$28+M7*O7/1000 -> 855.42 | Q7: =P7*0.271 -> 231.81882 | R7: =ROUND((P7+Q7)*12,1) -> 13046.9 | S7: 14240.5 | T7: =ROUND(S7*1.04,1) -> 14810.1 | U7: =R7 -> 13046.9 | V7: =U7 -> 13046.9 | W7: =V7 -> 13046.9 | X7: 61 | Y7: =C7-X7 -> -2 | AA7: =U7*1000 -> 13046900 | AB7: =AA7 -> 13046900 | AC7: =AB7 -> 13046900 | AF7: =SUM(AG7:AN7) -> 61 | AG7: 45 | AH7: 10 | AI7: 3 | AJ7: 2 | AK7: 1 | AO7: 11 | AP7: =AG7*$D$6+AH7*$E$6+AI7*$F$6+AJ7*$G$6+AK7*$H$6+AL7*$I$6+AM7*$J$6+AN7*$K$6 -> 87
A8: 2 | B8: Волосовский | C8: =SUM(D8:K8) -> 35 | D8: 24 | E8: 8 | F8: 3 | L8: 37 | M8: 7 | N8: =D8*$D$6+E8*$E$6+F8*$F$6+G8*$G$6+H8*$H$6+I8*$I$6+J8*$J$6+K8*$K$6 -> 49 | O8: 12060 | P8: =D8*$D$28+E8*$E$28+F8*$F$28+G8*$G$28+H8*$H$28+I8*$I$28+J8*$J$28+K8*$K$28+M8*O8/1000 -> 546.42 | Q8: =P8*0.271 -> 148.07982 | R8: =ROUND((P8+Q8)*12,1) -> 8334 | S8: 7504 | T8: =ROUND(S8*1.04,1) -> 7804.2 | U8: =R8 -> 8334 | V8: =U8 -> 8334 | W8: =V8 -> 8334 | X8: 37 | Y8: =C8-X8 -> -2 | AA8: =U8*1000 -> 8334000 | AB8: =AA8 -> 8334000 | AC8: =AB8 -> 8334000 | AF8: =SUM(AG8:AN8) -> 37 | AG8: 24 | AH8: 10 | AI8: 3 | AO8: 0 | AP8: =AG8*$D$6+AH8*$E$6+AI8*$F$6+AJ8*$G$6+AK8*$H$6+AL8*$I$6+AM8*$J$6+AN8*$K$6 -> 53
A9: 3 | B9: Волховский | C9: =SUM(D9:K9) -> 57 | D9: 44 | E9: 9 | F9: 3 | G9: 1 | L9: 66 | M9: 25 | N9: =D9*$D$6+E9*$E$6+F9*$F$6+G9*$G$6+H9*$H$6+I9*$I$6+J9*$J$6+K9*$K$6 -> 75 | O9: 12060 | P9: =D9*$D$28+E9*$E$28+F9*$F$28+G9*$G$28+H9*$H$28+I9*$I$28+J9*$J$28+K9*$K$28+M9*O9/1000 -> 1039.5 | Q9: =P9*0.271 -> 281.7045 | R9: =ROUND((P9+Q9)*12,1) -> 15854.5 | S9: 17670.8 | T9: =ROUND(S9*1.04,1) -> 18377.6 | U9: =R9 -> 15854.5 | V9: =U9 -> 15854.5 | W9: =V9 -> 15854.5 | X9: 66 | Y9: =C9-X9 -> -9 | AA9: =U9*1000 -> 15854500 | AB9: =AA9 -> 15854500 | AC9: =AB9 -> 15854500 | AF9: =SUM(AG9:AN9) -> 66 | AG9: 53 | AH9: 8 | AI9: 3 | AJ9: 1 | AK9: 1 | AL9: 0 | AM9: 0 | AN9: 0 | AO9: 27 | AP9: =AG9*$D$6+AH9*$E$6+AI9*$F$6+AJ9*$G$6+AK9*$H$6+AL9*$I$6+AM9*$J$6+AN9*$K$6 -> 87
A10: 4 | B10: Всеволожский | C10: =SUM(D10:K10) -> 182 | D10: 134 | E10: 32 | F10: 12 | G10: 3 | H10: 1 | L10: 152 | M10: 102 | N10: =D10*$D$6+E10*$E$6+F10*$F$6+G10*$G$6+H10*$H$6+I10*$I$6+J10*$J$6+K10*$K$6 -> 251 | O10: 12060 | P10: =D10*$D$28+E10*$E$28+F10*$F$28+G10*$G$28+H10*$H$28+I10*$I$28+J10*$J$28+K10*$K$28+M10*O10/1000 -> 3621.12 | Q10: =P10*0.271 -> 981.32352 | R10: =ROUND((P10+Q10)*12,1) -> 55229.3 | S10: 44032.6 | T10: =ROUND(S10*1.04,1) -> 45793.9 | U10: =R10 -> 55229.3 | V10: =U10 -> 55229.3 | W10: =V10 -> 55229.3 | X10: 152 | Y10: =C10-X10 -> 30 | AA10: =U10*1000 -> 55229300 | AB10: =AA10 -> 55229300 | AC10: =AB10 -> 55229300 | AF10: =SUM(AG10:AN10) -> 152 | AG10: 117 | AH10: 27 | AI10: 5 | AJ10: 2 | AK10: 1 | AO10: 82 | AP10: =AG10*$D$6+AH10*$E$6+AI10*$F$6+AJ10*$G$6+AK10*$H$6+AL10*$I$6+AM10*$J$6+AN10*$K$6 -> 199
A11: 5 | B11: Выборгский | C11: =SUM(D11:K11) -> 89 | D11: 68 | E11: 12 | F11: 7 | G11: 2 | L11: 86 | M11: 40 | N11: =D11*$D$6+E11*$E$6+F11*$F$6+G11*$G$6+H11*$H$6+I11*$I$6+J11*$J$6+K11*$K$6 -> 121 | O11: 12060 | P11: =D11*$D$28+E11*$E$28+F11*$F$28+G11*$G$28+H11*$H$28+I11*$I$28+J11*$J$28+K11*$K$28+M11*O11/1000 -> 1646.4 | Q11: =P11*0.271 -> 446.1744 | R11: =ROUND((P11+Q11)*12,1) -> 25110.9 | S11: 21571.6 | T11: =ROUND(S11*1.04,1) -> 22434.5 | U11: =R11 -> 25110.9 | V11: =U11 -> 25110.9 | W11: =V11 -> 25110.9 | X11: 86 | Y11: =C11-X11 -> 3 | AA11: =U11*1000 -> 25110900 | AB11: =AA11 -> 25110900 | AC11: =AB11 -> 25110900 | AF11: =SUM(AG11:AN11) -> 86 | AG11: 65 | AH11: 14 | AI11: 5 | AJ11: 2 | AO11: 26 | AP11: =AG11*$D$6+AH11*$E$6+AI11*$F$6+AJ11*$G$6+AK11*$H$6+AL11*$I$6+AM11*$J$6+AN11*$K$6 -> 116
A12: 6 | B12: Гатчинский | C12: =SUM(D12:K12) -> 76 | D12: 32 | E12: 18 | F12: 10 | G12: 6 | H12: 4 | I12: 3 | J12: 0 | K12: 3 | L12: 65 | M12: 85 | N12: =D12*$D$6+E12*$E$6+F12*$F$6+G12*$G$6+H12*$H$6+I12*$I$6+J12*$J$6+K12*$K$6 -> 184 | O12: 12060 | P12: =D12*$D$28+E12*$E$28+F12*$F$28+G12*$G$28+H12*$H$28+I12*$I$28+J12*$J$28+K12*$K$28+M12*O12/1000 -> 2261.1 | Q12: =P12*0.271 -> 612.7581 | R12: =ROUND((P12+Q12)*12,1) -> 34486.3 | S12: 26601.4 | T12: =ROUND(S12*1.04,1) -> 27665.5 | U12: =R12 -> 34486.3 | V12: =U12 -> 34486.3 | W12: =V12 -> 34486.3 | X12: 65 | Y12: =C12-X12 -> 11 | AA12: =U12*1000 -> 34486300 | AB12: =AA12 -> 34486300 | AC12: =AB12 -> 34486300 | AF12: =SUM(AG12:AN12) -> 65 | AG12: 26 | AH12: 18 | AI12: 8 | AJ12: 5 | AK12: 3 | AL12: 3 | AM12: 1 | AN12: 1 | AO12: 62 | AP12: =AG12*$D$6+AH12*$E$6+AI12*$F$6+AJ12*$G$6+AK12*$H$6+AL12*$I$6+AM12*$J$6+AN12*$K$6 -> 154
A13: 7 | B13: Кингисеппский | C13: =SUM(D13:K13) -> 27 | D13: 22 | E13: 3 | F13: 2 | L13: 25 | M13: 16 | N13: =D13*$D$6+E13*$E$6+F13*$F$6+G13*$G$6+H13*$H$6+I13*$I$6+J13*$J$6+K13*$K$6 -> 34 | O13: 12060 | P13: =D13*$D$28+E13*$E$28+F13*$F$28+G13*$G$28+H13*$H$28+I13*$I$28+J13*$J$28+K13*$K$28+M13*O13/1000 -> 537.96 | Q13: =P13*0.271 -> 145.78716 | R13: =ROUND((P13+Q13)*12,1) -> 8205 | S13: 7125.3 | T13: =ROUND(S13*1.04,1) -> 7410.3 | U13: =R13 -> 8205 | V13: =U13 -> 8205 | W13: =V13 -> 8205 | X13: 25 | Y13: =C13-X13 -> 2 | AA13: =U13*1000 -> 8205000 | AB13: =AA13 -> 8205000 | AC13: =AB13 -> 8205000 | AF13: =SUM(AG13:AN13) -> 25 | AG13: 20 | AH13: 3 | AI13: 2 | AJ13: 0 | AO13: 13 | AP13: =AG13*$D$6+AH13*$E$6+AI13*$F$6+AJ13*$G$6+AK13*$H$6+AL13*$I$6+AM13*$J$6+AN13*$K$6 -> 32
A14: 8 | B14: Киришский | C14: =SUM(D14:K14) -> 46 | D14: 36 | E14: 8 | F14: 1 | K14: 1 | L14: 42 | M14: 18 | N14: =D14*$D$6+E14*$E$6+F14*$F$6+G14*$G$6+H14*$H$6+I14*$I$6+J14*$J$6+K14*$K$6 -> 63 | O14: 12060 | P14: =D14*$D$28+E14*$E$28+F14*$F$28+G14*$G$28+H14*$H$28+I14*$I$28+J14*$J$28+K14*$K$28+M14*O14/1000 -> 820.08 | Q14: =P14*0.271 -> 222.24168 | R14: =ROUND((P14+Q14)*12,1) -> 12507.9 | S14: 8533.3 | T14: =ROUND(S14*1.04,1) -> 8874.6 | U14: =R14 -> 12507.9 | V14: =U14 -> 12507.9 | W14: =V14 -> 12507.9 | X14: 42 | Y14: =C14-X14 -> 4 | AA14: =U14*1000 -> 12507900 | AB14: =AA14 -> 12507900 | AC14: =AB14 -> 12507900 | AF14: =SUM(AG14:AN14) -> 42 | AG14: 35 | AH14: 6 | AL14: 1 | AO14: 2 | AP14: =AG14*$D$6+AH14*$E$6+AI14*$F$6+AJ14*$G$6+AK14*$H$6+AL14*$I$6+AM14*$J$6+AN14*$K$6 -> 53
A15: 9 | B15: Кировский | C15: =SUM(D15:K15) -> 25 | D15: 19 | E15: 5 | F15: 1 | L15: 25 | M15: 3 | N15: =D15*$D$6+E15*$E$6+F15*$F$6+G15*$G$6+H15*$H$6+I15*$I$6+J15*$J$6+K15*$K$6 -> 32 | O15: 12060 | P15: =D15*$D$28+E15*$E$28+F15*$F$28+G15*$G$28+H15*$H$28+I15*$I$28+J15*$J$28+K15*$K$28+M15*O15/1000 -> 357.18 | Q15: =P15*0.271 -> 96.79578 | R15: =ROUND((P15+Q15)*12,1) -> 5447.7 | S15: 4804.4 | T15: =ROUND(S15*1.04,1) -> 4996.6 | U15: =R15 -> 5447.7 | V15: =U15 -> 5447.7 | W15: =V15 -> 5447.7 | X15: 25 | Y15: =C15-X15 -> 0 | AA15: =U15*1000 -> 5447700 | AB15: =AA15 -> 5447700 | AC15: =AB15 -> 5447700 | AF15: =SUM(AG15:AN15) -> 25 | AG15: 21 | AH15: 3 | AI15: 1 | AO15: 0 | AP15: =AG15*$D$6+AH15*$E$6+AI15*$F$6+AJ15*$G$6+AK15*$H$6+AL15*$I$6+AM15*$J$6+AN15*$K$6 -> 30
A16: 10 | B16: Лодейнопольский | C16: =SUM(D16:K16) -> 48 | D16: 35 | E16: 12 | K16: 1 | L16: 33 | M16: 15 | N16: =D16*$D$6+E16*$E$6+F16*$F$6+G16*$G$6+H16*$H$6+I16*$I$6+J16*$J$6+K16*$K$6 -> 67 | O16: 12060 | P16: =D16*$D$28+E16*$E$28+F16*$F$28+G16*$G$28+H16*$H$28+I16*$I$28+J16*$J$28+K16*$K$28+M16*O16/1000 -> 813.9 | Q16: =P16*0.271 -> 220.5669 | R16: =ROUND((P16+Q16)*12,1) -> 12413.6 | S16: 8018.1 | T16: =ROUND(S16*1.04,1) -> 8338.8 | U16: =R16 -> 12413.6 | V16: =U16 -> 12413.6 | W16: =V16 -> 12413.6 | X16: 33 | Y16: =C16-X16 -> 15 | AA16: =U16*1000 -> 12413600 | AB16: =AA16 -> 12413600 | AC16: =AB16 -> 12413600 | AF16: =SUM(AG16:AN16) -> 33 | AG16: 22 | AH16: 10 | AN16: 1 | AO16: 7 | AP16: =AG16*$D$6+AH16*$E$6+AI16*$F$6+AJ16*$G$6+AK16*$H$6+AL16*$I$6+AM16*$J$6+AN16*$K$6 -> 50
A17: 11 | B17: Ломоносовский | C17: =SUM(D17:K17) -> 31 | D17: 19 | E17: 9 | F17: 1 | G17: 2 | L17: 23 | M17: 8 | N17: =D17*$D$6+E17*$E$6+F17*$F$6+G17*$G$6+H17*$H$6+I17*$I$6+J17*$J$6+K17*$K$6 -> 48 | O17: 12060 | P17: =D17*$D$28+E17*$E$28+F17*$F$28+G17*$G$28+H17*$H$28+I17*$I$28+J17*$J$28+K17*$K$28+M17*O17/1000 -> 519.48 | Q17: =P17*0.271 -> 140.77908 | R17: =ROUND((P17+Q17)*12,1) -> 7923.1 | S17: 5661.8 | T17: =ROUND(S17*1.04,1) -> 5888.3 | U17: =R17 -> 7923.1 | V17: =U17 -> 7923.1 | W17: =V17 -> 7923.1 | X17: 23 | Y17: =C17-X17 -> 8 | AA17: =U17*1000 -> 7923100 | AB17: =AA17 -> 7923100 | AC17: =AB17 -> 7923100 | AF17: =SUM(AG17:AN17) -> 23 | AG17: 14 | AH17: 6 | AI17: 2 | AJ17: 1 | AO17: 5 | AP17: =AG17*$D$6+AH17*$E$6+AI17*$F$6+AJ17*$G$6+AK17*$H$6+AL17*$I$6+AM17*$J$6+AN17*$K$6 -> 36
A18: 12 | B18: Лужский | C18: =SUM(D18:K18) -> 95 | D18: 63 | E18: 25 | F18: 4 | G18: 3 | L18: 86 | M18: 5 | N18: =D18*$D$6+E18*$E$6+F18*$F$6+G18*$G$6+H18*$H$6+I18*$I$6+J18*$J$6+K18*$K$6 -> 137 | O18: 12060 | P18: =D18*$D$28+E18*$E$28+F18*$F$28+G18*$G$28+H18*$H$28+I18*$I$28+J18*$J$28+K18*$K$28+M18*O18/1000 -> 1326.3 | Q18: =P18*0.271 -> 359.4273 | R18: =ROUND((P18+Q18)*12,1) -> 20228.7 | S18: 17295.8 | T18: =ROUND(S18*1.04,1) -> 17987.6 | U18: =R18 -> 20228.7 | V18: =U18 -> 20228.7 | W18: =V18 -> 20228.7 | X18: 86 | Y18: =C18-X18 -> 9 | AA18: =U18*1000 -> 20228700 | AB18: =AA18 -> 20228700 | AC18: =AB18 -> 20228700 | AF18: =SUM(AG18:AN18) -> 86 | AG18: 60 | AH18: 21 | AI18: 3 | AJ18: 1 | AK18: 1 | AO18: 0 | AP18: =AG18*$D$6+AH18*$E$6+AI18*$F$6+AJ18*$G$6+AK18*$H$6+AL18*$I$6+AM18*$J$6+AN18*$K$6 -> 120
A19: 13 | B19: Подпорожский | C19: =SUM(D19:K19) -> 33 | D19: 24 | E19: 5 | F19: 1 | H19: 1 | I19: 1 | J19: 1 | L19: 28 | M19: 35 | N19: =D19*$D$6+E19*$E$6+F19*$F$6+G19*$G$6+H19*$H$6+I19*$I$6+J19*$J$6+K19*$K$6 -> 55 | O19: 12060 | P19: =D19*$D$28+E19*$E$28+F19*$F$28+G19*$G$28+H19*$H$28+I19*$I$28+J19*$J$28+K19*$K$28+M19*O19/1000 -> 884.1 | Q19: =P19*0.271 -> 239.5911 | R19: =ROUND((P19+Q19)*12,1) -> 13484.3 | S19: 10715.9 | T19: =ROUND(S19*1.04,1) -> 11144.5 | U19: =R19 -> 13484.3 | V19: =U19 -> 13484.3 | W19: =V19 -> 13484.3 | X19: 28 | Y19: =C19-X19 -> 5 | AA19: =U19*1000 -> 13484300 | AB19: =AA19 -> 13484300 | AC19: =AB19 -> 13484300 | AF19: =SUM(AG19:AN19) -> 28 | AG19: 19 | AH19: 5 | AI19: 1 | AJ19: 1 | AL19: 1 | AM19: 1 | AO19: 27 | AP19: =AG19*$D$6+AH19*$E$6+AI19*$F$6+AJ19*$G$6+AK19*$H$6+AL19*$I$6+AM19*$J$6+AN19*$K$6 -> 49
A20: 14 | B20: Приозерский | C20: =SUM(D20:K20) -> 37 | D20: 32 | E20: 3 | F20: 1 | H20: 1 | L20: 39 | M20: 19 | N20: =D20*$D$6+E20*$E$6+F20*$F$6+G20*$G$6+H20*$H$6+I20*$I$6+J20*$J$6+K20*$K$6 -> 46 | O20: 12060 | P20: =D20*$D$28+E20*$E$28+F20*$F$28+G20*$G$28+H20*$H$28+I20*$I$28+J20*$J$28+K20*$K$28+M20*O20/1000 -> 700.14 | Q20: =P20*0.271 -> 189.73794 | R20: =ROUND((P20+Q20)*12,1) -> 10678.5 | S20: 11802.9 | T20: =ROUND(S20*1.04,1) -> 12275 | U20: =R20 -> 10678.5 | V20: =U20 -> 10678.5 | W20: =V20 -> 10678.5 | X20: 39 | Y20: =C20-X20 -> -2 | AA20: =U20*1000 -> 10678500 | AB20: =AA20 -> 10678500 | AC20: =AB20 -> 10678500 | AF20: =SUM(AG20:AN20) -> 39 | AG20: 31 | AH20: 6 | AI20: 1 | AK20: 1 | AO20: 24 | AP20: =AG20*$D$6+AH20*$E$6+AI20*$F$6+AJ20*$G$6+AK20*$H$6+AL20*$I$6+AM20*$J$6+AN20*$K$6 -> 51
A21: 15 | B21: Сланцевский | C21: =SUM(D21:K21) -> 25 | D21: 9 | E21: 10 | F21: 4 | G21: 1 | H21: 1 | L21: 31 | M21: 27 | N21: =D21*$D$6+E21*$E$6+F21*$F$6+G21*$G$6+H21*$H$6+I21*$I$6+J21*$J$6+K21*$K$6 -> 50 | O21: 12060 | P21: =D21*$D$28+E21*$E$28+F21*$F$28+G21*$G$28+H21*$H$28+I21*$I$28+J21*$J$28+K21*$K$28+M21*O21/1000 -> 700.62 | Q21: =P21*0.271 -> 189.86802 | R21: =ROUND((P21+Q21)*12,1) -> 10685.9 | S21: 12522.7 | T21: =ROUND(S21*1.04,1) -> 13023.6 | U21: =R21 -> 10685.9 | V21: =U21 -> 10685.9 | W21: =V21 -> 10685.9 | X21: 31 | Y21: =C21-X21 -> -6 | AA21: =U21*1000 -> 10685900 | AB21: =AA21 -> 10685900 | AC21: =AB21 -> 10685900 | AF21: =SUM(AG21:AN21) -> 31 | AG21: 15 | AH21: 10 | AI21: 3 | AJ21: 2 | AK21: 1 | AO21: 33 | AP21: =AG21*$D$6+AH21*$E$6+AI21*$F$6+AJ21*$G$6+AK21*$H$6+AL21*$I$6+AM21*$J$6+AN21*$K$6 -> 57
A22: 16 | B22: Тихвинский | C22: =SUM(D22:K22) -> 52 | D22: 44 | E22: 5 | F22: 3 | L22: 48 | M22: 28 | N22: =D22*$D$6+E22*$E$6+F22*$F$6+G22*$G$6+H22*$H$6+I22*$I$6+J22*$J$6+K22*$K$6 -> 63 | O22: 12060 | P22: =D22*$D$28+E22*$E$28+F22*$F$28+G22*$G$28+H22*$H$28+I22*$I$28+J22*$J$28+K22*$K$28+M22*O22/1000 -> 994.68 | Q22: =P22*0.271 -> 269.55828 | R22: =ROUND((P22+Q22)*12,1) -> 15170.9 | S22: 13232.8 | T22: =ROUND(S22*1.04,1) -> 13762.1 | U22: =R22 -> 15170.9 | V22: =U22 -> 15170.9 | W22: =V22 -> 15170.9 | X22: 48 | Y22: =C22-X22 -> 4 | AA22: =U22*1000 -> 15170900 | AB22: =AA22 -> 15170900 | AC22: =AB22 -> 15170900 | AF22: =SUM(AG22:AN22) -> 48 | AG22: 40 | AH22: 5 | AI22: 3 | AO22: 23 | AP22: =AG22*$D$6+AH22*$E$6+AI22*$F$6+AJ22*$G$6+AK22*$H$6+AL22*$I$6+AM22*$J$6+AN22*$K$6 -> 59
A23: 17 | B23: Тосненский | C23: =SUM(D23:K23) -> 44 | D23: 30 | E23: 9 | F23: 1 | G23: 3 | I23: 1 | L23: 45 | M23: 30 | N23: =D23*$D$6+E23*$E$6+F23*$F$6+G23*$G$6+H23*$H$6+I23*$I$6+J23*$J$6+K23*$K$6 -> 69 | O23: 12060 | P23: =D23*$D$28+E23*$E$28+F23*$F$28+G23*$G$28+H23*$H$28+I23*$I$28+J23*$J$28+K23*$K$28+M23*O23/1000 -> 964.8 | Q23: =P23*0.271 -> 261.4608 | R23: =ROUND((P23+Q23)*12,1) -> 14715.1 | S23: 14010.3 | T23: =ROUND(S23*1.04,1) -> 14570.7 | U23: =R23 -> 14715.1 | V23: =U23 -> 14715.1 | W23: =V23 -> 14715.1 | X23: 45 | Y23: =C23-X23 -> -1 | AA23: =U23*1000 -> 14715100 | AB23: =AA23 -> 14715100 | AC23: =AB23 -> 14715100 | AF23: =SUM(AG23:AN23) -> 45 | AG23: 31 | AH23: 10 | AJ23: 2 | AK23: 1 | AL23: 1 | AO23: 27 | AP23: =AG23*$D$6+AH23*$E$6+AI23*$F$6+AJ23*$G$6+AK23*$H$6+AL23*$I$6+AM23*$J$6+AN23*$K$6 -> 70
A24: 18 | B24: Сосновоборский | C24: =SUM(D24:K24) -> 17 | D24: 9 | E24: 4 | F24: 2 | G24: 1 | K24: 1 | L24: 19 | M24: 13 | N24: =D24*$D$6+E24*$E$6+F24*$F$6+G24*$G$6+H24*$H$6+I24*$I$6+J24*$J$6+K24*$K$6 -> 35 | O24: 12060 | P24: =D24*$D$28+E24*$E$28+F24*$F$28+G24*$G$28+H24*$H$28+I24*$I$28+J24*$J$28+K24*$K$28+M24*O24/1000 -> 414.78 | Q24: =P24*0.271 -> 112.40538 | R24: =ROUND((P24+Q24)*12,1) -> 6326.2 | S24: 5890.3 | T24: =ROUND(S24*1.04,1) -> 6125.9 | U24: =R24 -> 6326.2 | V24: =U24 -> 6326.2 | W24: =V24 -> 6326.2 | X24: 19 | Y24: =C24-X24 -> -2 | AA24: =U24*1000 -> 6326200 | AB24: =AA24 -> 6326200 | AC24: =AB24 -> 6326200 | AF24: =SUM(AG24:AN24) -> 19 | AG24: 9 | AH24: 6 | AI24: 3 | AN24: 1 | AO24: 9 | AP24: =AG24*$D$6+AH24*$E$6+AI24*$F$6+AJ24*$G$6+AK24*$H$6+AL24*$I$6+AM24*$J$6+AN24*$K$6 -> 38
A25: 19 | B25: ВСЕГО | C25: =SUM(C7:C24) -> 978 | D25: =SUM(D7:D24) -> 689 | E25: =SUM(E7:E24) -> 187 | F25: =SUM(F7:F24) -> 58 | G25: =SUM(G7:G24) -> 23 | H25: =SUM(H7:H24) -> 9 | I25: =SUM(I7:I24) -> 5 | J25: =SUM(J7:J24) -> 1 | ... N25: =SUM(N7:N24) -> 1459 | O25: 6580 | P25: =SUM(P7:P24) -> 19003.98 | Q25: =SUM(Q7:Q24) -> 5150.0786 | R25: =SUM(R7:R24) -> 289848.8 | S25: =SUM(S7:S24) -> 251234.5 | T25: =SUM(T7:T24) -> 261283.8 | U25: =SUM(U7:U24) -> 289848.8 | V25: =SUM(V7:V24) -> 289848.8 | W25: =SUM(W7:W24) -> 289848.8 | ... Y25: =SUM(Y7:Y24) -> 67 | AA25: =SUM(AA7:AA24) -> 289848800 | AB25: =SUM(AB7:AB24) -> 289848800 | AC25: =SUM(AC7:AC24) -> 289848800 | AF25: =SUM(AF7:AF24) -> 911 | AP25: =SUM(AP7:AP24) -> 1341
A26: 1 | B26: 2 | C26: 3 | D26: 4 | E26: 5 | F26: 6 | G26: 7 | H26: 8 | I26: 9 | J26: 10 | K26: 11 | L26: 12 | M26: 13 | N26: 14 | O26: 15 | P26: 16 | Q26: 17 | R26: =R25/S25-100% -> 0.15369824 | T26: =T25/S25-100% -> 0.039999682 | AF26: =C25-AF25 -> 67 | AG26: =D25-AG25 -> 689 | AH26: =E25-AH25 -> 187 | AI26: =F25-AI25 -> 58 | AJ26: =G25-AJ25 -> 23 | AK26: =H25-AK25 -> 9 | AL26: =I25-AL25 -> 5 | AM26: =J25-AM25 -> 1 | AN26: =K25-AN25 -> 6 | AO26: =M25-AO25 -> 483 | AP26: =M25-AP25 -> -858
A27: 1 | B27: 2 | C27: 3 | D27: 4 | E27: 5 | F27: 6 | G27: 7 | H27: 8 | I27: 9 | J27: 10 | K27: 11 | L27: 12 | M27: 13 | N27: 14 | O27: 15 | P27: 16 | Q27: 17 | R27: 18 | S27: 21 | X27: 23 | Y27: 24
B28: Планируемый размер вознаграждения, причитающееся приемному родителю, тыс. руб. | D28: 12 | E28: 15 | F28: 18 | G28: 21 | H28: 24 | I28: 27 | J28: 30 | K28: 33

Sheet Единовре_ФБ (проект)
A1: РАСЧЕТ ОБЪЕМА СУБВЕНЦИИ БЮДЖЕТАМ МУНИЦИПАЛЬНЫХ ОБРАЗОВАНИЙ НА ОСУЩЕСТВЛЕНИЕ ОТДЕЛЬНЫХ ГОСУДАРСТВЕННЫХ ПОЛНОМОЧИЙ ЛЕНИНГРАДСКОЙ ОБЛАСТИ ПО ВЫПЛАТЕ ЕДИНОВРЕМЕННОГО ПОСОБИЯ ПРИ ВСЕХ ФОРМАХ УСТРОЙСТВА ДЕТЕЙ, ЛИШЕННЫХ РОДИТЕЛЬСКОГО ПОПЕЧЕНИЯ, В СЕМЬЮ НА 2021 ГОД
B2: 5335260 | M2: 1000
A3: № | B3: Наименование муниципальных районов и городского поселения | C3: Всего устраиваемых детей в семью | D3: Общее количество детей-сирот и детей, оставшихся без попечения родителей, устраиваемых в семью | G3: Размер единовременного пособия при всех формах устройства детей, лишенного родительского попечения, в семью, руб. | H3: Итого на 2021 год, тыс.руб. | I3: Для получения единовременной выплаты при усыновлении детей-инвалидов, детей, старше семи лет, а также братьев и сестер | J3: Всего, планируемых к устройству в семью человек | K3: Размер единовременной выплаты, руб. | L3: Итого | M3: Общая потребность в средствах на 2021 год, руб. | N3: Утверждено в областном законе на 2020 год | O3: Утверждено в областном законе на 2021 год | P3: проект распределения ассигнований на 2021 | Q3: Утверждено в областном законе на 2022 год | R3: проект распределения ассигнований на 2022 | S3: проект распределения ассигнований на 2023 | T3: в проект бюджета на 2021-2023гг | AC3: Всего устраиваемых детей в семью, 2020 | AD3: Общее количество детей-сирот и детей, оставшихся без попечения родителей, устраиваемых в семью
D4: под опеку (попечительство) | E4: в приемную семью | F4: Усыновляемых | T4: 2021 | U4: 2022 | V4: 2023 | X4: в АЦК | AD4: под опеку (попечительство) | AE4: в приемную семью | AF4: Усыновляемых | AG4: изменения
A5: 1 | B5: Бокситогорский | C5: =D5+E5+F5 -> 15 | D5: 10 | E5: 5 | G5: 18869.72 | H5: =ROUND(C5*G5/1000,1) -> 283 | I5: 0 | J5: =I5+C5 -> 15 | K5: 144180 | L5: =ROUND(K5*I5/1000,1) -> 0 | M5: =ROUND((L5+H5),1)*$M$2 -> 283000 | N5: 405.3 | O5: 427.2 | P5: =ROUNDDOWN(M5*$O$24,-2) -> 291100 | Q5: 0 | R5: =ROUND(M5*$Q$24,-2) -> 300400 | S5: =ROUNDDOWN(M5*$S$24,-2) -> 309800 | T5: =P5/1000 -> 291.1 | U5: =R5/1000 -> 300.4 | V5: =S5/1000 -> 309.8 | X5: =T5*1000 -> 291100 | Y5: =U5*1000 -> 300400 | Z5: =V5*1000 -> 309800 | AC5: =AD5+AE5+AF5 -> 22 | AD5: 13 | AE5: 6 | AF5: 3 | AG5: =C5-AC5 -> -7
A6: 2 | B6: Волосовский | C6: =D6+E6+F6 -> 10 | D6: 4 | E6: 4 | F6: 2 | G6: 18869.72 | H6: =ROUND(C6*G6/1000,1) -> 188.7 | I6: 1 | J6: =I6+C6 -> 11 | K6: 144180 | L6: =ROUND(K6*I6/1000,1) -> 144.2 | M6: =ROUND((L6+H6),1)*$M$2 -> 332900 | N6: 417 | O6: 419.9 | P6: =ROUND(M6*$O$24,-2) -> 342500 | Q6: 493.7 | R6: =ROUND(M6*$Q$24,-2) -> 353300 | S6: =ROUNDDOWN(M6*$S$24,-2) -> 364400 | T6: =P6/1000 -> 342.5 | U6: =R6/1000 -> 353.3 | V6: =S6/1000 -> 364.4 | X6: =T6*1000 -> 342500 | Y6: =U6*1000 -> 353300 | Z6: =V6*1000 -> 364400 | AC6: =AD6+AE6+AF6 -> 15 | AD6: 8 | AE6: 6 | AF6: 1 | AG6: =C6-AC6 -> -5
A7: 3 | B7: Волховский | C7: =D7+E7+F7 -> 22 | D7: 11 | E7: 6 | F7: 5 | G7: 18869.72 | H7: =ROUND(C7*G7/1000,1) -> 415.1 | I7: 1 | J7: =I7+C7 -> 23 | K7: 144180 | L7: =ROUND(K7*I7/1000,1) -> 144.2 | M7: =ROUND((L7+H7),1)*$M$2 -> 559300 | N7: 674.9 | O7: 745.4 | P7: =ROUND(M7*$O$24,-2) -> 575500 | Q7: 799.1 | R7: =ROUND(M7*$Q$24,-2) -> 593600 | S7: =ROUNDDOWN(M7*$S$24,-2) -> 612300 | T7: =P7/1000 -> 575.5 | U7: =R7/1000 -> 593.6 | V7: =S7/1000 -> 612.3 | X7: =T7*1000 -> 575500 | Y7: =U7*1000 -> 593600 | Z7: =V7*1000 -> 612300 | AC7: =AD7+AE7+AF7 -> 29 | AD7: 17 | AE7: 10 | AF7: 2 | AG7: =C7-AC7 -> -7
A8: 4 | B8: Всеволожский | C8: =D8+E8+F8 -> 86 | D8: 40 | E8: 35 | F8: 11 | G8: 18869.72 | H8: =ROUND(C8*G8/1000,1) -> 1622.8 | I8: 4 | J8: =I8+C8 -> 90 | K8: 144180 | L8: =ROUND(K8*I8/1000,1) -> 576.7 | M8: =ROUND((L8+H8),1)*$M$2 -> 2199500 | N8: 2048.4 | O8: 2262.2 | P8: =ROUNDDOWN(M8*$O$24,-2) -> 2263100 | Q8: 2425.1 | R8: =ROUNDDOWN(M8*$Q$24,-2) -> 2334500 | S8: =ROUNDDOWN(M8*$S$24,-2) -> 2407900 | T8: =P8/1000 -> 2263.1 | U8: =R8/1000 -> 2334.5 | V8: =S8/1000 -> 2407.9 | X8: =T8*1000 -> 2263100 | Y8: =U8*1000 -> 2334500 | Z8: =V8*1000 -> 2407900 | AC8: =AD8+AE8+AF8 -> 73 | AD8: 42 | AE8: 21 | AF8: 10 | AG8: =C8-AC8 -> 13
A9: 5 | B9: Выборгский | C9: =D9+E9+F9 -> 36 | D9: 23 | E9: 10 | F9: 3 | G9: 18869.72 | H9: =ROUND(C9*G9/1000,1) -> 679.3 | I9: 0 | J9: =I9+C9 -> 36 | K9: 144180 | L9: =ROUND(K9*I9/1000,1) -> 0 | M9: =ROUND((L9+H9),1)*$M$2 -> 679300 | N9: 1105.2 | O9: 1220.6 | P9: =ROUND(M9*$O$24,-2) -> 699000 | Q9: 1308.5 | R9: =ROUND(M9*$Q$24,-2) -> 721000 | S9: =ROUNDDOWN(M9*$S$24,-2) -> 743600 | T9: =P9/1000 -> 699 | U9: =R9/1000 -> 721 | V9: =S9/1000 -> 743.6 | X9: =T9*1000 -> 699000 | Y9: =U9*1000 -> 721000 | Z9: =V9*1000 -> 743600 | AC9: =AD9+AE9+AF9 -> 36 | AD9: 23 | AE9: 10 | AF9: 3 | AG9: =C9-AC9 -> 0
A10: 6 | B10: Гатчинский | C10: =D10+E10+F10 -> 74 | D10: 47 | E10: 18 | F10: 9 | G10: 18869.72 | H10: =ROUND(C10*G10/1000,1) -> 1396.4 | I10: 5 | J10: =I10+C10 -> 79 | K10: 144180 | L10: =ROUND(K10*I10/1000,1) -> 720.9 | M10: =ROUND((L10+H10),1)*$M$2 -> 2117300 | N10: 1993.2 | O10: 2201.1 | P10: =ROUNDDOWN(M10*$O$24,-2) -> 2178600 | Q10: 2359.6 | R10: =ROUNDDOWN(M10*$Q$24,-2) -> 2247200 | S10: =ROUNDDOWN(M10*$S$24,-2) -> 2317900 | T10: =P10/1000 -> 2178.6 | U10: =R10/1000 -> 2247.2 | V10: =S10/1000 -> 2317.9 | X10: =T10*1000 -> 2178600 | Y10: =U10*1000 -> 2247200 | Z10: =V10*1000 -> 2317900 | AC10: =AD10+AE10+AF10 -> 70 | AD10: 45 | AE10: 15 | AF10: 10 | AG10: =C10-AC10 -> 4
A11: 7 | B11: Кингисеппский | C11: =D11+E11+F11 -> 8 | D11: 7 | E11: 1 | G11: 18869.72 | H11: =ROUND(C11*G11/1000,1) -> 151 | I11: 0 | J11: =I11+C11 -> 8 | K11: 144180 | L11: =ROUND(K11*I11/1000,1) -> 0 | M11: =ROUND((L11+H11),1)*$M$2 -> 151000 | N11: 147.4 | O11: 162.8 | P11: =ROUND(M11*$O$24,-2) -> 155400 | Q11: 174.5 | R11: =ROUND(M11*$Q$24,-2) -> 160300 | S11: =ROUND(M11*$S$24,-2) -> 165300 | T11: =P11/1000 -> 155.4 | U11: =R11/1000 -> 160.3 | V11: =S11/1000 -> 165.3 | X11: =T11*1000 -> 155400 | Y11: =U11*1000 -> 160300 | Z11: =V11*1000 -> 165300 | AC11: =AD11+AE11+AF11 -> 8 | AD11: 7 | AE11: 1 | AG11: =C11-AC11 -> 0
A12: 8 | B12: Киришский | C12: =D12+E12+F12 -> 22 | D12: 10 | E12: 6 | F12: 6 | G12: 18869.72 | H12: =ROUND(C12*G12/1000,1) -> 415.1 | I12: 1 | J12: =I12+C12 -> 23 | K12: 144180 | L12: =ROUND(K12*I12/1000,1) -> 144.2 | M12: =ROUND((L12+H12),1)*$M$2 -> 559300 | N12: 509.1 | O12: 562.3 | P12: =ROUND(M12*$O$24,-2) -> 575500 | Q12: 602.7 | R12: =ROUND(M12*$Q$24,-2) -> 593600 | S12: =ROUND(M12*$S$24,-2) -> 612300 | T12: =P12/1000 -> 575.5 | U12: =R12/1000 -> 593.6 | V12: =S12/1000 -> 612.3 | X12: =T12*1000 -> 575500 | Y12: =U12*1000 -> 593600 | Z12: =V12*1000 -> 612300 | AC12: =AD12+AE12+AF12 -> 20 | AD12: 10 | AE12: 6 | AF12: 4 | AG12: =C12-AC12 -> 2
A13: 9 | B13: Кировский | C13: =D13+E13+F13 -> 15 | D13: 9 | E13: 5 | F13: 1 | G13: 18869.72 | H13: =ROUND(C13*G13/1000,1) -> 283 | I13: 0 | J13: =I13+C13 -> 15 | K13: 144180 | L13: =ROUND(K13*I13/1000,1) -> 0 | M13: =ROUND((L13+H13),1)*$M$2 -> 283000 | N13: 257.9 | O13: 284.8 | P13: =ROUND(M13*$O$24,-2) -> 291200 | Q13: 305.3 | R13: =ROUND(M13*$Q$24,-2) -> 300400 | S13: =ROUND(M13*$S$24,-2) -> 309800 | T13: =P13/1000 -> 291.2 | U13: =R13/1000 -> 300.4 | V13: =S13/1000 -> 309.8 | X13: =T13*1000 -> 291200 | Y13: =U13*1000 -> 300400 | Z13: =V13*1000 -> 309800 | AC13: =AD13+AE13+AF13 -> 14 | AD13: 10 | AE13: 3 | AF13: 1 | AG13: =C13-AC13 -> 1
A14: 10 | B14: Лодейнопольский | C14: =D14+E14+F14 -> 10 | D14: 3 | E14: 7 | G14: 18869.72 | H14: =ROUND(C14*G14/1000,1) -> 188.7 | I14: 0 | J14: =I14+C14 -> 10 | K14: 144180 | L14: =ROUND(K14*I14/1000,1) -> 0 | M14: =ROUND((L14+H14),1)*$M$2 -> 188700 | N14: 184.2 | O14: 203.4 | P14: =ROUND(M14*$O$24,-2) -> 194200 | Q14: 218 | R14: =ROUND(M14*$Q$24,-2) -> 200300 | S14: =ROUND(M14*$S$24,-2) -> 206600 | T14: =P14/1000 -> 194.2 | U14: =R14/1000 -> 200.3 | V14: =S14/1000 -> 206.6 | X14: =T14*1000 -> 194200 | Y14: =U14*1000 -> 200300 | Z14: =V14*1000 -> 206600 | AC14: =AD14+AE14+AF14 -> 10 | AD14: 5 | AE14: 5 | AG14: =C14-AC14 -> 0
A15: 11 | B15: Ломоносовский | C15: =D15+E15+F15 -> 26 | D15: 20 | E15: 5 | F15: 1 | G15: 18869.72 | H15: =ROUND(C15*G15/1000,1) -> 490.6 | I15: 1 | J15: =I15+C15 -> 27 | K15: 144180 | L15: =ROUND(K15*I15/1000,1) -> 144.2 | M15: =ROUND((L15+H15),1)*$M$2 -> 634800 | N15: 693.3 | O15: 664 | P15: =ROUND(M15*$O$24,-2) -> 653200 | Q15: 711.7 | R15: =ROUND(M15*$Q$24,-2) -> 673800 | S15: =ROUND(M15*$S$24,-2) -> 695000 | T15: =P15/1000 -> 653.2 | U15: =R15/1000 -> 673.8 | V15: =S15/1000 -> 695 | X15: =T15*1000 -> 653200 | Y15: =U15*1000 -> 673800 | Z15: =V15*1000 -> 695000 | AC15: =AD15+AE15+AF15 -> 30 | AD15: 25 | AE15: 4 | AF15: 1 | AG15: =C15-AC15 -> -4
A16: 12 | B16: Лужский | C16: =D16+E16+F16 -> 20 | D16: 10 | E16: 8 | F16: 2 | G16: 18869.72 | H16: =ROUND(C16*G16/1000,1) -> 377.4 | I16: 0 | J16: =I16+C16 -> 20 | K16: 144180 | L16: =ROUND(K16*I16/1000,1) -> 0 | M16: =ROUND((L16+H16),1)*$M$2 -> 377400 | N16: 368.4 | O16: 406.9 | P16: =ROUND(M16*$O$24,-2) -> 388300 | Q16: 436.2 | R16: =ROUND(M16*$Q$24,-2) -> 400600 | S16: =ROUND(M16*$S$24,-2) -> 413200 | T16: =P16/1000 -> 388.3 | U16: =R16/1000 -> 400.6 | V16: =S16/1000 -> 413.2 | X16: =T16*1000 -> 388300 | Y16: =U16*1000 -> 400600 | Z16: =V16*1000 -> 413200 | AC16: =AD16+AE16+AF16 -> 20 | AD16: 10 | AE16: 8 | AF16: 2 | AG16: =C16-AC16 -> 0
A17: 13 | B17: Подпорожский | C17: =D17+E17+F17 -> 12 | D17: 6 | E17: 6 | F17: 0 | G17: 18869.72 | H17: =ROUND(C17*G17/1000,1) -> 226.4 | I17: 0 | J17: =I17+C17 -> 12 | K17: 144180 | L17: =ROUND(K17*I17/1000,1) -> 0 | M17: =ROUND((L17+H17),1)*$M$2 -> 226400 | N17: 398.6 | O17: 440.3 | P17: =ROUND(M17*$O$24,-2) -> 233000 | Q17: 471.8 | R17: =ROUND(M17*$Q$24,-2) -> 240300 | S17: =ROUND(M17*$S$24,-2) -> 247900 | T17: =P17/1000 -> 233 | U17: =R17/1000 -> 240.3 | V17: =S17/1000 -> 247.9 | X17: =T17*1000 -> 233000 | Y17: =U17*1000 -> 240300 | Z17: =V17*1000 -> 247900 | AC17: =AD17+AE17+AF17 -> 14 | AD17: 8 | AE17: 5 | AF17: 1 | AG17: =C17-AC17 -> -2
A18: 14 | B18: Приозерский | C18: =D18+E18+F18 -> 14 | D18: 10 | E18: 2 | F18: 2 | G18: 18869.72 | H18: =ROUND(C18*G18/1000,1) -> 264.2 | I18: 0 | J18: =I18+C18 -> 14 | K18: 144180 | L18: =ROUND(K18*I18/1000,1) -> 0 | M18: =ROUND((L18+H18),1)*$M$2 -> 264200 | N18: 349.9 | O18: 386.5 | P18: =ROUND(M18*$O$24,-2) -> 271900 | Q18: 414.4 | R18: =ROUND(M18*$Q$24,-2) -> 280400 | S18: =ROUND(M18*$S$24,-2) -> 289200 | T18: =P18/1000 -> 271.9 | U18: =R18/1000 -> 280.4 | V18: =S18/1000 -> 289.2 | X18: =T18*1000 -> 271900 | Y18: =U18*1000 -> 280400 | Z18: =V18*1000 -> 289200 | AC18: =AD18+AE18+AF18 -> 19 | AD18: 12 | AE18: 4 | AF18: 3 | AG18: =C18-AC18 -> -5
A19: 15 | B19: Сланцевский | C19: =D19+E19+F19 -> 12 | D19: 12 | G19: 18869.72 | H19: =ROUND(C19*G19/1000,1) -> 226.4 | I19: 0 | J19: =I19+C19 -> 12 | K19: 144180 | L19: =ROUND(K19*I19/1000,1) -> 0 | M19: =ROUND((L19+H19),1)*$M$2 -> 226400 | N19: 239.5 | O19: 264.4 | P19: =ROUND(M19*$O$24,-2) -> 233000 | Q19: 283.5 | R19: =ROUND(M19*$Q$24,-2) -> 240300 | S19: =ROUND(M19*$S$24,-2) -> 247900 | T19: =P19/1000 -> 233 | U19: =R19/1000 -> 240.3 | V19: =S19/1000 -> 247.9 | X19: =T19*1000 -> 233000 | Y19: =U19*1000 -> 240300 | Z19: =V19*1000 -> 247900 | AC19: =AD19+AE19+AF19 -> 13 | AD19: 10 | AE19: 3 | AG19: =C19-AC19 -> -1
A20: 16 | B20: Тихвинский | C20: =D20+E20+F20 -> 25 | D20: 17 | E20: 7 | F20: 1 | G20: 18869.72 | H20: =ROUND(C20*G20/1000,1) -> 471.7 | I20: 1 | J20: =I20+C20 -> 26 | K20: 144180 | L20: =ROUND(K20*I20/1000,1) -> 144.2 | M20: =ROUND((L20+H20),1)*$M$2 -> 615900 | N20: 509.1 | O20: 427.2 | P20: =ROUND(M20*$O$24,-2) -> 633700 | Q20: 479.7 | R20: =ROUND(M20*$Q$24,-2) -> 653700 | S20: =ROUND(M20*$S$24,-2) -> 674300 | T20: =P20/1000 -> 633.7 | U20: =R20/1000 -> 653.7 | V20: =S20/1000 -> 674.3 | X20: =T20*1000 -> 633700 | Y20: =U20*1000 -> 653700 | Z20: =V20*1000 -> 674300 | AC20: =AD20+AE20+AF20 -> 20 | AD20: 14 | AE20: 5 | AF20: 1 | AG20: =C20-AC20 -> 5
A21: 17 | B21: Тосненский | C21: =D21+E21+F21 -> 30 | D21: 20 | E21: 6 | F21: 4 | G21: 18869.72 | H21: =ROUND(C21*G21/1000,1) -> 566.1 | I21: 1 | J21: =I21+C21 -> 31 | K21: 144180 | L21: =ROUND(K21*I21/1000,1) -> 144.2 | M21: =ROUND((L21+H21),1)*$M$2 -> 710300 | N21: 767 | O21: 847.1 | P21: =ROUND(M21*$O$24,-2) -> 730900 | Q21: 908 | R21: =ROUND(M21*$Q$24,-2) -> 753900 | S21: =ROUND(M21*$S$24,-2) -> 777600 | T21: =P21/1000 -> 730.9 | U21: =R21/1000 -> 753.9 | V21: =S21/1000 -> 777.6 | X21: =T21*1000 -> 730900 | Y21: =U21*1000 -> 753900 | Z21: =V21*1000 -> 777600 | AC21: =AD21+AE21+AF21 -> 34 | AD21: 24 | AE21: 6 | AF21: 4 | AG21: =C21-AC21 -> -4
A22: 18 | B22: Сосновоборский | C22: =D22+E22+F22 -> 9 | D22: 4 | E22: 5 | G22: 18869.72 | H22: =ROUND(C22*G22/1000,1) -> 169.8 | I22: 1 | J22: =I22+C22 -> 10 | K22: 144180 | L22: =ROUND(K22*I22/1000,1) -> 144.2 | M22: =ROUND((L22+H22),1)*$M$2 -> 314000 | N22: 324.9 | O22: 358.9 | P22: =ROUND(M22*$O$24,-2) -> 323100 | Q22: 384.6 | R22: =ROUND(M22*$Q$24,-2) -> 333300 | S22: =ROUND(M22*$S$24,-2) -> 343800 | T22: =P22/1000 -> 323.1 | U22: =R22/1000 -> 333.3 | V22: =S22/1000 -> 343.8 | X22: =T22*1000 -> 323100 | Y22: =U22*1000 -> 333300 | Z22: =V22*1000 -> 343800 | AC22: =AD22+AE22+AF22 -> 10 | AD22: 5 | AE22: 4 | AF22: 1 | AG22: =C22-AC22 -> -1
B23: ИТОГО | C23: =SUM(C5:C22) -> 446 | D23: =SUM(D5:D22) -> 263 | E23: =SUM(E5:E22) -> 136 | F23: =SUM(F5:F22) -> 47 | H23: =SUM(H5:H22) -> 8415.7 | I23: =SUM(I5:I22) -> 16 | J23: =SUM(J5:J22) -> 462 | L23: =SUM(L5:L22) -> 2307 | M23: =SUM(M5:M22) -> 10722700 | N23: =SUM(N5:N22) -> 11393.3 | O23: =SUM(O5:O22) -> 12285 | P23: =SUM(P5:P22) -> 11033200 | Q23: =SUM(Q5:Q22) -> 12776.4 | R23: =SUM(R5:R22) -> 11380900 | S23: =SUM(S5:S22) -> 11738800 | ... V23: =SUM(V5:V22) -> 11738.8 | X23: =SUM(X5:X22) -> 11033200 | Y23: =SUM(Y5:Y22) -> 11380900 | Z23: =SUM(Z5:Z22) -> 11738800 | AC23: =SUM(AC5:AC22) -> 457 | AD23: =SUM(AD5:AD22) -> 288 | AE23: =SUM(AE5:AE22) -> 122 | AF23: =SUM(AF5:AF22) -> 47 | AG23: =C23-AC23 -> -11
M24: =M23/1000/N23-100% -> -0.058859154 | O24: =11033200/M23 -> 1.0289573 | Q24: =11380900/M23 -> 1.0613838 | S24: =11738800/M23 -> 1.0947616 | T24: 11033.2 | U24: 11380.9 | V24: 11738.8
T25: =T24-T23 -> 0 | U25: =U24-U23 -> 0 | V25: =V24-V23 -> 0
A26: 1 | B26: 2 | C26: 3 | D26: 4 | E26: 5 | F26: 6 | G26: 7 | H26: 8 | I26: 9 | J26: 10 | K26: 11 | L26: 12 | M26: 13 | N26: 14 | O26: 15 | P26: 16 | Q26: 17 | R26: 18 | T26: 19 | U26: 20 | V26: 21

Sheet Жилье
B1: Расчет объема субвенций бюджетам муниципальных образований Ленинградской области на осуществление отдельных государственных полномочий Ленинградской области по организации и осуществлению деятельности по обеспечению однократно благоустроенными жилыми помещениями специализированного жилищного фонда по договорам найма специализированных жилых помещений детей-сирот и детей, оставшихся без попечения родителей, а также лиц из числа детей-сирот и детей, оставшихся без попечения родителей, которые не являются нанимателями жилых помещений по договорам социального найма или членами семьи нанимателя жилого помещения по договору социального найма либо собственниками жилых помещений, а также детей-сирот и детей, оставшихся без попечения родителей, лиц из числа детей-сирот и детей, оставшихся без попечения родителей, которые являются нанимателями жилых помещений по договорам социального найма или членами семьи нанимателя жилого помещения по договору социального найма либо собственниками жилых помещений, в случае, если их проживание в ранее занимаемых жилых помещениях признается невозможным, а также лиц, которые относились к категории детей-сирот и детей, оставшихся без попечения родителей, лиц из числа детей-сирот и детей, оставшихся без попечения родителей, и достигли возраста 23 лет, до фактического обеспечения их жилыми помещениями на 2021 год
A3: № п/п | B3: Наименование муниципальных районов и городского поселения | C3: Количество детей-сирот и детей, оставшихся без попечения родителей, по заявке МО, согласно спискам на 2020 год | D3: Норма площади | E3: Стоимость одного кв м площади за 1 кв 2020 г, тыс.руб | F3: Всего потребность в средствах на 2021 год, тыс.руб. | G3: в том числе ФБ на 2021 год | H3: ИТОГО потребность в средствах ОБ на 2021 год, тыс.руб. | I3: Утверждено в областном законе на 2020 год, тыс. руб. | J3: 4 % к 2020г | K3: в рамках КЦ на | L3: доп.потребность
K4: в рамках КЦ | L4: доп.потребность | M4: в проект бюджета на 2021-2023гг
K5: в рамках КЦ | L5: доп.потребность | M5: 2021 | N5: 2022 | O5: 2023 | P5: в АЦК | S5: ДП | T5: Количество детей-сирот и детей на 2020 | U5: динамика
A6: 1 | B6: Бокситогорский | C6: 4 | D6: 33 | E6: 30.847 | F6: =ROUND(C6*D6*E6,1) -> 4071.8 | H6: =F6-G6 -> 4071.8 | I6: 4986.4 | J6: =ROUND(I6*1.04,1) -> 5185.9 | K6: =ROUND(F6*$K$26,1) -> 3103.6 | L6: =F6-K6 -> 968.2 | M6: =K6 -> 3103.6 | N6: =M6 -> 3103.6 | O6: =N6 -> 3103.6 | P6: =M6*1000 -> 3103600 | Q6: =P6 -> 3103600 | R6: =Q6 -> 3103600 | S6: =L6*1000 -> 968200 | T6: 7 | U6: =C6-T6 -> -3
A7: 2 | B7: Волосовский | C7: 22 | D7: 33 | E7: 42.70784 | F7: =ROUND(C7*D7*E7,1) -> 31005.9 | H7: =F7-G7 -> 31005.9 | I7: 32977.7 | J7: =ROUND(I7*1.04,1) -> 34296.8 | K7: =ROUND(F7*$K$26,1) -> 23632.9 | L7: =F7-K7 -> 7373 | M7: =K7 -> 23632.9 | N7: =M7 -> 23632.9 | O7: =N7 -> 23632.9 | P7: =M7*1000 -> 23632900 | Q7: =P7 -> 23632900 | R7: =Q7 -> 23632900 | S7: =L7*1000 -> 7373000 | T7: 26 | U7: =C7-T7 -> -4
A8: 3 | B8: Волховский | C8: 30 | D8: 33 | E8: 45.123 | F8: =ROUND(C8*D8*E8,1) -> 44671.8 | H8: =F8-G8 -> 44671.8 | I8: 29124.2 | J8: =ROUND(I8*1.04,1) -> 30289.2 | K8: =ROUND(F8*$K$26,1) -> 34049.2 | L8: =F8-K8 -> 10622.6 | M8: =K8 -> 34049.2 | N8: =M8 -> 34049.2 | O8: =N8 -> 34049.2 | P8: =M8*1000 -> 34049200 | Q8: =P8 -> 34049200 | R8: =Q8 -> 34049200 | S8: =L8*1000 -> 10622600 | T8: 20 | U8: =C8-T8 -> 10
A9: 4 | B9: Всеволожский | C9: 22 | D9: 33 | E9: 92.32188 | F9: =ROUND(C9*D9*E9,1) -> 67025.7 | H9: =F9-G9 -> 67025.7 | I9: 55964 | J9: =ROUND(I9*1.04,1) -> 58202.6 | K9: =ROUNDDOWN(F9*$K$26,1) -> 51087.4 | L9: =F9-K9 -> 15938.3 | M9: =K9 -> 51087.4 | N9: =M9 -> 51087.4 | O9: =N9 -> 51087.4 | P9: =M9*1000 -> 51087400 | Q9: =P9 -> 51087400 | R9: =Q9 -> 51087400 | S9: =L9*1000 -> 15938300 | T9: 27 | U9: =C9-T9 -> -5
A10: 5 | B10: Выборгский | C10: 23 | D10: 33 | E10: 54.71 | F10: =ROUND(C10*D10*E10,1) -> 41524.9 | H10: =F10-G10 -> 41524.9 | I10: 25616.9 | J10: =ROUND(I10*1.04,1) -> 26641.6 | K10: =ROUND(F10*$K$26,1) -> 31650.6 | L10: =F10-K10 -> 9874.3 | M10: =K10 -> 31650.6 | N10: =M10 -> 31650.6 | O10: =N10 -> 31650.6 | P10: =M10*1000 -> 31650600 | Q10: =P10 -> 31650600 | R10: =Q10 -> 31650600 | S10: =L10*1000 -> 9874300 | T10: 17 | U10: =C10-T10 -> 6
A11: 6 | B11: Гатчинский | C11: 33 | D11: 33 | E11: 58.69 | F11: =ROUND(C11*D11*E11,1) -> 63913.4 | H11: =F11-G11 -> 63913.4 | I11: 61328.1 | J11: =ROUND(I11*1.04,1) -> 63781.2 | K11: =ROUND(F11*$K$26,1) -> 48715.3 | L11: =F11-K11 -> 15198.1 | M11: =K11 -> 48715.3 | N11: =M11 -> 48715.3 | O11: =N11 -> 48715.3 | P11: =M11*1000 -> 48715300 | Q11: =P11 -> 48715300 | R11: =Q11 -> 48715300 | S11: =L11*1000 -> 15198100 | T11: 31 | U11: =C11-T11 -> 2
A12: 7 | B12: Кингисеппский | C12: 11 | D12: 33 | E12: 38.1875 | F12: =ROUND(C12*D12*E12,1) -> 13862.1 | H12: =F12-G12 -> 13862.1 | I12: 14300.7 | J12: =ROUND(I12*1.04,1) -> 14872.7 | K12: =ROUND(F12*$K$26,1) -> 10565.8 | L12: =F12-K12 -> 3296.3 | M12: =K12 -> 10565.8 | N12: =M12 -> 10565.8 | O12: =N12 -> 10565.8 | P12: =M12*1000 -> 10565800 | Q12: =P12 -> 10565800 | R12: =Q12 -> 10565800 | S12: =L12*1000 -> 3296300 | T12: 13 | U12: =C12-T12 -> -2
A13: 8 | B13: Киришский | C13: 15 | D13: 33 | E13: 39.826 | F13: =ROUND(C13*D13*E13,1) -> 19713.9 | H13: =F13-G13 -> 19713.9 | I13: 14333.1 | J13: =ROUND(I13*1.04,1) -> 14906.4 | K13: =ROUND(F13*$K$26,1) -> 15026.1 | L13: =F13-K13 -> 4687.8 | M13: =K13 -> 15026.1 | N13: =M13 -> 15026.1 | O13: =N13 -> 15026.1 | P13: =M13*1000 -> 15026100 | Q13: =P13 -> 15026100 | R13: =Q13 -> 15026100 | S13: =L13*1000 -> 4687800 | T13: 11 | U13: =C13-T13 -> 4
A14: 9 | B14: Кировский | C14: 15 | D14: 33 | E14: 52.078 | F14: =ROUND(C14*D14*E14,1) -> 25778.6 | H14: =F14-G14 -> 25778.6 | I14: 27066.2 | J14: =ROUND(I14*1.04,1) -> 28148.8 | K14: =ROUND(F14*$K$26,1) -> 19648.6 | L14: =F14-K14 -> 6130 | M14: =K14 -> 19648.6 | N14: =M14 -> 19648.6 | O14: =N14 -> 19648.6 | P14: =M14*1000 -> 19648600 | Q14: =P14 -> 19648600 | R14: =Q14 -> 19648600 | S14: =L14*1000 -> 6130000 | T14: 17 | U14: =C14-T14 -> -2
A15: 10 | B15: Лодейнопольский | C15: 6 | D15: 33 | E15: 39.987 | F15: =ROUND(C15*D15*E15,1) -> 7917.4 | H15: =F15-G15 -> 7917.4 | I15: 11431.8 | J15: =ROUND(I15*1.04,1) -> 11889.1 | K15: =ROUND(F15*$K$26,1) -> 6034.7 | L15: =F15-K15 -> 1882.7 | M15: =K15 -> 6034.7 | N15: =M15 -> 6034.7 | O15: =N15 -> 6034.7 | P15: =M15*1000 -> 6034700 | Q15: =P15 -> 6034700 | R15: =Q15 -> 6034700 | S15: =L15*1000 -> 1882700 | T15: 9 | U15: =C15-T15 -> -3
A16: 11 | B16: Ломоносовский | C16: 14 | D16: 33 | E16: 60.11245 | F16: =ROUND(C16*D16*E16,1) -> 27772 | H16: =F16-G16 -> 27772 | I16: 20148.3 | J16: =ROUND(I16*1.04,1) -> 20954.2 | K16: =ROUND(F16*$K$26,1) -> 21168 | L16: =F16-K16 -> 6604 | M16: =K16 -> 21168 | N16: =M16 -> 21168 | O16: =N16 -> 21168 | P16: =M16*1000 -> 21168000 | Q16: =P16 -> 21168000 | R16: =Q16 -> 21168000 | S16: =L16*1000 -> 6604000 | T16: 12 | U16: =C16-T16 -> 2
A17: 12 | B17: Лужский | C17: 13 | D17: 33 | E17: 53.049 | F17: =ROUND(C17*D17*E17,1) -> 22758 | H17: =F17-G17 -> 22758 | I17: 23157.6 | J17: =ROUND(I17*1.04,1) -> 24083.9 | K17: =ROUND(F17*$K$26,1) -> 17346.3 | L17: =F17-K17 -> 5411.7 | M17: =K17 -> 17346.3 | N17: =M17 -> 17346.3 | O17: =N17 -> 17346.3 | P17: =M17*1000 -> 17346300 | Q17: =P17 -> 17346300 | R17: =Q17 -> 17346300 | S17: =L17*1000 -> 5411700 | T17: 14 | U17: =C17-T17 -> -1
A18: 13 | B18: Подпорожский | C18: 11 | D18: 33 | E18: 32.203 | F18: =ROUND(C18*D18*E18,1) -> 11689.7 | H18: =F18-G18 -> 11689.7 | I18: 8761 | J18: =ROUND(I18*1.04,1) -> 9111.4 | K18: =ROUND(F18*$K$26,1) -> 8910 | L18: =F18-K18 -> 2779.7 | M18: =K18 -> 8910 | N18: =M18 -> 8910 | O18: =N18 -> 8910 | P18: =M18*1000 -> 8910000 | Q18: =P18 -> 8910000 | R18: =Q18 -> 8910000 | S18: =L18*1000 -> 2779700 | T18: 12 | U18: =C18-T18 -> -1
A19: 14 | B19: Приозерский | C19: 9 | D19: 33 | E19: 51.98835 | F19: =ROUND(C19*D19*E19,1) -> 15440.5 | H19: =F19-G19 -> 15440.5 | I19: 11059.7 | J19: =ROUND(I19*1.04,1) -> 11502.1 | K19: =ROUND(F19*$K$26,1) -> 11768.9 | L19: =F19-K19 -> 3671.6 | M19: =K19 -> 11768.9 | N19: =M19 -> 11768.9 | O19: =N19 -> 11768.9 | P19: =M19*1000 -> 11768900 | Q19: =P19 -> 11768900 | R19: =Q19 -> 11768900 | S19: =L19*1000 -> 3671600 | T19: 7 | U19: =C19-T19 -> 2
A20: 15 | B20: Сланцевский | C20: 18 | D20: 33 | E20: 20.219 | F20: =ROUND(C20*D20*E20,1) -> 12010.1 | H20: =F20-G20 -> 12010.1 | I20: 7164.6 | J20: =ROUND(I20*1.04,1) -> 7451.2 | K20: =ROUND(F20*$K$26,1) -> 9154.2 | L20: =F20-K20 -> 2855.9 | M20: =K20 -> 9154.2 | N20: =M20 -> 9154.2 | O20: =N20 -> 9154.2 | P20: =M20*1000 -> 9154200 | Q20: =P20 -> 9154200 | R20: =Q20 -> 9154200 | S20: =L20*1000 -> 2855900 | T20: 11 | U20: =C20-T20 -> 7
A21: 16 | B21: Тихвинский | C21: 12 | D21: 33 | E21: 47.9 | F21: =ROUND(C21*D21*E21,1) -> 18968.4 | H21: =F21-G21 -> 18968.4 | I21: 21159.5 | J21: =ROUND(I21*1.04,1) -> 22005.9 | K21: =ROUND(F21*$K$26,1) -> 14457.9 | L21: =F21-K21 -> 4510.5 | M21: =K21 -> 14457.9 | N21: =M21 -> 14457.9 | O21: =N21 -> 14457.9 | P21: =M21*1000 -> 14457900 | Q21: =P21 -> 14457900 | R21: =Q21 -> 14457900 | S21: =L21*1000 -> 4510500 | T21: 14 | U21: =C21-T21 -> -2
... A23: 18 | B23: Сосновоборский | C23: 6 | D23: 33 | E23: 94.196 | F23: =ROUND(C23*D23*E23,1) -> 18650.8 | H23: =F23-G23 -> 18650.8 | I23: 25944.3 | J23: =ROUND(I23*1.04,1) -> 26982.1 | K23: =ROUND(F23*$K$26,1) -> 14215.8 | L23: =F23-K23 -> 4435 | M23: =K23 -> 14215.8 | N23: =M23 -> 14215.8 | O23: =N23 -> 14215.8 | P23: =M23*1000 -> 14215800 | Q23: =P23 -> 14215800 | R23: =Q23 -> 14215800 | S23: =L23*1000 -> 4435000 | T23: 9 | U23: =C23-T23 -> -3
B24: Всего | C24: =SUM(C6:C23) -> 302 | F24: =SUM(F6:F23) -> 540535 | G24: =SUM(G6:G23) -> 0 | H24: =SUM(H6:H23) -> 540535 | I24: =SUM(I6:I23) -> 421201.8 | J24: =SUM(J6:J23) -> 438049.9 | K24: =SUM(K6:K23) -> 411999.9 | L24: =SUM(L6:L23) -> 128535.1 | M24: =SUM(M6:M23) -> 411999.9 | ... U24: =SUM(U6:U23) -> 30
H25: =H24/I24-100% -> 0.28331598 | J25: =J24/I24-100% -> 0.040000066 | Q25: 562156400 | R25: 584642700
K26: =(K27/1000)/F24 -> 0.76220763 | Q26: =Q25-Q24 -> 150156500 | R26: =R25-R24 -> 172642800
K27: 411999900
H31: =H24/C24 -> 1789.851 | I31: =M24/H31 -> 230.1867 | J31: =C24-I31 -> 71.813296

Sheet Питание
A1: Расчет объема субвенций бюджетам муниципальных образований Ленинградской области на осуществление отдельных государственных полномочий Ленинградской области по предоставлению бесплатного питания обучающимся по основным общеобразовательным программам в муниципальных образовательных организациях в Ленинградской области, обучающимся по имеющим государственную аккредитацию основным общеобразовательным программам в частных общеобразовательных организациях, расположенных на территории Ленинградской области, на 2021 год
A3: №№ | B3: Наименование муниципальных образований | C3: Всего планируемое количество обучающихся | D3: Прогнозируемое количество обучающихся на 2021 год по категориям установленным Социальным кодексом | U3: Потребность в средствах на питание и молоко, тыс. руб. | AA3: % невыходов | AB3: Расчет средств на реализацию полномочий | AE3: Общая потребность в средствах на 2021 год, тыс.руб. | AF3: Общая потребность в средствах на 2021 год, тыс.руб. | AI3: Утверждено на 2020 год, тыс.руб. | AK3: в рамках КЦ на | AL3: доп.потребность | AM3: в проект бюджета на 2021-2023гг
D4: Обучающиеся из категории детей, находящихся в трудной жизненной ситуации, в т.ч. дети-инвалиды | E4: в т.ч. дети-инвалиды(ст.2 обл.з-на № 15-оз | F4: Состоящие на учете в противотуберкулезном диспансере | G4: Один из родителей (оба родителя) которых погиб (погибли) при выполнении служебных обязанностей в качестве военнослужащего, гражданина, призванного на военные сборы, лица рядового, начальствующего состава органов внутренних дел Российской Федерации, Государственной противопожарной службы, органов по контролю за оборотом наркотических средств и психотропных веществ, сотрудника учреждений и органов уголовно-исполнительной системы | H4: Усыновленным детям | I4: Лицам с ограниченными возможностями здоровья | J4: Детям из приемных семей, отвечающих критериям нуждаемости, установленным частью 5 статьи 1.7 | K4: Детям из многодетных семей, отвечающих критериям нуждаемости, установленным частью 5 статьи 1.7 | L4: Детям из семей, отвечающих критериям нуждаемости, установленным частью 6 статьи 1.7 | M4: ИТОГО, имеющих право на бесплатное питание | N4: Кроме того | P4: 1-4 классы, чел. | S4: Итого детям из приемных семей и детям из многодетных семей | T4: Всего получающих льготное питание и молоко | U4: На бесплатное питание | V4: На льготное питание | W4: ИТОГО на бесплатное и льготное питание | X4: На бесплатное молоко | Y4: На горячее питание | Z4: Потребность в средствах на 2021 год, тыс.руб. | AB4: ИТОГО Численность специалистов, осуществляющих гос.полномочия | AC4: только на зарплату | AD4: Потребность на осуществление государственных полномочий в средствах на 2021 год, тыс.руб. | AF4: Всего | AG4: в том числе на обеспечение полномочий | AH4: в том числе на реализацию полномочий | AI4: Всего | AJ4: 4 % к 2020г | AK4: в рамках КЦ | AL4: доп.потребность | AM4: 2020 | AP4: 2022 | AQ4: 2023
N5: из многодетных семей (100%) | O5: из приемных семей (100%) | P5: 1-4 классы, чел. | Q5: в том числе льготники | R5: Итого на горячее питание | AK5: в рамках КЦ | AL5: доп.потребность | AM5: Всего | AN5: в том числе на обеспечение полномочий | AO5: в том числе на реализацию полномочий | AS5: в АЦК | AV5: ДП
A6: 1 | B6: Бокситогорский | C6: 4457 | D6: 71 | E6: 23 | F6: 9 | G6: 1 | H6: 4 | I6: 135 | J6: 15 | K6: 326 | L6: 286 | M6: =D6+F6+G6+H6+I6+J6+K6+L6 -> 847 | N6: 0 | O6: 0 | P6: 1825 | Q6: 384 | R6: =P6-Q6 -> 1441 | S6: =J6+K6+N6+O6 -> 341 | T6: =M6+N6+O6+P6 -> 2672 | U6: =ROUND(M6*$G$29*$G$28*(100-AA6)/100/1000,1) -> 13452.5 | V6: =ROUND((N6+O6)*$G$28*$G$29*(100-AA6)/100/1000*1,1) -> 0 | W6: =U6+V6 -> 13452.5 | X6: =ROUND(P6*$G$29*$G$30*(100-AA6)/100/1000,1) -> 3623.2 | Y6: =ROUND(R6*$G$29*$G$31*(100-AA6)/100/1000,1) -> 22886.7 | Z6: =ROUND(U6+V6+X6+Y6,1) -> 39962.4 | AA6: 14.5 | AB6: 0.5 | AC6: =ROUND(AB6*$AD$31*1000,1) -> 562850 | AD6: =ROUND(AB6*$AD$31*1.2,1) -> 675.4 | AE6: =Z6+AD6 -> 40637.8 | AF6: =AE6 -> 40637.8 | AG6: =AF6-AH6 -> 39962.4 | AH6: =AD6 -> 675.4 | AI6: 15468.7 | AJ6: =ROUND(AI6*1.04,1) -> 16087.4 | AK6: =ROUND(AF6*$AK$26,1) -> 19671.8 | AL6: =AF6-AK6 -> 20966 | AM6: =AS6/1000 -> 19671.8 | AN6: =AM6-AO6 -> 18996.4 | AO6: =AH6 -> 675.4 | AP6: =AT6/1000 -> 19671.8 | AQ6: =AU6/1000 -> 19671.8 | AS6: =AK6*1000 -> 19671800 | AT6: =AS6 -> 19671800 | AU6: =AT6 -> 19671800 | AV6: =AL6*1000 -> 20966000
A7: 2 | B7: Волосовский | C7: 4136 | D7: 161 | E7: 21 | F7: 116 | G7: 2 | H7: 8 | I7: 119 | J7: 13 | K7: 154 | L7: 684 | M7: =D7+F7+G7+H7+I7+J7+K7+L7 -> 1257 | N7: 384 | O7: 48 | P7: 1757 | Q7: 764 | R7: =P7-Q7 -> 993 | S7: =J7+K7+N7+O7 -> 599 | T7: =M7+N7+O7+P7 -> 3446 | U7: =ROUND(M7*$G$29*$G$28*(100-AA7)/100/1000,1) -> 21248.5 | V7: =ROUND((N7+O7)*$G$28*$G$29*(100-AA7)/100/1000*1,1) -> 7302.6 | W7: =U7+V7 -> 28551.1 | X7: =ROUND(P7*$G$29*$G$30*(100-AA7)/100/1000,1) -> 3712.6 | Y7: =ROUND(R7*$G$29*$G$31*(100-AA7)/100/1000,1) -> 16785.8 | Z7: =ROUND(U7+V7+X7+Y7,1) -> 49049.5 | AA7: 9 | AB7: 0.5 | AC7: =ROUND(AB7*$AD$31*1000,1) -> 562850 | AD7: =ROUND(AB7*$AD$31*1.2,1) -> 675.4 | AE7: =Z7+AD7 -> 49724.9 | AF7: =AE7 -> 49724.9 | AG7: =AF7-AH7 -> 49049.5 | AH7: =AD7 -> 675.4 | AI7: 30488.7 | AJ7: =ROUND(AI7*1.04,1) -> 31708.2 | AK7: =ROUND(AF7*$AK$26,1) -> 24070.6 | AL7: =AF7-AK7 -> 25654.3 | AM7: =AS7/1000 -> 24070.6 | AN7: =AM7-AO7 -> 23395.2 | AO7: =AH7 -> 675.4 | AP7: =AT7/1000 -> 24070.6 | AQ7: =AU7/1000 -> 24070.6 | AS7: =AK7*1000 -> 24070600 | AT7: =AS7 -> 24070600 | AU7: =AT7 -> 24070600 | AV7: =AL7*1000 -> 25654300
A8: 3 | B8: Волховский | C8: 7483 | D8: 833 | E8: 60 | F8: 67 | G8: 0 | H8: 9 | I8: 262 | J8: 39 | K8: 435 | L8: 505 | M8: =D8+F8+G8+H8+I8+J8+K8+L8 -> 2150 | N8: 127 | O8: 5 | P8: 3127 | Q8: 1118 | R8: =P8-Q8 -> 2009 | S8: =J8+K8+N8+O8 -> 606 | T8: =M8+N8+O8+P8 -> 5409 | U8: =ROUND(M8*$G$29*$G$28*(100-AA8)/100/1000,1) -> 34187.3 | V8: =ROUND((N8+O8)*$G$28*$G$29*(100-AA8)/100/1000*1,1) -> 2098.9 | W8: =U8+V8 -> 36286.2 | X8: =ROUND(P8*$G$29*$G$30*(100-AA8)/100/1000,1) -> 6215.3 | Y8: =ROUND(R8*$G$29*$G$31*(100-AA8)/100/1000,1) -> 31945.2 | Z8: =ROUND(U8+V8+X8+Y8,1) -> 74446.7 | AA8: 14.4 | AB8: 0.8 | AC8: =ROUND(AB8*$AD$31*1000,1) -> 900560 | AD8: =ROUND(AB8*$AD$31*1.2,1) -> 1080.7 | AE8: =Z8+AD8 -> 75527.4 | AF8: =AE8 -> 75527.4 | AG8: =AF8-AH8 -> 74446.7 | AH8: =AD8 -> 1080.7 | AI8: 41851.9 | AJ8: =ROUND(AI8*1.04,1) -> 43526 | AK8: =ROUND(AF8*$AK$26,1) -> 36561 | AL8: =AF8-AK8 -> 38966.4 | AM8: =AS8/1000 -> 36561 | AN8: =AM8-AO8 -> 35480.3 | AO8: =AH8 -> 1080.7 | AP8: =AT8/1000 -> 36561 | AQ8: =AU8/1000 -> 36561 | AS8: =AK8*1000 -> 36561000 | AT8: =AS8 -> 36561000 | AU8: =AT8 -> 36561000 | AV8: =AL8*1000 -> 38966400
A9: 4 | B9: Всеволожский | C9: 45470 | D9: 320 | E9: 99 | F9: 86 | G9: 8 | H9: 15 | I9: 750 | J9: 44 | K9: 2299 | L9: 985 | M9: =D9+F9+G9+H9+I9+J9+K9+L9 -> 4507 | N9: 0 | O9: 0 | P9: 22095 | Q9: 2771 | R9: =P9-Q9 -> 19324 | S9: =J9+K9+N9+O9 -> 2343 | T9: =M9+N9+O9+P9 -> 26602 | U9: =ROUND(M9*$G$29*$G$28*(100-AA9)/100/1000,1) -> 73173.1 | V9: =ROUND((N9+O9)*$G$28*$G$29*(100-AA9)/100/1000*1,1) -> 0 | W9: =U9+V9 -> 73173.1 | X9: =ROUND(P9*$G$29*$G$30*(100-AA9)/100/1000,1) -> 44840.2 | Y9: =ROUND(R9*$G$29*$G$31*(100-AA9)/100/1000,1) -> 313733.3 | Z9: =ROUND(U9+V9+X9+Y9,1) -> 431746.6 | AA9: 12.6 | AB9: 1 | AC9: =ROUND(AB9*$AD$31*1000,1) -> 1125700 | AD9: =ROUND(AB9*$AD$31*1.2,1) -> 1350.8 | AE9: =Z9+AD9 -> 433097.4 | AF9: =AE9 -> 433097.4 | AG9: =AF9-AH9 -> 431746.6 | AH9: =AD9 -> 1350.8 | AI9: 99937.4 | AJ9: =ROUND(AI9*1.04,1) -> 103934.9 | AK9: =ROUND(AF9*$AK$26,1) -> 209651.9 | AL9: =AF9-AK9 -> 223445.5 | AM9: =AS9/1000 -> 209651.9 | AN9: =AM9-AO9 -> 208301.1 | AO9: =AH9 -> 1350.8 | AP9: =AT9/1000 -> 209651.9 | AQ9: =AU9/1000 -> 209651.9 | AS9: =AK9*1000 -> 209651900 | AT9: =AS9 -> 209651900 | AU9: =AT9 -> 209651900 | AV9: =AL9*1000 -> 2.234455e+08
A10: 5 | B10: Выборгский | C10: 16506 | D10: 2765 | E10: 111 | F10: 30 | G10: 2 | H10: 13 | I10: 540 | J10: 120 | K10: 1399 | L10: 977 | M10: =D10+F10+G10+H10+I10+J10+K10+L10 -> 5846 | N10: 0 | O10: 0 | P10: 7241 | Q10: 2518 | R10: =P10-Q10 -> 4723 | S10: =J10+K10+N10+O10 -> 1519 | T10: =M10+N10+O10+P10 -> 13087 | U10: =ROUND(M10*$G$29*$G$28*(100-AA10)/100/1000,1) -> 100993.6 | V10: =ROUND((N10+O10)*$G$28*$G$29*(100-AA10)/100/1000*1,1) -> 0 | W10: =U10+V10 -> 100993.6 | X10: =ROUND(P10*$G$29*$G$30*(100-AA10)/100/1000,1) -> 15636.6 | Y10: =ROUND(R10*$G$29*$G$31*(100-AA10)/100/1000,1) -> 81593 | Z10: =ROUND(U10+V10+X10+Y10,1) -> 198223.2 | AA10: 7 | AB10: 1 | AC10: =ROUND(AB10*$AD$31*1000,1) -> 1125700 | AD10: =ROUND(AB10*$AD$31*1.2,1) -> 1350.8 | AE10: =Z10+AD10 -> 199574 | AF10: =AE10 -> 199574 | AG10: =AF10-AH10 -> 198223.2 | AH10: =AD10 -> 1350.8 | AI10: 99303.2 | AJ10: =ROUND(AI10*1.04,1) -> 103275.3 | AK10: =ROUND(AF10*$AK$26,1) -> 96608.9 | AL10: =AF10-AK10 -> 102965.1 | AM10: =AS10/1000 -> 96608.9 | AN10: =AM10-AO10 -> 95258.1 | AO10: =AH10 -> 1350.8 | AP10: =AT10/1000 -> 96608.9 | AQ10: =AU10/1000 -> 96608.9 | AS10: =AK10*1000 -> 96608900 | AT10: =AS10 -> 96608900 | AU10: =AT10 -> 96608900 | AV10: =AL10*1000 -> 102965100
A11: 6 | B11: Гатчинский | C11: 20437 | D11: 572 | E11: 147 | F11: 66 | G11: 3 | H11: 10 | I11: 893 | J11: 39 | K11: 1920 | L11: 1582 | M11: =D11+F11+G11+H11+I11+J11+K11+L11 -> 5085 | N11: 0 | O11: 0 | P11: 9103 | Q11: 2592 | R11: =P11-Q11 -> 6511 | S11: =J11+K11+N11+O11 -> 1959 | T11: =M11+N11+O11+P11 -> 14188 | U11: =ROUND(M11*$G$29*$G$28*(100-AA11)/100/1000,1) -> 87185.6 | V11: =ROUND((N11+O11)*$G$28*$G$29*(100-AA11)/100/1000*1,1) -> 0 | W11: =U11+V11 -> 87185.6 | X11: =ROUND(P11*$G$29*$G$30*(100-AA11)/100/1000,1) -> 19509.6 | Y11: =ROUND(R11*$G$29*$G$31*(100-AA11)/100/1000,1) -> 111635.3 | Z11: =ROUND(U11+V11+X11+Y11,1) -> 218330.5 | AA11: 7.7 | AB11: 1 | AC11: =ROUND(AB11*$AD$31*1000,1) -> 1125700 | AD11: =ROUND(AB11*$AD$31*1.2,1) -> 1350.8 | AE11: =Z11+AD11 -> 219681.3 | AF11: =AE11 -> 219681.3 | AG11: =AF11-AH11 -> 218330.5 | AH11: =AD11 -> 1350.8 | AI11: 94751.8 | AJ11: =ROUND(AI11*1.04,1) -> 98541.9 | AK11: =ROUND(AF11*$AK$26,1) -> 106342.4 | AL11: =AF11-AK11 -> 113338.9 | AM11: =AS11/1000 -> 106342.4 | AN11: =AM11-AO11 -> 104991.6 | AO11: =AH11 -> 1350.8 | AP11: =AT11/1000 -> 106342.4 | AQ11: =AU11/1000 -> 106342.4 | AS11: =AK11*1000 -> 106342400 | AT11: =AS11 -> 106342400 | AU11: =AT11 -> 106342400 | AV11: =AL11*1000 -> 113338900
A12: 7 | B12: Кингисеппский | C12: 7443 | D12: 122 | E12: 17 | F12: 49 | G12: 0 | H12: 1 | I12: 441 | J12: 1 | K12: 707 | L12: 592 | M12: =D12+F12+G12+H12+I12+J12+K12+L12 -> 1913 | N12: 0 | O12: 0 | P12: 3300 | Q12: 0 | R12: =P12-Q12 -> 3300 | S12: =J12+K12+N12+O12 -> 708 | T12: =M12+N12+O12+P12 -> 5213 | U12: =ROUND(M12*$G$29*$G$28*(100-AA12)/100/1000,1) -> 31307.1 | V12: =ROUND((N12+O12)*$G$28*$G$29*(100-AA12)/100/1000*1,1) -> 0 | W12: =U12+V12 -> 31307.1 | X12: =ROUND(P12*$G$29*$G$30*(100-AA12)/100/1000,1) -> 6750.8 | Y12: =ROUND(R12*$G$29*$G$31*(100-AA12)/100/1000,1) -> 54006 | Z12: =ROUND(U12+V12+X12+Y12,1) -> 92063.9 | AA12: 11.9 | AB12: 0.8 | AC12: =ROUND(AB12*$AD$31*1000,1) -> 900560 | AD12: =ROUND(AB12*$AD$31*1.2,1) -> 1080.7 | AE12: =Z12+AD12 -> 93144.6 | AF12: =AE12 -> 93144.6 | AG12: =AF12-AH12 -> 92063.9 | AH12: =AD12 -> 1080.7 | AI12: 38877.4 | AJ12: =ROUND(AI12*1.04,1) -> 40432.5 | AK12: =ROUND(AF12*$AK$26,1) -> 45089 | AL12: =AF12-AK12 -> 48055.6 | AM12: =AS12/1000 -> 45089 | AN12: =AM12-AO12 -> 44008.3 | AO12: =AH12 -> 1080.7 | AP12: =AT12/1000 -> 45089 | AQ12: =AU12/1000 -> 45089 | AS12: =AK12*1000 -> 45089000 | AT12: =AS12 -> 45089000 | AU12: =AT12 -> 45089000 | AV12: =AL12*1000 -> 48055600
A13: 8 | B13: Киришский | C13: 7073 | D13: 135 | E13: 43 | F13: 19 | G13: 0 | H13: 14 | I13: 163 | J13: 29 | K13: 568 | L13: 313 | M13: =D13+F13+G13+H13+I13+J13+K13+L13 -> 1241 | N13: 0 | O13: 0 | P13: 3108 | Q13: 595 | R13: =P13-Q13 -> 2513 | S13: =J13+K13+N13+O13 -> 597 | T13: =M13+N13+O13+P13 -> 4349 | U13: =ROUND(M13*$G$29*$G$28*(100-AA13)/100/1000,1) -> 21969.3 | V13: =ROUND((N13+O13)*$G$28*$G$29*(100-AA13)/100/1000*1,1) -> 0 | W13: =U13+V13 -> 21969.3 | X13: =ROUND(P13*$G$29*$G$30*(100-AA13)/100/1000,1) -> 6877.6 | Y13: =ROUND(R13*$G$29*$G$31*(100-AA13)/100/1000,1) -> 44487.5 | Z13: =ROUND(U13+V13+X13+Y13,1) -> 73334.4 | AA13: 4.7 | AB13: 0.8 | AC13: =ROUND(AB13*$AD$31*1000,1) -> 900560 | AD13: =ROUND(AB13*$AD$31*1.2,1) -> 1080.7 | AE13: =Z13+AD13 -> 74415.1 | AF13: =AE13 -> 74415.1 | AG13: =AF13-AH13 -> 73334.4 | AH13: =AD13 -> 1080.7 | AI13: 26486.6 | AJ13: =ROUND(AI13*1.04,1) -> 27546.1 | AK13: =ROUND(AF13*$AK$26,1) -> 36022.5 | AL13: =AF13-AK13 -> 38392.6 | AM13: =AS13/1000 -> 36022.5 | AN13: =AM13-AO13 -> 34941.8 | AO13: =AH13 -> 1080.7 | AP13: =AT13/1000 -> 36022.5 | AQ13: =AU13/1000 -> 36022.5 | AS13: =AK13*1000 -> 36022500 | AT13: =AS13 -> 36022500 | AU13: =AT13 -> 36022500 | AV13: =AL13*1000 -> 38392600
A14: 9 | B14: Кировский | C14: 8910 | D14: 568 | E14: 47 | F14: 45 | G14: 4 | H14: 6 | I14: 265 | J14: 0 | K14: 717 | L14: 364 | M14: =D14+F14+G14+H14+I14+J14+K14+L14 -> 1969 | N14: 0 | O14: 0 | P14: 4014 | Q14: 984 | R14: =P14-Q14 -> 3030 | S14: =J14+K14+N14+O14 -> 717 | T14: =M14+N14+O14+P14 -> 5983 | U14: =ROUND(M14*$G$29*$G$28*(100-AA14)/100/1000,1) -> 34674.2 | V14: =ROUND((N14+O14)*$G$28*$G$29*(100-AA14)/100/1000*1,1) -> 0 | W14: =U14+V14 -> 34674.2 | X14: =ROUND(P14*$G$29*$G$30*(100-AA14)/100/1000,1) -> 8835.8 | Y14: =ROUND(R14*$G$29*$G$31*(100-AA14)/100/1000,1) -> 53358.4 | Z14: =ROUND(U14+V14+X14+Y14,1) -> 96868.4 | AA14: 5.2 | AB14: 0.9 | AC14: =ROUND(AB14*$AD$31*1000,1) -> 1013130 | AD14: =ROUND(AB14*$AD$31*1.2,1) -> 1215.8 | AE14: =Z14+AD14 -> 98084.2 | AF14: =AE14 -> 98084.2 | AG14: =AF14-AH14 -> 96868.4 | AH14: =AD14 -> 1215.8 | AI14: 41665.4 | AJ14: =ROUND(AI14*1.04,1) -> 43332 | AK14: =ROUND(AF14*$AK$26,1) -> 47480.2 | AL14: =AF14-AK14 -> 50604 | AM14: =AS14/1000 -> 47480.2 | AN14: =AM14-AO14 -> 46264.4 | AO14: =AH14 -> 1215.8 | AP14: =AT14/1000 -> 47480.2 | AQ14: =AU14/1000 -> 47480.2 | AS14: =AK14*1000 -> 47480200 | AT14: =AS14 -> 47480200 | AU14: =AT14 -> 47480200 | AV14: =AL14*1000 -> 50604000
A15: 10 | B15: Лодейнопольский | C15: 2683 | D15: 291 | E15: 22 | F15: 22 | G15: 0 | H15: 9 | I15: 207 | J15: 11 | K15: 213 | L15: 381 | M15: =D15+F15+G15+H15+I15+J15+K15+L15 -> 1134 | N15: 0 | O15: 0 | P15: 1120 | Q15: 478 | R15: =P15-Q15 -> 642 | S15: =J15+K15+N15+O15 -> 224 | T15: =M15+N15+O15+P15 -> 2254 | U15: =ROUND(M15*$G$29*$G$28*(100-AA15)/100/1000,1) -> 18010.7 | V15: =ROUND((N15+O15)*$G$28*$G$29*(100-AA15)/100/1000*1,1) -> 0 | W15: =U15+V15 -> 18010.7 | X15: =ROUND(P15*$G$29*$G$30*(100-AA15)/100/1000,1) -> 2223.5 | Y15: =ROUND(R15*$G$29*$G$31*(100-AA15)/100/1000,1) -> 10196.6 | Z15: =ROUND(U15+V15+X15+Y15,1) -> 30430.8 | AA15: 14.5 | AB15: 0.3 | AC15: =ROUND(AB15*$AD$31*1000,1) -> 337710 | AD15: =ROUND(AB15*$AD$31*1.2,1) -> 405.3 | AE15: =Z15+AD15 -> 30836.1 | AF15: =AE15 -> 30836.1 | AG15: =AF15-AH15 -> 30430.8 | AH15: =AD15 -> 405.3 | AI15: 20512.3 | AJ15: =ROUND(AI15*1.04,1) -> 21332.8 | AK15: =ROUND(AF15*$AK$26,1) -> 14927 | AL15: =AF15-AK15 -> 15909.1 | AM15: =AS15/1000 -> 14927 | AN15: =AM15-AO15 -> 14521.7 | AO15: =AH15 -> 405.3 | AP15: =AT15/1000 -> 14927 | AQ15: =AU15/1000 -> 14927 | AS15: =AK15*1000 -> 14927000 | AT15: =AS15 -> 14927000 | AU15: =AT15 -> 14927000 | AV15: =AL15*1000 -> 15909100
A16: 11 | B16: Ломоносовский | C16: 6056 | D16: 417 | E16: 27 | F16: 71 | G16: 1 | H16: 15 | I16: 157 | J16: 27 | K16: 328 | L16: 97 | M16: =D16+F16+G16+H16+I16+J16+K16+L16 -> 1113 | N16: 105 | O16: 5 | P16: 2880 | Q16: 599 | R16: =P16-Q16 -> 2281 | S16: =J16+K16+N16+O16 -> 465 | T16: =M16+N16+O16+P16 -> 4103 | U16: =ROUND(M16*$G$29*$G$28*(100-AA16)/100/1000,1) -> 19848.1 | V16: =ROUND((N16+O16)*$G$28*$G$29*(100-AA16)/100/1000*1,1) -> 1961.6 | W16: =U16+V16 -> 21809.7 | X16: =ROUND(P16*$G$29*$G$30*(100-AA16)/100/1000,1) -> 6419.9 | Y16: =ROUND(R16*$G$29*$G$31*(100-AA16)/100/1000,1) -> 40677 | Z16: =ROUND(U16+V16+X16+Y16,1) -> 68906.6 | AA16: 4 | AB16: 0.7 | AC16: =ROUND(AB16*$AD$31*1000,1) -> 787990 | AD16: =ROUND(AB16*$AD$31*1.2,1) -> 945.6 | AE16: =Z16+AD16 -> 69852.2 | AF16: =AE16 -> 69852.2 | AG16: =AF16-AH16 -> 68906.6 | AH16: =AD16 -> 945.6 | AI16: 28144.9 | AJ16: =ROUND(AI16*1.04,1) -> 29270.7 | AK16: =ROUND(AF16*$AK$26,1) -> 33813.8 | AL16: =AF16-AK16 -> 36038.4 | AM16: =AS16/1000 -> 33813.8 | AN16: =AM16-AO16 -> 32868.2 | AO16: =AH16 -> 945.6 | AP16: =AT16/1000 -> 33813.8 | AQ16: =AU16/1000 -> 33813.8 | AS16: =AK16*1000 -> 33813800 | AT16: =AS16 -> 33813800 | AU16: =AT16 -> 33813800 | AV16: =AL16*1000 -> 36038400
A17: 12 | B17: Лужский | C17: 5737 | D17: 189 | E17: 51 | F17: 494 | G17: 0 | H17: 6 | I17: 377 | J17: 35 | K17: 495 | L17: 1048 | M17: =D17+F17+G17+H17+I17+J17+K17+L17 -> 2644 | N17: 0 | O17: 0 | P17: 2462 | Q17: 1093 | R17: =P17-Q17 -> 1369 | S17: =J17+K17+N17+O17 -> 530 | T17: =M17+N17+O17+P17 -> 5106 | U17: =ROUND(M17*$G$29*$G$28*(100-AA17)/100/1000,1) -> 46659.2 | V17: =ROUND((N17+O17)*$G$28*$G$29*(100-AA17)/100/1000*1,1) -> 0 | W17: =U17+V17 -> 46659.2 | X17: =ROUND(P17*$G$29*$G$30*(100-AA17)/100/1000,1) -> 5430.9 | Y17: =ROUND(R17*$G$29*$G$31*(100-AA17)/100/1000,1) -> 24159 | Z17: =ROUND(U17+V17+X17+Y17,1) -> 76249.1 | AA17: 5 | AB17: 0.6 | AC17: =ROUND(AB17*$AD$31*1000,1) -> 675420 | AD17: =ROUND(AB17*$AD$31*1.2,1) -> 810.5 | AE17: =Z17+AD17 -> 77059.6 | AF17: =AE17 -> 77059.6 | AG17: =AF17-AH17 -> 76249.1 | AH17: =AD17 -> 810.5 | AI17: 44255.1 | AJ17: =ROUND(AI17*1.04,1) -> 46025.3 | AK17: =ROUND(AF17*$AK$26,1) -> 37302.7 | AL17: =AF17-AK17 -> 39756.9 | AM17: =AS17/1000 -> 37302.7 | AN17: =AM17-AO17 -> 36492.2 | AO17: =AH17 -> 810.5 | AP17: =AT17/1000 -> 37302.7 | AQ17: =AU17/1000 -> 37302.7 | AS17: =AK17*1000 -> 37302700 | AT17: =AS17 -> 37302700 | AU17: =AT17 -> 37302700 | AV17: =AL17*1000 -> 39756900
... A23: 18 | B23: Сосновоборский | C23: 6573 | D23: 68 | E23: 37 | F23: 24 | G23: 3 | H23: 2 | I23: 307 | J23: 7 | K23: 408 | L23: 167 | M23: =D23+F23+G23+H23+I23+J23+K23+L23 -> 986 | N23: 0 | O23: 0 | P23: 2827 | Q23: 511 | R23: =P23-Q23 -> 2316 | S23: =J23+K23+N23+O23 -> 415 | T23: =M23+N23+O23+P23 -> 3813 | U23: =ROUND(M23*$G$29*$G$28*(100-AA23)/100/1000,1) -> 16667.5 | V23: =ROUND((N23+O23)*$G$28*$G$29*(100-AA23)/100/1000*1,1) -> 0 | W23: =U23+V23 -> 16667.5 | X23: =ROUND(P23*$G$29*$G$30*(100-AA23)/100/1000,1) -> 5973.5 | Y23: =ROUND(R23*$G$29*$G$31*(100-AA23)/100/1000,1) -> 39150 | Z23: =ROUND(U23+V23+X23+Y23,1) -> 61791 | AA23: 9 | AB23: 0.6 | AC23: =ROUND(AB23*$AD$31*1000,1) -> 675420 | AD23: =ROUND(AB23*$AD$31*1.2,1) -> 810.5 | AE23: =Z23+AD23 -> 62601.5 | AF23: =AE23 -> 62601.5 | AG23: =AF23-AH23 -> 61791 | AH23: =AD23 -> 810.5 | AI23: 21427.8 | AJ23: =ROUND(AI23*1.04,1) -> 22284.9 | AK23: =ROUND(AF23*$AK$26,1) -> 30303.9 | AL23: =AF23-AK23 -> 32297.6 | AM23: =AS23/1000 -> 30303.9 | AN23: =AM23-AO23 -> 29493.4 | AO23: =AH23 -> 810.5 | AP23: =AT23/1000 -> 30303.9 | AQ23: =AU23/1000 -> 30303.9 | AS23: =AK23*1000 -> 30303900 | AT23: =AS23 -> 30303900 | AU23: =AT23 -> 30303900 | AV23: =AL23*1000 -> 32297600
B24: ВСЕГО | C24: =SUM(C6:C23) -> 172611 | D24: =SUM(D6:D23) -> 8451 | E24: =SUM(E6:E23) -> 943 | F24: =SUM(F6:F23) -> 1254 | G24: =SUM(G6:G23) -> 29 | H24: =SUM(H6:H23) -> 156 | I24: =SUM(I6:I23) -> 6532 | J24: =SUM(J6:J23) -> 519 | ... Z24: =SUM(Z6:Z23) -> 1846776.2 | AA24: =SUM(AA6:AA23)/18 -> 9.1333333 | AB24: 12.1 | AC24: =SUM(AC6:AC23) -> 14183820 | AD24: =SUM(AD6:AD23) -> 17020.6 | AE24: =SUM(AE6:AE23) -> 1863796.8 | AF24: =SUM(AF6:AF23) -> 1863796.8 | AG24: =SUM(AG6:AG23) -> 1846776.2 | AH24: =SUM(AH6:AH23) -> 17020.6 | AI24: =SUM(AI6:AI23) -> 760106.4 | AJ24: =SUM(AJ6:AJ23) -> 790510.7 | ... AQ24: =SUM(AQ6:AQ23) -> 902218.8 | AS24: =SUM(AS6:AS23) -> 902218800 | AT24: =SUM(AT6:AT23) -> 902218800 | AU24: =SUM(AU6:AU23) -> 902218800 | AV24: =SUM(AV6:AV23) -> 961578000
AF25: =AF24/AI24-100% -> 1.4520209 | AJ25: =AJ24/AI24-100% -> 0.040000058
AK26: =(AK27/1000)/AF24 -> 0.48407573
AK27: 902218800
D28: Стоимость питания в день | G28: 108 | AB28: оклад ведущего специалиста | AD28: =ROUND(5600*1.1*1.1*1.1*1.1*1.06*1.06*1.1*1.06*1.06*1.1*1.06*1.04*1.04*1.04*1.04,1) -> 15531.3
D29: Количество учебных дней | G29: 172 | AB29: кол-во должностных окладов в год | AD29: 55.67
D30: Стоимость 0,2 л молока | G30: 13.5 | AB30: начисления | AD30: 1.302
D31: Стоимость горячего питания | G31: 108 | AD31: =ROUND(AD28*AD29*AD30/1000,1) -> 1125.7
AD34: 2020
AD35: 14933.9

Sheet горячее питание_80
A1: Расчет объема субвенции бюджетам муниципальных образований на обеспечение питанием обучающихся в общеобразовательных учреждениях, расположенных на территории Ленинградской области на 2020 год
A3: №№ | B3: Наименование муниципальных образований | C3: Всего планируемое количество обучающихся | D3: их них 1-4 классы, чел. | G3: % невыходов | H3: Итого потребность средств на питание с 01.09.2020, руб. | I3: за счет ФБ | J3: за счет ОБ
D5: 1-4 классы, чел. | E5: в том числе льготники | F5: Итого на горячее питание
A6: 1 | B6: Бокситогорский | C6: =Питание!C6 -> 4457 | D6: =Питание!P6 -> 1825 | E6: =Питание!Q6 -> 384 | F6: =D6-E6 -> 1441 | G6: =Питание!AA6 -> 14.5 | H6: =ROUND(F6*$H$29*$H$30*(100-G6)/100,-2) -> 16953100 | I6: =ROUND(H6*$I$27,-2) -> 0 | J6: =H6-I6 -> 16953100
A7: 2 | B7: Волосовский | C7: =Питание!C7 -> 4136 | D7: =Питание!P7 -> 1757 | E7: =Питание!Q7 -> 764 | F7: =D7-E7 -> 993 | G7: =Питание!AA7 -> 9 | H7: =ROUND(F7*$H$29*$H$30*(100-G7)/100,-2) -> 12433900 | I7: =ROUND(H7*$I$27,-2) -> 0 | J7: =H7-I7 -> 12433900
A8: 3 | B8: Волховский | C8: =Питание!C8 -> 7483 | D8: =Питание!P8 -> 3127 | E8: =Питание!Q8 -> 1118 | F8: =D8-E8 -> 2009 | G8: =Питание!AA8 -> 14.4 | H8: =ROUND(F8*$H$29*$H$30*(100-G8)/100,-2) -> 23663100 | I8: =ROUND(H8*$I$27,-2) -> 0 | J8: =H8-I8 -> 23663100
A9: 4 | B9: Всеволожский | C9: =Питание!C9 -> 45470 | D9: =Питание!P9 -> 22095 | E9: =Питание!Q9 -> 2771 | F9: =D9-E9 -> 19324 | G9: =Питание!AA9 -> 12.6 | H9: =ROUND(F9*$H$29*$H$30*(100-G9)/100,-2) -> 232395100 | I9: =ROUND(H9*$I$27,-2) -> 0 | J9: =H9-I9 -> 232395100
A10: 5 | B10: Выборгский | C10: =Питание!C10 -> 16506 | D10: =Питание!P10 -> 7241 | E10: =Питание!Q10 -> 2518 | F10: =D10-E10 -> 4723 | G10: =Питание!AA10 -> 7 | H10: =ROUND(F10*$H$29*$H$30*(100-G10)/100,-2) -> 60439300 | I10: =ROUND(H10*$I$27,-2) -> 0 | J10: =H10-I10 -> 60439300
A11: 6 | B11: Гатчинский | C11: =Питание!C11 -> 20437 | D11: =Питание!P11 -> 9103 | E11: =Питание!Q11 -> 2592 | F11: =D11-E11 -> 6511 | G11: =Питание!AA11 -> 7.7 | H11: =ROUND(F11*$H$29*$H$30*(100-G11)/100,-2) -> 82692800 | I11: =ROUND(H11*$I$27,-2) -> 0 | J11: =H11-I11 -> 82692800
A12: 7 | B12: Кингисеппский | C12: =Питание!C12 -> 7443 | D12: =Питание!P12 -> 3300 | E12: =Питание!Q12 -> 0 | F12: =D12-E12 -> 3300 | G12: =Питание!AA12 -> 11.9 | H12: =ROUND(F12*$H$29*$H$30*(100-G12)/100,-2) -> 40004400 | I12: =ROUND(H12*$I$27,-2) -> 0 | J12: =H12-I12 -> 40004400
A13: 8 | B13: Киришский | C13: =Питание!C13 -> 7073 | D13: =Питание!P13 -> 3108 | E13: =Питание!Q13 -> 595 | F13: =D13-E13 -> 2513 | G13: =Питание!AA13 -> 4.7 | H13: =ROUND(F13*$H$29*$H$30*(100-G13)/100,-2) -> 32953700 | I13: =ROUND(H13*$I$27,-2) -> 0 | J13: =H13-I13 -> 32953700
A14: 9 | B14: Кировский | C14: =Питание!C14 -> 8910 | D14: =Питание!P14 -> 4014 | E14: =Питание!Q14 -> 984 | F14: =D14-E14 -> 3030 | G14: =Питание!AA14 -> 5.2 | H14: =ROUND(F14*$H$29*$H$30*(100-G14)/100,-2) -> 39524800 | I14: =ROUND(H14*$I$27,-2) -> 0 | J14: =H14-I14 -> 39524800
A15: 10 | B15: Лодейнопольский | C15: =Питание!C15 -> 2683 | D15: =Питание!P15 -> 1120 | E15: =Питание!Q15 -> 478 | F15: =D15-E15 -> 642 | G15: =Питание!AA15 -> 14.5 | H15: =ROUND(F15*$H$29*$H$30*(100-G15)/100,-2) -> 7553000 | I15: =ROUND(H15*$I$27,-2) -> 0 | J15: =H15-I15 -> 7553000
A16: 11 | B16: Ломоносовский | C16: =Питание!C16 -> 6056 | D16: =Питание!P16 -> 2880 | E16: =Питание!Q16 -> 599 | F16: =D16-E16 -> 2281 | G16: =Питание!AA16 -> 4 | H16: =ROUND(F16*$H$29*$H$30*(100-G16)/100,-2) -> 30131100 | I16: =ROUND(H16*$I$27,-2) -> 0 | J16: =H16-I16 -> 30131100
A17: 12 | B17: Лужский | C17: =Питание!C17 -> 5737 | D17: =Питание!P17 -> 2462 | E17: =Питание!Q17 -> 1093 | F17: =D17-E17 -> 1369 | G17: =Питание!AA17 -> 5 | H17: =ROUND(F17*$H$29*$H$30*(100-G17)/100,-2) -> 17895600 | I17: =ROUND(H17*$I$27,-2) -> 0 | J17: =H17-I17 -> 17895600
... A23: 18 | B23: Сосновоборский | C23: =Питание!C23 -> 6573 | D23: =Питание!P23 -> 2827 | E23: =Питание!Q23 -> 511 | F23: =D23-E23 -> 2316 | G23: =Питание!AA23 -> 9 | H23: =ROUND(F23*$H$29*$H$30*(100-G23)/100,-2) -> 29000000 | I23: =ROUND(H23*$I$27,-2) -> 0 | J23: =H23-I23 -> 29000000
B24: ВСЕГО | C24: =SUM(C6:C23) -> 172611 | D24: =SUM(D6:D23) -> 77865 | E24: =SUM(E6:E23) -> 17485 | F24: =SUM(F6:F23) -> 60380 | G24: =SUM(G6:G23)/18 -> 9.1333333 | H24: =SUM(H6:H23) -> 748013200 | I24: =SUM(I6:I23) -> 0 | J24: =SUM(J6:J23) -> 748013200
I25: =I26-I24 -> 0 | J25: =J24+I24=H24 -> TRUE
H26: ФБ | I26: 0
I27: =I26/H24 -> 0
D28: с 01.09._питание горячее
D29: Количество учебных дней | H29: 172
D30: Стоимость горячего питания | H30: 80

Sheet горячее питание_108
A1: Расчет объема субвенции бюджетам муниципальных образований на обеспечение питанием обучающихся в общеобразовательных учреждениях, расположенных на территории Ленинградской области на 2020 год
A3: №№ | B3: Наименование муниципальных образований | C3: Всего планируемое количество обучающихся | D3: их них 1-4 классы, чел. | G3: % невыходов | H3: Итого потребность средств на питание с 01.09.2020, руб. | I3: за счет ФБ | J3: за счет ОБ
D5: 1-4 классы, чел. | E5: в том числе льготники | F5: Итого на горячее питание | K5: потребность
A6: 1 | B6: Бокситогорский | C6: =Питание!C6 -> 4457 | D6: =Питание!P6 -> 1825 | E6: =Питание!Q6 -> 384 | F6: =D6-E6 -> 1441 | G6: =Питание!AA6 -> 14.5 | H6: =ROUND(F6*$H$29*$H$30*(100-G6)/100,-2) -> 22886700 | I6: =ROUND(H6*$I$27,-2) -> 0 | J6: =H6-I6 -> 22886700 | K6: =H6-'горячее питание_80'!H6 -> 5933600
A7: 2 | B7: Волосовский | C7: =Питание!C7 -> 4136 | D7: =Питание!P7 -> 1757 | E7: =Питание!Q7 -> 764 | F7: =D7-E7 -> 993 | G7: =Питание!AA7 -> 9 | H7: =ROUND(F7*$H$29*$H$30*(100-G7)/100,-2) -> 16785800 | I7: =ROUND(H7*$I$27,-2) -> 0 | J7: =H7-I7 -> 16785800 | K7: =H7-'горячее питание_80'!H7 -> 4351900
A8: 3 | B8: Волховский | C8: =Питание!C8 -> 7483 | D8: =Питание!P8 -> 3127 | E8: =Питание!Q8 -> 1118 | F8: =D8-E8 -> 2009 | G8: =Питание!AA8 -> 14.4 | H8: =ROUND(F8*$H$29*$H$30*(100-G8)/100,-2) -> 31945200 | I8: =ROUND(H8*$I$27,-2) -> 0 | J8: =H8-I8 -> 31945200 | K8: =H8-'горячее питание_80'!H8 -> 8282100
A9: 4 | B9: Всеволожский | C9: =Питание!C9 -> 45470 | D9: =Питание!P9 -> 22095 | E9: =Питание!Q9 -> 2771 | F9: =D9-E9 -> 19324 | G9: =Питание!AA9 -> 12.6 | H9: =ROUND(F9*$H$29*$H$30*(100-G9)/100,-2) -> 313733300 | I9: =ROUND(H9*$I$27,-2) -> 0 | J9: =H9-I9 -> 313733300 | K9: =H9-'горячее питание_80'!H9 -> 81338200
A10: 5 | B10: Выборгский | C10: =Питание!C10 -> 16506 | D10: =Питание!P10 -> 7241 | E10: =Питание!Q10 -> 2518 | F10: =D10-E10 -> 4723 | G10: =Питание!AA10 -> 7 | H10: =ROUND(F10*$H$29*$H$30*(100-G10)/100,-2) -> 81593000 | I10: =ROUND(H10*$I$27,-2) -> 0 | J10: =H10-I10 -> 81593000 | K10: =H10-'горячее питание_80'!H10 -> 21153700
A11: 6 | B11: Гатчинский | C11: =Питание!C11 -> 20437 | D11: =Питание!P11 -> 9103 | E11: =Питание!Q11 -> 2592 | F11: =D11-E11 -> 6511 | G11: =Питание!AA11 -> 7.7 | H11: =ROUND(F11*$H$29*$H$30*(100-G11)/100,-2) -> 111635300 | I11: =ROUND(H11*$I$27,-2) -> 0 | J11: =H11-I11 -> 111635300 | K11: =H11-'горячее питание_80'!H11 -> 28942500
A12: 7 | B12: Кингисеппский | C12: =Питание!C12 -> 7443 | D12: =Питание!P12 -> 3300 | E12: =Питание!Q12 -> 0 | F12: =D12-E12 -> 3300 | G12: =Питание!AA12 -> 11.9 | H12: =ROUND(F12*$H$29*$H$30*(100-G12)/100,-2) -> 54006000 | I12: =ROUND(H12*$I$27,-2) -> 0 | J12: =H12-I12 -> 54006000 | K12: =H12-'горячее питание_80'!H12 -> 14001600
A13: 8 | B13: Киришский | C13: =Питание!C13 -> 7073 | D13: =Питание!P13 -> 3108 | E13: =Питание!Q13 -> 595 | F13: =D13-E13 -> 2513 | G13: =Питание!AA13 -> 4.7 | H13: =ROUND(F13*$H$29*$H$30*(100-G13)/100,-2) -> 44487500 | I13: =ROUND(H13*$I$27,-2) -> 0 | J13: =H13-I13 -> 44487500 | K13: =H13-'горячее питание_80'!H13 -> 11533800
A14: 9 | B14: Кировский | C14: =Питание!C14 -> 8910 | D14: =Питание!P14 -> 4014 | E14: =Питание!Q14 -> 984 | F14: =D14-E14 -> 3030 | G14: =Питание!AA14 -> 5.2 | H14: =ROUND(F14*$H$29*$H$30*(100-G14)/100,-2) -> 53358400 | I14: =ROUND(H14*$I$27,-2) -> 0 | J14: =H14-I14 -> 53358400 | K14: =H14-'горячее питание_80'!H14 -> 13833600
A15: 10 | B15: Лодейнопольский | C15: =Питание!C15 -> 2683 | D15: =Питание!P15 -> 1120 | E15: =Питание!Q15 -> 478 | F15: =D15-E15 -> 642 | G15: =Питание!AA15 -> 14.5 | H15: =ROUND(F15*$H$29*$H$30*(100-G15)/100,-2) -> 10196600 | I15: =ROUND(H15*$I$27,-2) -> 0 | J15: =H15-I15 -> 10196600 | K15: =H15-'горячее питание_80'!H15 -> 2643600
A16: 11 | B16: Ломоносовский | C16: =Питание!C16 -> 6056 | D16: =Питание!P16 -> 2880 | E16: =Питание!Q16 -> 599 | F16: =D16-E16 -> 2281 | G16: =Питание!AA16 -> 4 | H16: =ROUND(F16*$H$29*$H$30*(100-G16)/100,-2) -> 40677000 | I16: =ROUND(H16*$I$27,-2) -> 0 | J16: =H16-I16 -> 40677000 | K16: =H16-'горячее питание_80'!H16 -> 10545900
A17: 12 | B17: Лужский | C17: =Питание!C17 -> 5737 | D17: =Питание!P17 -> 2462 | E17: =Питание!Q17 -> 1093 | F17: =D17-E17 -> 1369 | G17: =Питание!AA17 -> 5 | H17: =ROUND(F17*$H$29*$H$30*(100-G17)/100,-2) -> 24159000 | I17: =ROUND(H17*$I$27,-2) -> 0 | J17: =H17-I17 -> 24159000 | K17: =H17-'горячее питание_80'!H17 -> 6263400
... A23: 18 | B23: Сосновоборский | C23: =Питание!C23 -> 6573 | D23: =Питание!P23 -> 2827 | E23: =Питание!Q23 -> 511 | F23: =D23-E23 -> 2316 | G23: =Питание!AA23 -> 9 | H23: =ROUND(F23*$H$29*$H$30*(100-G23)/100,-2) -> 39150000 | I23: =ROUND(H23*$I$27,-2) -> 0 | J23: =H23-I23 -> 39150000 | K23: =H23-'горячее питание_80'!H23 -> 10150000
B24: ВСЕГО | C24: =SUM(C6:C23) -> 172611 | D24: =SUM(D6:D23) -> 77865 | E24: =SUM(E6:E23) -> 17485 | F24: =SUM(F6:F23) -> 60380 | G24: =SUM(G6:G23)/18 -> 9.1333333 | H24: =SUM(H6:H23) -> 1009817800 | I24: =SUM(I6:I23) -> 0 | J24: =SUM(J6:J23) -> 1009817800 | K24: =SUM(K6:K23) -> 261804600
H25: 690000000 | I25: =I26-I24 -> 0 | J25: =J24+I24=H24 -> TRUE
H26: ФБ | I26: 0
I27: =I26/H24 -> 0
D28: с 01.09._питание горячее | J28: =H24-H25 -> 319817800
D29: Количество учебных дней | H29: 172
D30: Стоимость горячего питания | H30: 108

Sheet Прогнозные
B1: Расчетные показатели на 2021 год
B2: 1 | C2: =VLOOKUP(B2,#REF!,2) -> #REF!
B3: 1004 | C3: 52 4 02 71380 | D3: Организация осуществления деятельности по опеке и попечительству
B4: Планируемое количество ставок специалистов | O4: =VLOOKUP($B$2,#REF!,8) -> #REF!
B5: Учтено в бюджете на 2020 год, тыс. руб. | O5: =VLOOKUP($B$2,#REF!,11) -> #REF!
B6: 1003 | C6: 53 1 03 71450 | D6: Подготовка граждан, желающих принять детей-сирот, детей, оставшихся без попечения родителей в семью
B7: Планируемая среднегодовая численность обучающихся граждан | O7: =VLOOKUP($B$2,#REF!,3) -> #REF!
B8: Учтено в бюджете на 2020 год, тыс. руб. | O8: =VLOOKUP($B$2,#REF!,5)/1000 -> #REF!
B9: 1003 | C9: 53 1 03 71720 | D9: Постинтернатное сопровождение детей-сирот и детей, оставшихся без без попечения родителей
B10: Планируемая среднегодовая численность | O10: =VLOOKUP($B$2,#REF!,3) -> #REF!
B11: Учтено в бюджете на 2020 год, тыс. руб. | O11: =VLOOKUP($B$2,#REF!,6) -> #REF!
B12: 1003 | C12: 53 1 03 71480 | D12: Текущий ремонт жилья детям-сиротам, детям, оставшимся без попечения родителей
B13: Планируемая численность | O13: =VLOOKUP($B$2,#REF!,3) -> #REF!
B14: Учтено в бюджете на 2020 год, тыс. руб. | O14: =VLOOKUP($B$2,#REF!,5) -> #REF!
B15: 1003 | C15: 53 1 03 71470 | D15: Обеспечение бесплатного проезда детей-сирот
B16: Среднегодовая численность детей-сирот | G16: =VLOOKUP($B$2,#REF!,3) -> #REF! | M16: размер ежемесячной денежной выплаты | O16: 400
B17: Учтено в бюджете на 2020 год, тыс. руб. | O17: =VLOOKUP($B$2,#REF!,12) -> #REF!
B18: 1003 | C18: 53 1 03 71500 | D18: Льготы ЖКХ сиротам
B19: Среднегодовое количество детей | O19: =VLOOKUP($B$2,#REF!,5) -> #REF!
B20: Учтено в бюджете на 2020 год, тыс. руб. | O20: =VLOOKUP($B$2,#REF!,12) -> #REF!
B21: 1004 | C21: 52 4 04 R0820 52 4 04 70820 | D21: Обеспечение жильем детей-сирот
B22: Количество детей-сирот и детей, оставшихся без попечения родителей, по заявке МО, у которых право на бесплатное жилье возникает в 2020г | O22: =VLOOKUP($B$2,Жилье!$A$6:$S$24,3) -> 4
B23: Норма площади | E23: 33 | F23: стоимость 1 кв. метра, тыс.руб. | O23: =VLOOKUP($B$2,Жилье!$A$6:$S$24,5) -> 30.847
B24: Учтено в бюджете на 2020 год, тыс. руб. | O24: =VLOOKUP($B$2,Жилье!$A$6:$S$24,21)/1000 -> #REF!
B25: в том числе средства областного бюджета | O25: =VLOOKUP($B$2,Жилье!$A$6:$S$24,17)/1000 -> 3103.6
B26: в том числе средства федерального бюджета | O26: =VLOOKUP($B$2,Жилье!$A$6:$S$24,20)/1000 -> #REF!
B27: 1004 | C27: 53 1 03 71430 | D27: Вознаграждение приемным родителям
B28: Среднегодовое количество приемных семей (с учетом ранее созданных) | O28: =VLOOKUP($B$2,'Вознаграждение '!$A$4:$R$26,3) -> 59
B29: Учтено в бюджете на 2020 год, тыс. руб. | O29: =VLOOKUP($B$2,'Вознаграждение '!$A$4:$Y$26,25)/1000 -> -0.002
B30: 1003 | C30: 53 1 03 71490 | D30: Аренда жилья для детей-сирот
B31: Количество детей-сирот и детей, оставшихся без попечения родителей | O31: =VLOOKUP($B$2,#REF!,3) -> #REF!
B32: Учтено в бюджете на 2020 год, тыс. руб. | O32: =VLOOKUP($B$2,#REF!,5) -> #REF!
B33: 1004 | C33: 53 1 03 71460 | D33: Опекунское пособие
B34: Среднегодовое число опекаемых детей, получающих пособие | G34: до 6 лет | O34: =VLOOKUP($B$2,#REF!,4) -> #REF!
G35: старше 6 лет | O35: =VLOOKUP($B$2,#REF!,5) -> #REF!
B36: Среднегодовое число приемных детей, получающих пособие | G36: до 6 лет | O36: =VLOOKUP($B$2,#REF!,7) -> #REF!
G37: старше 6 лет | O37: =VLOOKUP($B$2,#REF!,8) -> #REF!
B38: Учтено в бюджете на 2020 год, тыс. руб. | O38: =VLOOKUP($B$2,#REF!,14) -> #REF!
B39: 1004 | C39: 53 1 03 52600 | D39: Единовременное пособие при всех формах устройства детей в семью
B40: Общее количество детей-сирот и детей, оставшихся без попечения родителей, устраиваемых в семью с правом выплаты единовременного пособия размером 8 тыс. руб. с учетом индексации на 2020 год | O40: =VLOOKUP($B$2,#REF!,3) -> #REF!
B41: Общее количество детей-сирот и детей, оставшихся без попечения родителей, устраиваемых в семью с правом выплаты единовременного пособия размером 100 тыс. руб. на каждого ребенка с учетом индексации на 2020 год | O41: =VLOOKUP($B$2,#REF!,9) -> #REF!
B42: Учтено в бюджете на 2020 год, тыс. руб. | O42: =VLOOKUP($B$2,#REF!,15) -> #REF!
B43: 1004 | C43: 53 3 03 71720 | D43: Постинтернатное сопровождение детей-сирот
B44: Общее количество детей-сирот и детей, оставшихся без попечения родителей, устраиваемых в семью | O44: =VLOOKUP($B$2,[2]Постинтернатное!$A$2:$T$24,3) -> 1
B45: Учтено в бюджете на 2016 год, тыс. руб. | O45: =VLOOKUP($B$2,[2]Постинтернатное!$A$2:$T$24,6) -> 12
B46: 0701 | C46: 52 1 01 71350 | D46: Финансирование расходов на реализацию образовательных программ дошкольного образования в образовательных организациях
B47: Перечень нормативов финансового обеспечения (в соответствии с областным законом), по которым расчитан объем субвенции: | L47: Планируемая среднегодовая численность воспитанников, получающих дошкольное образование:
L48: в возрасте до трех лет | N48: в возрасте старше 3-х лет | O48: Всего
B49: =ДОУ!C4 -> группы общеразвивающей направленности | L49: =VLOOKUP($B$2,ДОУ!$A$13:$CP$30,3) -> 544 | N49: =VLOOKUP($B$2,ДОУ!$A$13:$CP$30,4) -> 6175 | O49: =L49+N49 -> 6719
B50: =ДОУ!Y4 -> группы компенсирующей направленности | L50: =VLOOKUP($B$2,ДОУ!$A$13:$CP$30,25) -> 0 | N50: =VLOOKUP($B$2,ДОУ!$A$13:$CP$30,26) -> 211 | O50: =L50+N50 -> 211
B51: =ДОУ!AU4 -> группы комбинированной направленности | L51: =VLOOKUP($B$2,ДОУ!$A$13:$CO$30,47) -> 0 | N51: =VLOOKUP($B$2,ДОУ!$A$13:$CP$30,48) -> 42 | O51: =L51+N51 -> 42
B52: Всего численность воспитанников | L52: =SUM(L49:M51) -> 544 | N52: =SUM(N49:N51) -> 6428 | O52: =SUM(O49:O51) -> 6972
B53: Учтено в бюджете на 2020 год, тыс. руб. | O53: =VLOOKUP($B$2,ДОУ!$A$13:$CP$30,95)/1000 -> #REF!
B54: 1004 | C54: 52 1 04 71360 | D54: Компенсация части родительской платы за присмотр и уход за ребенком в образовательных организациях, реализующих программу дошкольного образования
B55: Среднегодовая численность воспитанников, на которых выплачивается компенсация части родительской платы, посещающих муниципальные дошкольные организации | O55: =VLOOKUP($B$2,#REF!,4) -> #REF!
B56: Учтено в бюджете на 2020 год, тыс. руб. | O56: =VLOOKUP($B$2,#REF!,39) -> #REF!
B57: 0702 | C57: 52 2 01 71530 | D57: Финансирование расходов на реализацию общеобразовательных программ в образовательных организациях
B58: Перечень нормативов финансового обеспечения (в соответствии с областным законом), по которым расчитан объем субвенции: | G58: Планируемая среднегодовая численность обучающихся в общеобразовательных организациях
G59: 1-4 классы | H59: 5-9 классы | I59: 10-11 кл | J59: 10-11 кл профильное | K59: 1-4 классы | L59: 5-9 классы | M59: 10-11 кл | N59: 10-11 кл профильное | O59: Итого
B60: =ООУ!C2 -> Общеобразовательные классы в общеобразовательных учреждениях, расположенных в городской местности | G60: =VLOOKUP($B$2,ООУ!$A$6:$EK$23,3) -> 0 | H60: =VLOOKUP($B$2,ООУ!$A$6:$EK$23,4) -> 0 | I60: =VLOOKUP($B$2,ООУ!$A$6:$EK$23,5) -> 0 | J60: =VLOOKUP($B$2,ООУ!$A$6:$EK$23,6) -> 53 | K60: =VLOOKUP($B$2,ООУ!$A$6:$EK$23,7) -> 1521 | L60: =VLOOKUP($B$2,ООУ!$A$6:$EK$23,8) -> 1831 | M60: =VLOOKUP($B$2,ООУ!$A$6:$EK$23,9) -> 0 | N60: =VLOOKUP($B$2,ООУ!$A$6:$EK$23,10) -> 196 | O60: =SUM(G60:N60) -> 3601
B61: =ООУ!M2 -> с углубленным изучением отдельных учебных предметов | G61: =VLOOKUP($B$2,ООУ!$A$6:$EK$23,13) -> 0 | H61: =VLOOKUP($B$2,ООУ!$A$6:$EK$23,14) -> 0 | I61: =VLOOKUP($B$2,ООУ!$A$6:$EK$23,15) -> 0 | J61: =VLOOKUP($B$2,ООУ!$A$6:$EK$23,16) -> 0 | K61: =VLOOKUP($B$2,ООУ!$A$6:$EK$23,17) -> 0 | L61: =VLOOKUP($B$2,ООУ!$A$6:$EK$23,18) -> 0 | M61: =VLOOKUP($B$2,ООУ!$A$6:$EK$23,19) -> 0 | N61: =VLOOKUP($B$2,ООУ!$A$6:$EK$23,20) -> 0 | O61: =SUM(G61:N61) -> 0
B62: =ООУ!W2 -> Общеобразовательные классы в общеобразовательных учреждениях, расположенных в Поселках городского типа, контингент более 300 человек | G62: =VLOOKUP($B$2,ООУ!$A$6:$EK$23,23) -> 0 | H62: =VLOOKUP($B$2,ООУ!$A$6:$EK$23,24) -> 0 | I62: =VLOOKUP($B$2,ООУ!$A$6:$EK$23,25) -> 0 | J62: =VLOOKUP($B$2,ООУ!$A$6:$EK$23,26) -> 0 | K62: =VLOOKUP($B$2,ООУ!$A$6:$EK$23,27) -> 112 | L62: =VLOOKUP($B$2,ООУ!$A$6:$EK$23,28) -> 160 | M62: =VLOOKUP($B$2,ООУ!$A$6:$EK$23,29) -> 0 | N62: =VLOOKUP($B$2,ООУ!$A$6:$EK$23,30) -> 24 | O62: =SUM(G62:N62) -> 296
B63: =ООУ!AG2 -> Общеобразовательные классы в общеобразовательных учреждениях, расположенных в Поселках городского типа, контингент от 201 до 300 человек | G63: =VLOOKUP($B$2,ООУ!$A$6:$EK$23,33) -> 0 | H63: =VLOOKUP($B$2,ООУ!$A$6:$EK$23,34) -> 0 | I63: =VLOOKUP($B$2,ООУ!$A$6:$EK$23,35) -> 0 | J63: =VLOOKUP($B$2,ООУ!$A$6:$EK$23,36) -> 0 | K63: =VLOOKUP($B$2,ООУ!$A$6:$EK$23,37) -> 0 | L63: =VLOOKUP($B$2,ООУ!$A$6:$EK$23,38) -> 0 | M63: =VLOOKUP($B$2,ООУ!$A$6:$EK$23,39) -> 0 | N63: =VLOOKUP($B$2,ООУ!$A$6:$EK$23,40) -> 0 | O63: =SUM(G63:N63) -> 0
B64: =ООУ!AQ2 -> Общеобразовательные классы в общеобразовательных учреждениях, расположенных в Поселках городского типа, контингент от 101 до 200 человек | G64: =VLOOKUP($B$2,ООУ!$A$6:$EK$23,43) -> 0 | H64: =VLOOKUP($B$2,ООУ!$A$6:$EK$23,44) -> 0 | I64: =VLOOKUP($B$2,ООУ!$A$6:$EK$23,45) -> 0 | J64: =VLOOKUP($B$2,ООУ!$A$6:$EK$23,46) -> 0 | K64: =VLOOKUP($B$2,ООУ!$A$6:$EK$23,47) -> 0 | L64: =VLOOKUP($B$2,ООУ!$A$6:$EK$23,48) -> 0 | M64: =VLOOKUP($B$2,ООУ!$A$6:$EK$23,49) -> 0 | N64: =VLOOKUP($B$2,ООУ!$A$6:$EK$23,50) -> 0 | O64: =SUM(G64:N64) -> 0
B65: =ООУ!BA2 -> Общеобразовательные классы в общеобразовательных учреждениях, расположенных в Поселках городского типа, контингент менее 101 человека | G65: =VLOOKUP($B$2,ООУ!$A$6:$EK$23,53) -> 0 | H65: =VLOOKUP($B$2,ООУ!$A$6:$EK$23,54) -> 0 | I65: =VLOOKUP($B$2,ООУ!$A$6:$EK$23,55) -> 0 | J65: =VLOOKUP($B$2,ООУ!$A$6:$EK$23,56) -> 0 | K65: =VLOOKUP($B$2,ООУ!$A$6:$EK$23,57) -> 0 | L65: =VLOOKUP($B$2,ООУ!$A$6:$EK$23,58) -> 0 | M65: =VLOOKUP($B$2,ООУ!$A$6:$EK$23,59) -> 0 | N65: =VLOOKUP($B$2,ООУ!$A$6:$EK$23,60) -> 0 | O65: =SUM(G65:N65) -> 0
B66: =ООУ!BK2 -> Общеобразовательные классы в общеобразовательных учреждениях, расположенных в сельской местности, с контингентом обучающихся более 250 чел | G66: =VLOOKUP($B$2,ООУ!$A$6:$EK$23,63) -> 0 | H66: =VLOOKUP($B$2,ООУ!$A$6:$EK$23,64) -> 0 | I66: =VLOOKUP($B$2,ООУ!$A$6:$EK$23,65) -> 0 | J66: =VLOOKUP($B$2,ООУ!$A$6:$EK$23,66) -> 0 | K66: =VLOOKUP($B$2,ООУ!$A$6:$EK$23,67) -> 0 | L66: =VLOOKUP($B$2,ООУ!$A$6:$EK$23,68) -> 0 | M66: =VLOOKUP($B$2,ООУ!$A$6:$EK$23,69) -> 0 | N66: =VLOOKUP($B$2,ООУ!$A$6:$EK$23,70) -> 0 | O66: =SUM(G66:N66) -> 0
B67: =ООУ!BU2 -> Общеобразовательные классы в общеобразовательных учреждениях, расположенных в сельской местности, с контингентом обучающихся от 201 до 250 чел | G67: =VLOOKUP($B$2,ООУ!$A$6:$EK$23,73) -> 0 | H67: =VLOOKUP($B$2,ООУ!$A$6:$EK$23,74) -> 0 | I67: =VLOOKUP($B$2,ООУ!$A$6:$EK$23,75) -> 0 | J67: =VLOOKUP($B$2,ООУ!$A$6:$EK$23,76) -> 0 | K67: =VLOOKUP($B$2,ООУ!$A$6:$EK$23,77) -> 0 | L67: =VLOOKUP($B$2,ООУ!$A$6:$EK$23,78) -> 0 | M67: =VLOOKUP($B$2,ООУ!$A$6:$EK$23,79) -> 0 | N67: =VLOOKUP($B$2,ООУ!$A$6:$EK$23,80) -> 0 | O67: =SUM(G67:N67) -> 0
B68: =ООУ!CE2 -> Общеобразовательные классы в общеобразовательных учреждениях, расположенных в сельской местности, с контингентом обучающихся от 101 до 200 чел | G68: =VLOOKUP($B$2,ООУ!$A$6:$EK$23,83) -> 0 | H68: =VLOOKUP($B$2,ООУ!$A$6:$EK$23,84) -> 0 | I68: =VLOOKUP($B$2,ООУ!$A$6:$EK$23,85) -> 0 | J68: =VLOOKUP($B$2,ООУ!$A$6:$EK$23,86) -> 6 | K68: =VLOOKUP($B$2,ООУ!$A$6:$EK$23,87) -> 64 | L68: =VLOOKUP($B$2,ООУ!$A$6:$EK$23,88) -> 94 | M68: =VLOOKUP($B$2,ООУ!$A$6:$EK$23,89) -> 0 | N68: =VLOOKUP($B$2,ООУ!$A$6:$EK$23,90) -> 12 | O68: =SUM(G68:N68) -> 176
B69: =ООУ!CO2 -> Общеобразовательные классы в общеобразовательных учреждениях, расположенных в сельской местности, с контингентом обучающихся от 61 до 100 чел | G69: =VLOOKUP($B$2,ООУ!$A$6:$EK$23,93) -> 0 | H69: =VLOOKUP($B$2,ООУ!$A$6:$EK$23,94) -> 0 | I69: =VLOOKUP($B$2,ООУ!$A$6:$EK$23,95) -> 0 | J69: =VLOOKUP($B$2,ООУ!$A$6:$EK$23,96) -> 0 | K69: =VLOOKUP($B$2,ООУ!$A$6:$EK$23,97) -> 0 | L69: =VLOOKUP($B$2,ООУ!$A$6:$EK$23,98) -> 0 | M69: =VLOOKUP($B$2,ООУ!$A$6:$EK$23,99) -> 0 | N69: =VLOOKUP($B$2,ООУ!$A$6:$EK$23,100) -> 0 | O69: =SUM(G69:N69) -> 0
B70: =ООУ!CY2 -> Общеобразовательные классы в общеобразовательных учреждениях, расположенных в сельской местности, с контингентом обучающихся менее 60 чел | G70: =VLOOKUP($B$2,ООУ!$A$6:$EK$23,103) -> 0 | H70: =VLOOKUP($B$2,ООУ!$A$6:$EK$23,104) -> 0 | I70: =VLOOKUP($B$2,ООУ!$A$6:$EK$23,105) -> 0 | J70: =VLOOKUP($B$2,ООУ!$A$6:$EK$23,106) -> 0 | K70: =VLOOKUP($B$2,ООУ!$A$6:$EK$23,107) -> 66 | L70: =VLOOKUP($B$2,ООУ!$A$6:$EK$23,108) -> 98 | M70: =VLOOKUP($B$2,ООУ!$A$6:$EK$23,109) -> 0 | N70: =VLOOKUP($B$2,ООУ!$A$6:$EK$23,110) -> 0 | O70: =SUM(G70:N70) -> 164
B71: =ООУ!DI2 -> очно-заочное обучение в общеобразовательных учреждениях, расположенных в городской местности | G71: =VLOOKUP($B$2,ООУ!$A$6:$EK$23,113) -> 0 | H71: =VLOOKUP($B$2,ООУ!$A$6:$EK$23,114) -> 0 | I71: =VLOOKUP($B$2,ООУ!$A$6:$EK$23,115) -> 36 | J71: =VLOOKUP($B$2,ООУ!$A$6:$EK$23,116) -> 0 | K71: =VLOOKUP($B$2,ООУ!$A$6:$EK$23,117) -> 0 | L71: =VLOOKUP($B$2,ООУ!$A$6:$EK$23,118) -> 0 | M71: =VLOOKUP($B$2,ООУ!$A$6:$EK$23,119) -> 0 | N71: =VLOOKUP($B$2,ООУ!$A$6:$EK$23,120) -> 0 | O71: =SUM(G71:N71) -> 36
B72: =ООУ!DS2 -> очно-заочное обучение в общеобразовательных учреждениях, расположенных в сельской местности | G72: =VLOOKUP($B$2,ООУ!$A$6:$EK$23,123) -> 0 | H72: =VLOOKUP($B$2,ООУ!$A$6:$EK$23,124) -> 0 | I72: =VLOOKUP($B$2,ООУ!$A$6:$EK$23,125) -> 0 | J72: =VLOOKUP($B$2,ООУ!$A$6:$EK$23,126) -> 0 | K72: =VLOOKUP($B$2,ООУ!$A$6:$EK$23,127) -> 0 | L72: =VLOOKUP($B$2,ООУ!$A$6:$EK$23,128) -> 0 | M72: =VLOOKUP($B$2,ООУ!$A$6:$EK$23,129) -> 0 | N72: =VLOOKUP($B$2,ООУ!$A$6:$EK$23,130) -> 0 | O72: =SUM(G72:N72) -> 0
B73: =ООУ!EC2 -> Численность обучающихся - надомников | G73: =VLOOKUP($B$2,ООУ!$A$6:$EK$23,133) -> 0 | H73: =VLOOKUP($B$2,ООУ!$A$6:$EK$23,134) -> 0 | I73: =VLOOKUP($B$2,ООУ!$A$6:$EK$23,135) -> 0 | J73: =VLOOKUP($B$2,ООУ!$A$6:$EK$23,136) -> 0 | K73: =VLOOKUP($B$2,ООУ!$A$6:$EK$23,137) -> 9 | L73: =VLOOKUP($B$2,ООУ!$A$6:$EK$23,138) -> 33 | M73: =VLOOKUP($B$2,ООУ!$A$6:$EK$23,139) -> 0 | N73: =VLOOKUP($B$2,ООУ!$A$6:$EK$23,140) -> 0 | O73: =SUM(G73:N73) -> 42
B74: =ООУ!EM2 -> Семейное обучение | C74: =VLOOKUP($B$2,#REF!,147) -> #REF! | D74: =VLOOKUP($B$2,#REF!,148) -> #REF! | E74: =VLOOKUP($B$2,#REF!,149) -> #REF! | F74: =VLOOKUP($B$2,#REF!,150) -> #REF! | G74: =VLOOKUP($B$2,ООУ!$A$6:$GC$23,143) -> 0 | H74: =VLOOKUP($B$2,ООУ!$A$6:$GC$23,144) -> 0 | I74: =VLOOKUP($B$2,ООУ!$A$6:$GC$23,145) -> 0 | J74: =VLOOKUP($B$2,ООУ!$A$6:$GC$23,146) -> 0 | K74: =VLOOKUP($B$2,ООУ!$A$6:$GC$23,147) -> 0 | L74: =VLOOKUP($B$2,ООУ!$A$6:$GC$23,148) -> 0 | M74: =VLOOKUP($B$2,ООУ!$A$6:$GC$23,149) -> 0 | N74: =VLOOKUP($B$2,ООУ!$A$6:$GC$23,150) -> 0 | O74: =SUM(G74:N74) -> 0
B75: =ООУ!FG2 -> Кол-во обучающихся с ОВЗ | C75: =VLOOKUP($B$2,#REF!,147) -> #REF! | D75: =VLOOKUP($B$2,#REF!,148) -> #REF! | E75: =VLOOKUP($B$2,#REF!,149) -> #REF! | F75: =VLOOKUP($B$2,#REF!,150) -> #REF! | G75: =VLOOKUP($B$2,ООУ!$A$6:$GC$23,163) -> 0 | H75: =VLOOKUP($B$2,ООУ!$A$6:$GC$23,164) -> 0 | I75: =VLOOKUP($B$2,ООУ!$A$6:$GC$23,165) -> 0 | J75: =VLOOKUP($B$2,ООУ!$A$6:$GC$23,166) -> 0 | K75: =VLOOKUP($B$2,ООУ!$A$6:$GC$23,167) -> 53 | L75: =VLOOKUP($B$2,ООУ!$A$6:$GC$23,168) -> 89 | M75: =VLOOKUP($B$2,ООУ!$A$6:$GC$23,169) -> 0 | N75: =VLOOKUP($B$2,ООУ!$A$6:$GC$23,170) -> 0 | O75: =SUM(G75:N75) -> 142
B76: Всего численность учащихся | G76: =SUM(G60:G75) -> 0 | H76: =SUM(H60:H75) -> 0 | I76: =SUM(I60:I75) -> 36 | J76: =SUM(J60:J75) -> 59 | K76: =SUM(K60:K75) -> 1825 | L76: =SUM(L60:L75) -> 2305 | M76: =SUM(M60:M75) -> 0 | N76: =SUM(N60:N75) -> 232 | O76: =SUM(O60:O75) -> 4457
B77: Учтено в бюджете на 2020 год, тыс. руб. | O77: =VLOOKUP($B$2,ООУ!$A$6:$GC$23,185)/1000 -> 0.291
B78: в том числе | D78: на ежемесячное вознаграждение за классное руководство
B79: Среднегодовое количество классов | O79: =VLOOKUP($B$2,'Классное руководство'!$A$2:$D$24,3) -> 194
B80: Учтено средств на выплату вознаграждения за классное руководство в субвенции на реализацию общеобразовательных программ на 2020 год, тыс. руб. | O80: =VLOOKUP($B$2,'Классное руководство'!$A$2:$D$24,4) -> 5425
B81: 1003 | C81: 53 1 05 71440 | D81: Питание обучающихся льготных категорий в общеобразовательных организациях, расположенных на территории Ленинградской области
B82: Среднегодовое количество обучающихся
B83: Обучающиеся из категории детей, находящихся в трудной жизненной ситуации, в т.ч. дети-инвалиды | C83: Состоящие на учете в тубдиспансере | D83: Усыновленные | E83: Из неполных семей военнослужащих | F83: Лицам с ограниченными возможностями здоровья | G83: Дети из семей, отвечающих критериям нуждаемости, установленным частью 5 статьи 1.7 | I83: Детям из семей, отвечающих критериям нуждаемости, установленным частью 6 статьи 1.7 | L83: Кроме того | O83: Всего учащихся, получающих льготное питание и молоко
G84: из приемных семей | H84: из многодетных семей | L84: из многодетных семей (100%) | M84: из приемных семей (100%) | N84: 1-4 классов на получение молока
B85: =VLOOKUP($B$2,#REF!,4) -> #REF! | C85: =VLOOKUP($B$2,#REF!,6) -> #REF! | D85: =VLOOKUP($B$2,#REF!,8) -> #REF! | E85: =VLOOKUP($B$2,#REF!,7) -> #REF! | F85: =VLOOKUP($B$2,#REF!,9) -> #REF! | G85: =VLOOKUP($B$2,#REF!,10) -> #REF! | H85: =VLOOKUP($B$2,#REF!,11) -> #REF! | I85: =VLOOKUP($B$2,#REF!,12) -> #REF! | L85: =VLOOKUP($B$2,#REF!,14) -> #REF! | M85: =VLOOKUP($B$2,#REF!,15) -> #REF! | N85: =VLOOKUP($B$2,#REF!,16) -> #REF! | O85: =B85+C85+D85+E85+F85+G85+H85+I85++L85+N85 -> #REF!
B86: Стоимость питания в день | O86: =#REF! -> #REF!
B87: Стоимость питания в день с 01.09.2020 | O87: =#REF! -> #REF!
B88: Среднегодовое количество учебных дней | O88: =#REF!+#REF! -> #REF!
B89: Стоимость 0,2 л молока | O89: =#REF! -> #REF!
B90: Учтено в бюджете на 2020 год, тыс. руб. | O90: =VLOOKUP($B$2,#REF!,65) -> #REF!
B94: Заместитель председателя комитета общего и
B95: профессионального образования Ленинградской области | N95: А.С. Огарков
B97: Заместитель председателя комитета общего и
B98: профессионального образования Ленинградской области -
B99: начальник планово-экономического отдела | N99: Е.В. Бойцова
B101: Главный специалист планово-экономического отдела
B102: комитета общего и профессионального образования
B103: Ленинградской области | N103: Ю.В. Егорова

Sheet ...

Sheet ДОУ
B1: Расчет объема субвенции на финансовое обеспечение реализации дошкольных программ на 2018 год
C2: субвенций бюджетам муниципальных образований Ленинградской области на осуществление отдельных государственных полномочий Ленинградской области на обеспечение государственных гарантий реализации прав на получение общедоступного и бесплатного дошкольного образования в муниципальных дошкольных образовательных организациях и муниципальных общеобразовательных организациях, включая расходы на оплату труда, приобретение учебных пособий, средств обучения, игр, игрушек (за исключением расходов на содержание зданий и оплату коммунальных услуг), на 2021 год
A4: №№ | B4: Реализуемая программа | C4: группы общеразвивающей направленности | Y4: группы компенсирующей направленности | AU4: группы комбинированной направленности | BQ4: ВСЕГО | CK4: ВСЕГО планируемый среднегодовой контингент на 2021 год | CU4: =CT31/(CP31/1000) -> 0.97106758 | CY4: =CX31/(CP31/1000) -> 0.96928119 | DB4: =DA31/(CP31/1000) -> 0.94362224 | DH4: Утверждено в областном законе на 2020 год, тыс.руб. (исходя из контингента в рамках контрольной цифры)
C5: до 3 лет | D5: старше 3 лет | E5: кратковременного пребывания | I5: сокращенного дня | M5: полного дня | Q5: продленного дня | U5: круглосуточным пребыванием | Y5: до 3 лет | Z5: старше 3 лет | AA5: кратковременного пребывания | AE5: сокращенного дня | AI5: полного дня | AM5: продленного дня | AQ5: круглосуточным пребыванием | AU5: до 3 лет | AV5: старше 3 лет | AW5: кратковременного пребывания | BA5: сокращенного дня | BE5: полного дня | BI5: продленного дня | BM5: круглосуточным пребыванием | BQ5: кратковременного пребывания | BU5: сокращенного дня | BY5: полного дня | CC5: продленного дня | CG5: круглосуточным пребыванием | CQ5: Утверждено в областном законе на 2020 г, тыс.руб. | CR5: Утверждено в областном законе на 2021 г, тыс.руб. | CS5: 4 % к 2020г_КЦ | CT5: КЦ, 4% от утвержденных на 2021 | CU5: по КЦ | CW5: Утверждено в областном законе на 2020 г с учетом уточнения 2, тыс.руб. | CX5: КЦ, 4% от уточненных на 2020 | CY5: по КЦ | DA5: КЦ, 4% от утвержденных на 2020 | DB5: по КЦ | DD5: в проект закона на 2021-2023 | DJ5: динамика контингента (от утвержденного) | DK5: плановый контингент | DL5: динамика планового контингента
E6: до 5 часов | I6: 8 - 10,5 часов | M6: 12 часов | Q6: 13 - 14 часов | U6: 24 часа | AA6: до 5 часов | AE6: 8 - 10,5 часов | AI6: 12 часов | AM6: 13 - 14 часов | AQ6: 24 часа | AW6: до 5 часов | BA6: 8 - 10,5 часов | BE6: 12 часов | BI6: 13 - 14 часов | BM6: 24 часа | BQ6: до 5 часов | BU6: 8 - 10,5 часов | BY6: 12 часов | CC6: 13 - 14 часов | CG6: 24 часа
E7: до 3 лет | G7: старше 3 лет | I7: до 3 лет | K7: старше 3 лет | M7: до 3 лет | O7: старше 3 лет | Q7: до 3 лет | S7: старше 3 лет | U7: до 3 лет | W7: старше 3 лет | AA7: до 3 лет | AC7: старше 3 лет | AE7: до 3 лет | AG7: старше 3 лет | AI7: до 3 лет | AK7: старше 3 лет | AM7: до 3 лет | AO7: старше 3 лет | AQ7: до 3 лет | AS7: старше 3 лет | AW7: до 3 лет | AY7: старше 3 лет | BA7: до 3 лет | BC7: старше 3 лет | BE7: до 3 лет | BG7: старше 3 лет | BI7: до 3 лет | BK7: старше 3 лет | BM7: до 3 лет | BO7: старше 3 лет | BQ7: до 3 лет | BS7: старше 3 лет | BU7: до 3 лет | BW7: старше 3 лет | BY7: до 3 лет | CA7: старше 3 лет | CC7: до 3 лет | CE7: старше 3 лет | CG7: до 3 лет | CI7: старше 3 лет | CK7: до 3 лет | CM7: старше 3 лет | CO7: Всего | DH7: Всего
E8: 19 | G8: 23 | I8: 19 | K8: 23 | M8: 19 | O8: 23 | Q8: 19 | S8: 23 | U8: 19 | W8: 23 | AA8: 19 | AC8: 23 | AM8: 19 | AO8: 23 | AW8: 19 | AY8: 23 | BI8: 19 | BK8: 23 | BQ8: 19 | BS8: 23 | CC8: 19 | CE8: 23
E9: кон-т | F9: сумма | G9: кон-т | H9: сумма | I9: кон-т | J9: сумма | K9: кон-т | L9: сумма | M9: кон-т | N9: сумма | O9: кон-т | P9: сумма | Q9: кон-т | R9: сумма | S9: кон-т | T9: сумма | U9: кон-т | V9: сумма | W9: кон-т | X9: сумма | AA9: кон-т | AB9: сумма | AC9: кон-т | AD9: сумма | AE9: кон-т | AF9: сумма | AG9: кон-т | AH9: сумма | AI9: кон-т | AJ9: сумма | AK9: кон-т | AL9: сумма | AM9: кон-т | AN9: сумма | AO9: кон-т | AP9: сумма | AQ9: кон-т | AR9: сумма | AS9: кон-т | AT9: сумма | AW9: кон-т | AX9: сумма | AY9: кон-т | AZ9: сумма | BA9: кон-т | BB9: сумма | BC9: кон-т | BD9: сумма | BE9: кон-т | BF9: сумма | BG9: кон-т | BH9: сумма | BI9: кон-т | BJ9: сумма | BK9: кон-т | BL9: сумма | BM9: кон-т | BN9: сумма | BO9: кон-т | BP9: сумма | BQ9: кон-т | BR9: сумма | BS9: кон-т | BT9: сумма | BU9: кон-т | BV9: сумма | BW9: кон-т | BX9: сумма | BY9: кон-т | BZ9: сумма | CA9: кон-т | CB9: сумма | CC9: кон-т | CD9: сумма | CE9: кон-т | CF9: сумма | CG9: кон-т | CH9: сумма | CI9: кон-т | CJ9: сумма | CK9: кон-т | CL9: сумма | CM9: кон-т | CN9: сумма | CO9: кон-т | CP9: сумма | CU9: сумма | CV9: кон-т | CY9: сумма | CZ9: кон-т | DB9: сумма | DC9: кон-т | DD9: 2021 | DE9: 2022 | DF9: 2023 | DH9: кон-т | DI9: сумма
A10: 3 | B10: с 01.01.2018 | F10: ='[3]Норматив 1'!$E$583 -> 3453 | H10: ='[3]Норматив 1'!$E$584 -> 2804 | J10: ='[3]Норматив 1'!$F$583 -> 7251 | L10: ='[3]Норматив 1'!$F$584 -> 5888 | N10: ='[3]Норматив 1'!$G$583 -> 8286 | P10: ='[3]Норматив 1'!$G$584 -> 6729 | R10: 9293 | T10: 7546 | V10: 9293 | X10: 7546 | AB10: ='[3]Норматив 1'!$E$583 -> 3453 | AD10: ='[3]Норматив 1'!$E$584 -> 2804 | AF10: ='[3]Норматив 1'!F585 -> 9184 | AH10: ='[3]Норматив 1'!F586 -> 6771 | AJ10: ='[3]Норматив 1'!$G$585 -> 10496 | AL10: ='[3]Норматив 1'!$G$586 -> 7738 | AN10: 9293 | AP10: 7546 | AR10: ='[3]Норматив 1'!$I$585 -> 12246 | AT10: ='[3]Норматив 1'!$I$586 -> 9028 | AX10: ='[3]Норматив 1'!$E$583 -> 3453 | AZ10: ='[3]Норматив 1'!$E$584 -> 2804 | BB10: ='[3]Норматив 1'!Y585 -> 0 | BD10: ='[3]Норматив 1'!Y586 -> 0 | BF10: ='[3]Норматив 1'!$G$585 -> 10496 | BH10: ='[3]Норматив 1'!$G$586 -> 7738 | BJ10: 9293 | BL10: 7546 | BN10: ='[3]Норматив 1'!$I$585 -> 12246 | BP10: ='[3]Норматив 1'!$I$586 -> 9028 | BR10: ='[3]Норматив 1'!$E$621 -> 13712 | BT10: ='[3]Норматив 1'!$E$622 -> 9034 | BV10: ='[3]Норматив 1'!$F$621 -> 28796 | BX10: ='[3]Норматив 1'!$F$622 -> 18972 | BZ10: ='[3]Норматив 1'!$G$621 -> 32910 | CB10: ='[3]Норматив 1'!$G$622 -> 21682 | CD10: ='[3]Норматив 1'!$H$621 -> 38395 | CF10: ='[3]Норматив 1'!$H$622 -> 25296 | CH10: ='[3]Норматив 1'!$I$621 -> 38395 | CJ10: ='[3]Норматив 1'!$I$622 -> 25296
A11: 5 | B11: с 01.04.2018 | F11: ='[3]Норматив 2'!$D$385 -> 3319 | H11: ='[3]Норматив 2'!$D$386 -> 2695 | J11: ='[3]Норматив 2'!$E$385 -> 6970 | L11: ='[3]Норматив 2'!$E$386 -> 5660 | N11: ='[3]Норматив 2'!$F$385 -> 7966 | P11: ='[3]Норматив 2'!$F$386 -> 6468 | R11: 9293 | T11: 7546 | V11: 9293 | X11: 7546 | AB11: ='[3]Норматив 2'!$D$385 -> 3319 | AD11: ='[3]Норматив 2'!$D$386 -> 2695 | AF11: ='[3]Норматив 2'!E387 -> 8829 | AH11: ='[3]Норматив 2'!E388 -> 6509 | AJ11: ='[3]Норматив 2'!$F$387 -> 10090 | AL11: ='[3]Норматив 2'!$F$388 -> 7438 | AN11: 9293 | AP11: 7546 | AR11: ='[3]Норматив 2'!$H$387 -> 11771 | AT11: ='[3]Норматив 2'!$H$388 -> 8678 | AX11: ='[3]Норматив 2'!$D$385 -> 3319 | AZ11: ='[3]Норматив 2'!$D$386 -> 2695 | BB11: ='[3]Норматив 2'!Y387 -> 0 | BD11: ='[3]Норматив 2'!Y388 -> 0 | BF11: ='[3]Норматив 2'!$F$387 -> 10090 | BH11: ='[3]Норматив 2'!$F$388 -> 7438 | BJ11: 9293 | BL11: 7546 | BN11: ='[3]Норматив 2'!$H$387 -> 11771 | BP11: ='[3]Норматив 2'!$H$388 -> 8678 | BR11: ='[3]Норматив 2'!$D$385 -> 3319 | BT11: ='[3]Норматив 2'!$D$386 -> 2695 | BV11: ='[3]Норматив 2'!AS387 -> 0 | BX11: ='[3]Норматив 2'!AS388 -> 0 | BZ11: ='[3]Норматив 2'!$F$387 -> 10090 | CB11: ='[3]Норматив 2'!$F$388 -> 7438 | CD11: 9293 | CF11: 7546 | CH11: ='[3]Норматив 2'!$H$387 -> 11771 | CJ11: ='[3]Норматив 2'!$H$388 -> 8678
A12: 4 | B12: с 01.09.2018 | F12: ='[3]Норматив 3'!$D$385 -> 3319 | H12: ='[3]Норматив 3'!$D$386 -> 2695 | J12: ='[3]Норматив 3'!$E$385 -> 6970 | L12: ='[3]Норматив 3'!$E$386 -> 5660 | N12: ='[3]Норматив 3'!$F$385 -> 7966 | P12: ='[3]Норматив 3'!$F$386 -> 6468 | R12: 9293 | T12: 7546 | V12: 9293 | X12: 7546 | AB12: ='[3]Норматив 3'!$D$385 -> 3319 | AD12: ='[3]Норматив 3'!$D$386 -> 2695 | AF12: ='[3]Норматив 3'!E387 -> 8829 | AH12: ='[3]Норматив 3'!E388 -> 6509 | AJ12: ='[3]Норматив 3'!$F$387 -> 10090 | AL12: ='[3]Норматив 3'!$F$388 -> 7438 | AN12: 9293 | AP12: 7546 | AR12: ='[3]Норматив 3'!$H$387 -> 11771 | AT12: ='[3]Норматив 3'!$H$388 -> 8678 | AX12: ='[3]Норматив 3'!$D$385 -> 3319 | AZ12: ='[3]Норматив 3'!$D$386 -> 2695 | BB12: ='[3]Норматив 3'!Y387 -> 0 | BD12: ='[3]Норматив 3'!Y388 -> 0 | BF12: ='[3]Норматив 3'!$F$387 -> 10090 | BH12: ='[3]Норматив 3'!$F$388 -> 7438 | BJ12: 9293 | BL12: 7546 | BN12: ='[3]Норматив 3'!$H$387 -> 11771 | BP12: ='[3]Норматив 3'!$H$388 -> 8678 | BR12: ='[3]Норматив 3'!$D$385 -> 3319 | BT12: ='[3]Норматив 3'!$D$386 -> 2695 | BV12: ='[3]Норматив 3'!AS387 -> 0 | BX12: ='[3]Норматив 3'!AS388 -> 0 | BZ12: ='[3]Норматив 3'!$F$387 -> 10090 | CB12: ='[3]Норматив 3'!$F$388 -> 7438 | CD12: 9293 | CF12: 7546 | CH12: ='[3]Норматив 3'!$H$387 -> 11771 | CJ12: ='[3]Норматив 3'!$H$388 -> 8678 | DN12: в АЦК | DR12: в закон
A13: 1 | B13: Бокситогорский | C13: 544 | D13: 6175 | E13: 0 | F13: 0 | G13: 0 | H13: 0 | I13: 386 | J13: 36593892 | K13: 1121 | L13: 83980032 | M13: 158 | N13: 16343520 | O13: 341 | P13: 28833000 | Q13: 0 | R13: 0 | S13: 0 | T13: 0 | U13: 0 | V13: 0 | W13: 0 | X13: 0 | Y13: 0 | Z13: 211 | AA13: 0 | AB13: 0 | AC13: 0 | AD13: 0 | AE13: 0 | AF13: 0 | AG13: 211 | AH13: 66009372 | AI13: 0 | AJ13: 0 | AK13: 0 | AL13: 0 | AM13: 0 | AN13: 0 | AO13: 0 | AP13: 0 | AQ13: 0 | AR13: 0 | AS13: 0 | AT13: 0 | AU13: 0 | AV13: 42 | AW13: 0 | AX13: 0 | AY13: 0 | AZ13: 0 | BA13: 0 | BB13: 0 | BC13: 42 | BD13: 5175072 | BE13: 0 | BF13: 0 | BG13: 0 | BH13: 0 | BI13: 0 | BJ13: 0 | BK13: 0 | BL13: 0 | BM13: 0 | BN13: 0 | BO13: 0 | BP13: 0 | BQ13: 0 | BR13: 0 | BS13: 0 | BT13: 0 | BU13: 386 | BV13: 36593892 | BW13: 1374 | BX13: 155164476 | BY13: 158 | BZ13: 16343520 | CA13: 341 | CB13: 28833000 | CC13: 0 | CD13: 0 | CE13: 0 | CF13: 0 | CG13: 0 | CH13: 0 | CI13: 0 | CJ13: 0 | CK13: 544 | CL13: 52937412 | CM13: 1715 | CN13: 183997476 | CO13: 2259 | CP13: 236934900 | CQ13: 242633.3 | CR13: 240992.1 | CS13: =ROUND(CQ13*1.04,1) -> 252338.6 | CT13: =ROUND(CR13*1.04,1) -> 250631.8 | CU13: =ROUND(CP13*$CU$4,-2) -> 230079800 | CV13: =CV36 -> 2193.6417 | CW13: 242633.3 | CX13: =ROUND(CW13*1.04,1) -> 252338.6 | CY13: =ROUND(CP13*$CY$4,-2) -> 229656500 | CZ13: =CZ36 -> 2189.6058 | DA13: =CS13 -> 252338.6 | DB13: =ROUND(CP13*$DB$4,-2) -> 223577000 | DC13: =DC36 -> 2131.6422 | DD13: =DB13/1000 -> 223577 | DE13: =ROUND(DD13*1.04,1) -> 232520.1 | DF13: =ROUND(DE13*1.04,1) -> 241820.9 | DH13: 2319 | DI13: 242633300 | DJ13: =CO13-DH13 -> -60 | DK13: 2319 | DL13: =CO13-DK13 -> -60 | DN13: =CP13 -> 236934900 | DO13: =ROUNDUP(DN13*1.04,-2) -> 246412300 | DP13: =ROUNDUP(DO13*1.04,-2) -> 256268800 | DR13: =DN13/1000 -> 236934.9 | DS13: =DO13/1000 -> 246412.3 | DT13: =DP13/1000 -> 256268.8
A14: 2 | B14: Волосовский | C14: 497 | D14: 2851 | E14: 0 | F14: 0 | G14: 0 | H14: 0 | I14: 0 | J14: 0 | K14: 0 | L14: 0 | M14: 497 | N14: 61006224 | O14: 1536 | P14: 142308816 | Q14: 0 | R14: 0 | S14: 0 | T14: 0 | U14: 0 | V14: 0 | W14: 0 | X14: 0 | Y14: 0 | Z14: 130 | AA14: 0 | AB14: 0 | AC14: 0 | AD14: 0 | AE14: 0 | AF14: 0 | AG14: 0 | AH14: 0 | AI14: 0 | AJ14: 0 | AK14: 130 | AL14: 42686064 | AM14: 0 | AN14: 0 | AO14: 0 | AP14: 0 | AQ14: 0 | AR14: 0 | AS14: 0 | AT14: 0 | AU14: 0 | AV14: 0 | AW14: 0 | AX14: 0 | AY14: 0 | AZ14: 0 | BA14: 0 | BB14: 0 | BC14: 0 | BD14: 0 | BE14: 0 | BF14: 0 | BG14: 0 | BH14: 0 | BI14: 0 | BJ14: 0 | BK14: 0 | BL14: 0 | BM14: 0 | BN14: 0 | BO14: 0 | BP14: 0 | BQ14: 0 | BR14: 0 | BS14: 0 | BT14: 0 | BU14: 0 | BV14: 0 | BW14: 0 | BX14: 0 | BY14: 497 | BZ14: 61006224 | CA14: 1666 | CB14: 184994880 | CC14: 0 | CD14: 0 | CE14: 0 | CF14: 0 | CG14: 0 | CH14: 0 | CI14: 0 | CJ14: 0 | CK14: 497 | CL14: 61006224 | CM14: 1666 | CN14: 184994880 | CO14: 2163 | CP14: 246001100 | CQ14: 226642.9 | CR14: 232761.3 | CS14: =ROUND(CQ14*1.04,1) -> 235708.6 | CT14: =ROUND(CR14*1.04,1) -> 242071.8 | CU14: =ROUND(CP14*$CU$4,-2) -> 238883700 | CV14: =CV37 -> 2100.4192 | CW14: 229327.9 | CX14: =ROUND(CW14*1.04,1) -> 238501 | CY14: =ROUND(CP14*$CY$4,-2) -> 238444200 | CZ14: =CZ37 -> 2096.5549 | DA14: =CS14 -> 235708.6 | DB14: =ROUND(CP14*$DB$4,-2) -> 232132100 | DC14: =DC37 -> 2041.0548 | DD14: =DB14/1000 -> 232132.1 | DE14: =ROUND(DD14*1.04,1) -> 241417.4 | DF14: =ROUND(DE14*1.04,1) -> 251074.1 | DH14: 2210 | DI14: 226642900 | DJ14: =CO14-DH14 -> -47 | DK14: 2220 | DL14: =CO14-DK14 -> -57 | DN14: =CP14 -> 246001100 | DO14: =ROUNDUP(DN14*1.04,-2) -> 255841200 | DP14: =ROUNDUP(DO14*1.04,-2) -> 266074900 | DR14: =DN14/1000 -> 246001.1 | DS14: =DO14/1000 -> 255841.2 | DT14: =DP14/1000 -> 266074.9
A15: 3 | B15: Волховский | C15: 918 | D15: 2500 | E15: 0 | F15: 0 | G15: 0 | H15: 0 | I15: 0 | J15: 0 | K15: 0 | L15: 0 | M15: 911 | N15: 99649620 | O15: 2383 | P15: 211849920 | Q15: 7 | R15: 844788 | S15: 10 | T15: 979920 | U15: 0 | V15: 0 | W15: 20 | X15: 1959840 | Y15: 0 | Z15: 588 | AA15: 0 | AB15: 0 | AC15: 0 | AD15: 0 | AE15: 0 | AF15: 0 | AG15: 0 | AH15: 0 | AI15: 0 | AJ15: 0 | AK15: 588 | AL15: 221330160 | AM15: 0 | AN15: 0 | AO15: 0 | AP15: 0 | AQ15: 0 | AR15: 0 | AS15: 0 | AT15: 0 | AU15: 0 | AV15: 0 | AW15: 0 | AX15: 0 | AY15: 0 | AZ15: 0 | BA15: 0 | BB15: 0 | BC15: 0 | BD15: 0 | BE15: 0 | BF15: 0 | BG15: 0 | BH15: 0 | BI15: 0 | BJ15: 0 | BK15: 0 | BL15: 0 | BM15: 0 | BN15: 0 | BO15: 0 | BP15: 0 | BQ15: 0 | BR15: 0 | BS15: 0 | BT15: 0 | BU15: 0 | BV15: 0 | BW15: 0 | BX15: 0 | BY15: 911 | BZ15: 99649620 | CA15: 2971 | CB15: 433180080 | CC15: 7 | CD15: 844788 | CE15: 10 | CF15: 979920 | CG15: 0 | CH15: 0 | CI15: 20 | CJ15: 1959840 | CK15: 918 | CL15: 100494408 | CM15: 3001 | CN15: 436119840 | CO15: 3919 | CP15: 536614200 | CQ15: 545567.5 | CR15: 524370.8 | CS15: =ROUND(CQ15*1.04,1) -> 567390.2 | CT15: =ROUND(CR15*1.04,1) -> 545345.6 | CU15: =ROUND(CP15*$CU$4,-2) -> 521088700 | CV15: =CV38 -> 3805.6142 | CW15: 545567.5 | CX15: =ROUND(CW15*1.04,1) -> 567390.2 | CY15: =ROUND(CP15*$CY$4,-2) -> 520130100 | CZ15: =CZ38 -> 3798.6133 | DA15: =CS15 -> 567390.2 | DB15: =ROUND(CP15*$DB$4,-2) -> 506361100 | DC15: =DC38 -> 3698.0556 | DD15: =DB15/1000 -> 506361.1 | DE15: =ROUND(DD15*1.04,1) -> 526615.5 | DF15: =ROUND(DE15*1.04,1) -> 547680.1 | DH15: 4121 | DI15: 545567500 | DJ15: =CO15-DH15 -> -202 | DK15: 4121 | DL15: =CO15-DK15 -> -202 | DN15: =CP15 -> 536614200 | DO15: =ROUND(DN15*1.04,-2) -> 558078800 | DP15: =ROUND(DO15*1.04,-2) -> 580402000 | DR15: =DN15/1000 -> 536614.2 | DS15: =DO15/1000 -> 558078.8 | DT15: =DP15/1000 -> 580402
A16: 4 | B16: Всеволожский | C16: 968 | D16: 2818 | E16: 130 | F16: 5603520 | G16: 24 | H16: 840096 | I16: 0 | J16: 0 | K16: 0 | L16: 0 | M16: 838 | N16: 86682720 | O16: 15079 | P16: 1267883400 | Q16: 0 | R16: 0 | S16: 0 | T16: 0 | U16: 0 | V16: 0 | W16: 32 | X16: 3135744 | Y16: 0 | Z16: 3636 | AA16: 0 | AB16: 0 | AC16: 5 | AD16: 1623360 | AE16: 0 | AF16: 0 | AG16: 0 | AH16: 0 | AI16: 0 | AJ16: 0 | AK16: 3631 | AL16: 1371159876 | AM16: 0 | AN16: 0 | AO16: 0 | AP16: 0 | AQ16: 0 | AR16: 0 | AS16: 0 | AT16: 0 | AU16: 0 | AV16: 423 | AW16: 0 | AX16: 0 | AY16: 0 | AZ16: 0 | BA16: 0 | BB16: 0 | BC16: 0 | BD16: 0 | BE16: 0 | BF16: 0 | BG16: 423 | BH16: 60227196 | BI16: 0 | BJ16: 0 | BK16: 0 | BL16: 0 | BM16: 0 | BN16: 0 | BO16: 0 | BP16: 0 | BQ16: 130 | BR16: 5603520 | BS16: 29 | BT16: 2463456 | BU16: 0 | BV16: 0 | BW16: 0 | BX16: 0 | BY16: 838 | BZ16: 86682720 | CA16: 19133 | CB16: 2699270472 | CC16: 0 | CD16: 0 | CE16: 0 | CF16: 0 | CG16: 0 | CH16: 0 | CI16: 32 | CJ16: 3135744 | CK16: 968 | CL16: 92286240 | CM16: 19194 | CN16: 2704869672 | CO16: 20162 | CP16: 2797155900 | CQ16: 2222804.4 | CR16: 2469276 | CS16: =ROUND(CQ16*1.04,1) -> 2311716.6 | CT16: =ROUND(CR16*1.04,1) -> 2568047 | CU16: =ROUND(CP16*$CU$4,-2) -> 2716227400 | CV16: =CV39 -> 19578.664 | CW16: 2381773.9 | CX16: =ROUND(CW16*1.04,1) -> 2477044.9 | CY16: =ROUND(CP16*$CY$4,-2) -> 2711230600 | CZ16: =CZ39 -> 19542.647 | DA16: =CS16 -> 2311716.6 | DB16: =ROUND(CP16*$DB$4,-2) -> 2639458500 | DC16: =DC39 -> 19025.311 | DD16: =DB16/1000 -> 2639458.5 | DE16: =ROUND(DD16*1.04,1) -> 2745036.8 | DF16: =ROUND(DE16*1.04,1) -> 2854838.3 | DH16: 16168.867 | DI16: 2222804400 | DJ16: =CO16-DH16 -> 3993.133 | DK16: 18679 | DL16: =CO16-DK16 -> 1483 | DN16: =CP16 -> 2797155900 | DO16: =ROUND(DN16*1.04,-2) -> 2909042100 | DP16: =ROUND(DO16*1.04,-2) -> 3025403800 | DR16: =DN16/1000 -> 2797155.9 | DS16: =DO16/1000 -> 2909042.1 | DT16: =DP16/1000 -> 3025403.8
A17: 5 | B17: Выборгский | C17: 1863 | D17: 727 | E17: 32 | F17: 1379328 | G17: 0 | H17: 0 | I17: 176 | J17: 16183728 | K17: 478 | L17: 34847388 | M17: 1629 | N17: 184515600 | O17: 4882 | P17: 426331332 | Q17: 0 | R17: 0 | S17: 0 | T17: 0 | U17: 26 | V17: 3137784 | W17: 0 | X17: 0 | Y17: 0 | Z17: 1769 | AA17: 0 | AB17: 0 | AC17: 0 | AD17: 0 | AE17: 0 | AF17: 0 | AG17: 838 | AH17: 262218096 | AI17: 0 | AJ17: 0 | AK17: 921 | AL17: 349709928 | AM17: 0 | AN17: 0 | AO17: 0 | AP17: 0 | AQ17: 0 | AR17: 0 | AS17: 10 | AT17: 4432800 | AU17: 0 | AV17: 0 | AW17: 0 | AX17: 0 | AY17: 0 | AZ17: 0 | BA17: 0 | BB17: 0 | BC17: 0 | BD17: 0 | BE17: 0 | BF17: 0 | BG17: 0 | BH17: 0 | BI17: 0 | BJ17: 0 | BK17: 0 | BL17: 0 | BM17: 0 | BN17: 0 | BO17: 0 | BP17: 0 | BQ17: 32 | BR17: 1379328 | BS17: 0 | BT17: 0 | BU17: 176 | BV17: 16183728 | BW17: 1316 | BX17: 297065484 | BY17: 1629 | BZ17: 184515600 | CA17: 5803 | CB17: 776041260 | CC17: 0 | CD17: 0 | CE17: 0 | CF17: 0 | CG17: 26 | CH17: 3137784 | CI17: 10 | CJ17: 4432800 | CK17: 1863 | CL17: 205216440 | CM17: 7129 | CN17: 1077539544 | CO17: 8992 | CP17: 1282756000 | CQ17: 1276037.4 | CR17: 1259738.3 | CS17: =ROUND(CQ17*1.04,1) -> 1327078.9 | CT17: =ROUND(CR17*1.04,1) -> 1310127.8 | CU17: =ROUND(CP17*$CU$4,-2) -> 1245642800 | CV17: =CV40 -> 8731.8399 | CW17: 1276037.4 | CX17: =ROUND(CW17*1.04,1) -> 1327078.9 | CY17: =ROUND(CP17*$CY$4,-2) -> 1243351300 | CZ17: =CZ40 -> 8715.7767 | DA17: =CS17 -> 1327078.9 | DB17: =ROUND(CP17*$DB$4,-2) -> 1210437100 | DC17: =DC40 -> 8485.0513 | DD17: =DB17/1000 -> 1210437.1 | DE17: =ROUND(DD17*1.04,1) -> 1258854.6 | DF17: =ROUND(DE17*1.04,1) -> 1309208.8 | DH17: 9213 | DI17: 1276037400 | DJ17: =CO17-DH17 -> -221 | DK17: 9213 | DL17: =CO17-DK17 -> -221 | DN17: =CP17 -> 1282756000 | DO17: =ROUND(DN17*1.04,-2) -> 1334066200 | DP17: =ROUND(DO17*1.04,-2) -> 1387428800 | DR17: =DN17/1000 -> 1282756 | DS17: =DO17/1000 -> 1334066.2 | DT17: =DP17/1000 -> 1387428.8
A18: 6 | B18: Гатчинский | C18: 1704 | D18: 6175 | E18: 0 | F18: 0 | G18: 0 | H18: 0 | I18: 0 | J18: 0 | K18: 685 | L18: 48377760 | M18: 1704 | N18: 179710260 | O18: 5442 | P18: 460958400 | Q18: 0 | R18: 0 | S18: 0 | T18: 0 | U18: 0 | V18: 0 | W18: 48 | X18: 4909416 | Y18: 0 | Z18: 2493 | AA18: 0 | AB18: 0 | AC18: 0 | AD18: 0 | AE18: 0 | AF18: 0 | AG18: 2493 | AH18: 801636264 | AI18: 0 | AJ18: 0 | AK18: 0 | AL18: 0 | AM18: 0 | AN18: 0 | AO18: 0 | AP18: 0 | AQ18: 0 | AR18: 0 | AS18: 0 | AT18: 0 | AU18: 0 | AV18: 0 | AW18: 0 | AX18: 0 | AY18: 0 | AZ18: 0 | BA18: 0 | BB18: 0 | BC18: 0 | BD18: 0 | BE18: 0 | BF18: 0 | BG18: 0 | BH18: 0 | BI18: 0 | BJ18: 0 | BK18: 0 | BL18: 0 | BM18: 0 | BN18: 0 | BO18: 0 | BP18: 0 | BQ18: 0 | BR18: 0 | BS18: 0 | BT18: 0 | BU18: 0 | BV18: 0 | BW18: 3178 | BX18: 850014024 | BY18: 1704 | BZ18: 179710260 | CA18: 5442 | CB18: 460958400 | CC18: 0 | CD18: 0 | CE18: 0 | CF18: 0 | CG18: 0 | CH18: 0 | CI18: 48 | CJ18: 4909416 | CK18: 1704 | CL18: 179710260 | CM18: 8668 | CN18: 1315881840 | CO18: 10372 | CP18: 1495592100 | CQ18: 1432257.3 | CR18: 1469364.6 | CS18: =ROUND(CQ18*1.04,1) -> 1489547.6 | CT18: =ROUND(CR18*1.04,1) -> 1528139.2 | CU18: =ROUND(CP18*$CU$4,-2) -> 1452321000 | CV18: =CV41 -> 10071.913 | CW18: 1441217.2 | CX18: =ROUND(CW18*1.04,1) -> 1498865.9 | CY18: =ROUND(CP18*$CY$4,-2) -> 1449649300 | CZ18: =CZ41 -> 10053.385 | DA18: =CS18 -> 1489547.6 | DB18: =ROUND(CP18*$DB$4,-2) -> 1411274000 | DC18: =DC41 -> 9787.2501 | DD18: =DB18/1000 -> 1411274 | DE18: =ROUND(DD18*1.04,1) -> 1467725 | DF18: =ROUND(DE18*1.04,1) -> 1526434 | DH18: 10300 | DI18: 1432257300 | DJ18: =CO18-DH18 -> 72 | DK18: 10346 | DL18: =CO18-DK18 -> 26 | DN18: =CP18 -> 1495592100 | DO18: =ROUND(DN18*1.04,-2) -> 1555415800 | DP18: =ROUND(DO18*1.04,-2) -> 1617632400 | DR18: =DN18/1000 -> 1495592.1 | DS18: =DO18/1000 -> 1555415.8 | DT18: =DP18/1000 -> 1617632.4
A19: 7 | B19: Кингисеппский | C19: 980 | D19: 2851 | E19: 0 | F19: 0 | G19: 0 | H19: 0 | I19: 0 | J19: 0 | K19: 0 | L19: 0 | M19: 980 | N19: 101371200 | O19: 2836 | P19: 238224000 | Q19: 0 | R19: 0 | S19: 0 | T19: 0 | U19: 0 | V19: 0 | W19: 15 | X19: 1469880 | Y19: 0 | Z19: 244 | AA19: 0 | AB19: 0 | AC19: 0 | AD19: 0 | AE19: 0 | AF19: 0 | AG19: 0 | AH19: 0 | AI19: 0 | AJ19: 0 | AK19: 244 | AL19: 91725168 | AM19: 0 | AN19: 0 | AO19: 0 | AP19: 0 | AQ19: 0 | AR19: 0 | AS19: 0 | AT19: 0 | AU19: 0 | AV19: 0 | AW19: 0 | AX19: 0 | AY19: 0 | AZ19: 0 | BA19: 0 | BB19: 0 | BC19: 0 | BD19: 0 | BE19: 0 | BF19: 0 | BG19: 0 | BH19: 0 | BI19: 0 | BJ19: 0 | BK19: 0 | BL19: 0 | BM19: 0 | BN19: 0 | BO19: 0 | BP19: 0 | BQ19: 0 | BR19: 0 | BS19: 0 | BT19: 0 | BU19: 0 | BV19: 0 | BW19: 0 | BX19: 0 | BY19: 980 | BZ19: 101371200 | CA19: 3080 | CB19: 329949168 | CC19: 0 | CD19: 0 | CE19: 0 | CF19: 0 | CG19: 0 | CH19: 0 | CI19: 15 | CJ19: 1469880 | CK19: 980 | CL19: 101371200 | CM19: 3095 | CN19: 331419048 | CO19: 4075 | CP19: 432790200 | CQ19: 397731.9 | CR19: 402469.2 | CS19: =ROUND(CQ19*1.04,1) -> 413641.2 | CT19: =ROUND(CR19*1.04,1) -> 418568 | CU19: =ROUND(CP19*$CU$4,-2) -> 420268500 | CV19: =CV42 -> 3957.1001 | CW19: 421597.7 | CX19: =ROUND(CW19*1.04,1) -> 438461.6 | CY19: =ROUND(CP19*$CY$4,-2) -> 419495400 | CZ19: =CZ42 -> 3949.8208 | DA19: =CS19 -> 413641.2 | DB19: =ROUND(CP19*$DB$4,-2) -> 408390500 | DC19: =DC42 -> 3845.261 | DD19: =DB19/1000 -> 408390.5 | DE19: =ROUND(DD19*1.04,1) -> 424726.1 | DF19: =ROUND(DE19*1.04,1) -> 441715.1 | DH19: 4190 | DI19: 397731900 | DJ19: =CO19-DH19 -> -115 | DK19: 4188 | DL19: =CO19-DK19 -> -113 | DN19: =CP19 -> 432790200 | DO19: =ROUND(DN19*1.04,-2) -> 450101800 | DP19: =ROUND(DO19*1.04,-2) -> 468105900 | DR19: =DN19/1000 -> 432790.2 | DS19: =DO19/1000 -> 450101.8 | DT19: =DP19/1000 -> 468105.9
A20: 8 | B20: Киришский | C20: 820 | D20: 2500 | E20: 0 | F20: 0 | G20: 0 | H20: 0 | I20: 0 | J20: 0 | K20: 0 | L20: 0 | M20: 820 | N20: 88778148 | O20: 2500 | P20: 215282940 | Q20: 0 | R20: 0 | S20: 0 | T20: 0 | U20: 0 | V20: 0 | W20: 0 | X20: 0 | Y20: 20 | Z20: 414 | AA20: 0 | AB20: 0 | AC20: 0 | AD20: 0 | AE20: 0 | AF20: 0 | AG20: 0 | AH20: 0 | AI20: 20 | AJ20: 8216640 | AK20: 414 | AL20: 149026656 | AM20: 0 | AN20: 0 | AO20: 0 | AP20: 0 | AQ20: 0 | AR20: 0 | AS20: 0 | AT20: 0 | AU20: 0 | AV20: 0 | AW20: 0 | AX20: 0 | AY20: 0 | AZ20: 0 | BA20: 0 | BB20: 0 | BC20: 0 | BD20: 0 | BE20: 0 | BF20: 0 | BG20: 0 | BH20: 0 | BI20: 0 | BJ20: 0 | BK20: 0 | BL20: 0 | BM20: 0 | BN20: 0 | BO20: 0 | BP20: 0 | BQ20: 0 | BR20: 0 | BS20: 0 | BT20: 0 | BU20: 0 | BV20: 0 | BW20: 0 | BX20: 0 | BY20: 840 | BZ20: 96994788 | CA20: 2914 | CB20: 364309596 | CC20: 0 | CD20: 0 | CE20: 0 | CF20: 0 | CG20: 0 | CH20: 0 | CI20: 0 | CJ20: 0 | CK20: 840 | CL20: 96994788 | CM20: 2914 | CN20: 364309596 | CO20: 3754 | CP20: 461304400 | CQ20: 416898.2 | CR20: 414732.3 | CS20: =ROUND(CQ20*1.04,1) -> 433574.1 | CT20: =ROUND(CR20*1.04,1) -> 431321.6 | CU20: =ROUND(CP20*$CU$4,-2) -> 447957700 | CV20: =CV43 -> 3645.3873 | CW20: 440571.6 | CX20: =ROUND(CW20*1.04,1) -> 458194.5 | CY20: =ROUND(CP20*$CY$4,-2) -> 447133700 | CZ20: =CZ43 -> 3638.6818 | DA20: =CS20 -> 433574.1 | DB20: =ROUND(CP20*$DB$4,-2) -> 435297100 | DC20: =DC43 -> 3542.358 | DD20: =DB20/1000 -> 435297.1 | DE20: =ROUND(DD20*1.04,1) -> 452709 | DF20: =ROUND(DE20*1.04,1) -> 470817.4 | DH20: 3897 | DI20: 416898200 | DJ20: =CO20-DH20 -> -143 | DK20: 3816 | DL20: =CO20-DK20 -> -62 | DN20: =CP20 -> 461304400 | DO20: =ROUND(DN20*1.04,-2) -> 479756600 | DP20: =ROUND(DO20*1.04,-2) -> 498946900 | DR20: =DN20/1000 -> 461304.4 | DS20: =DO20/1000 -> 479756.6 | DT20: =DP20/1000 -> 498946.9
A21: 9 | B21: Кировский | C21: 860 | D21: 2818 | E21: 0 | F21: 0 | G21: 69 | H21: 2415276 | I21: 0 | J21: 0 | K21: 0 | L21: 0 | M21: 860 | N21: 89372220 | O21: 2724 | P21: 232857216 | Q21: 0 | R21: 0 | S21: 0 | T21: 0 | U21: 0 | V21: 0 | W21: 25 | X21: 2449800 | Y21: 0 | Z21: 1455 | AA21: 0 | AB21: 0 | AC21: 0 | AD21: 0 | AE21: 0 | AF21: 0 | AG21: 0 | AH21: 0 | AI21: 0 | AJ21: 0 | AK21: 1455 | AL21: 546526188 | AM21: 0 | AN21: 0 | AO21: 0 | AP21: 0 | AQ21: 0 | AR21: 0 | AS21: 0 | AT21: 0 | AU21: 0 | AV21: 0 | AW21: 0 | AX21: 0 | AY21: 0 | AZ21: 0 | BA21: 0 | BB21: 0 | BC21: 0 | BD21: 0 | BE21: 0 | BF21: 0 | BG21: 0 | BH21: 0 | BI21: 0 | BJ21: 0 | BK21: 0 | BL21: 0 | BM21: 0 | BN21: 0 | BO21: 0 | BP21: 0 | BQ21: 0 | BR21: 0 | BS21: 69 | BT21: 2415276 | BU21: 0 | BV21: 0 | BW21: 0 | BX21: 0 | BY21: 860 | BZ21: 89372220 | CA21: 4179 | CB21: 779383404 | CC21: 0 | CD21: 0 | CE21: 0 | CF21: 0 | CG21: 0 | CH21: 0 | CI21: 25 | CJ21: 2449800 | CK21: 860 | CL21: 89372220 | CM21: 4273 | CN21: 784248480 | CO21: 5133 | CP21: 873620700 | CQ21: 811506.6 | CR21: 835805.4 | CS21: =ROUND(CQ21*1.04,1) -> 843966.9 | CT21: =ROUND(CR21*1.04,1) -> 869237.6 | CU21: =ROUND(CP21*$CU$4,-2) -> 848344700 | CV21: =CV44 -> 4984.4897 | CW21: 811506.6 | CX21: =ROUND(CW21*1.04,1) -> 843966.9 | CY21: =ROUND(CP21*$CY$4,-2) -> 846784100 | CZ21: =CZ44 -> 4975.3203 | DA21: =CS21 -> 843966.9 | DB21: =ROUND(CP21*$DB$4,-2) -> 824367900 | DC21: =DC44 -> 4843.6128 | DD21: =DB21/1000 -> 824367.9 | DE21: =ROUND(DD21*1.04,1) -> 857342.6 | DF21: =ROUND(DE21*1.04,1) -> 891636.3 | DH21: 5033 | DI21: 811506600 | DJ21: =CO21-DH21 -> 100 | DK21: 5033 | DL21: =CO21-DK21 -> 100 | DN21: =CP21 -> 873620700 | DO21: =ROUND(DN21*1.04,-2) -> 908565500 | DP21: =ROUND(DO21*1.04,-2) -> 944908100 | DR21: =DN21/1000 -> 873620.7 | DS21: =DO21/1000 -> 908565.5 | DT21: =DP21/1000 -> 944908.1
A22: 10 | B22: Лодейнопольский | C22: 296 | D22: 727 | E22: 0 | F22: 0 | G22: 0 | H22: 0 | I22: 0 | J22: 0 | K22: 0 | L22: 0 | M22: 296 | N22: 33719244 | O22: 727 | P22: 65250492 | Q22: 0 | R22: 0 | S22: 0 | T22: 0 | U22: 0 | V22: 0 | W22: 0 | X22: 0 | Y22: 0 | Z22: 183 | AA22: 0 | AB22: 0 | AC22: 0 | AD22: 0 | AE22: 0 | AF22: 0 | AG22: 0 | AH22: 0 | AI22: 0 | AJ22: 0 | AK22: 183 | AL22: 75235164 | AM22: 0 | AN22: 0 | AO22: 0 | AP22: 0 | AQ22: 0 | AR22: 0 | AS22: 0 | AT22: 0 | AU22: 0 | AV22: 114 | AW22: 0 | AX22: 0 | AY22: 0 | AZ22: 0 | BA22: 0 | BB22: 0 | BC22: 0 | BD22: 0 | BE22: 0 | BF22: 0 | BG22: 114 | BH22: 16855128 | BI22: 0 | BJ22: 0 | BK22: 0 | BL22: 0 | BM22: 0 | BN22: 0 | BO22: 0 | BP22: 0 | BQ22: 0 | BR22: 0 | BS22: 0 | BT22: 0 | BU22: 0 | BV22: 0 | BW22: 0 | BX22: 0 | BY22: 296 | BZ22: 33719244 | CA22: 1024 | CB22: 157340784 | CC22: 0 | CD22: 0 | CE22: 0 | CF22: 0 | CG22: 0 | CH22: 0 | CI22: 0 | CJ22: 0 | CK22: 296 | CL22: 33719244 | CM22: 1024 | CN22: 157340784 | CO22: 1320 | CP22: 191060000 | CQ22: 167362.2 | CR22: 187774.2 | CS22: =ROUND(CQ22*1.04,1) -> 174056.7 | CT22: =ROUND(CR22*1.04,1) -> 195285.2 | CU22: =ROUND(CP22*$CU$4,-2) -> 185532200 | CV22: =CV45 -> 1281.8094 | CW22: 167362.2 | CX22: =ROUND(CW22*1.04,1) -> 174056.7 | CY22: =ROUND(CP22*$CY$4,-2) -> 185190900 | CZ22: =CZ45 -> 1279.4514 | DA22: =CS22 -> 174056.7 | DB22: =ROUND(CP22*$DB$4,-2) -> 180288500 | DC22: =DC45 -> 1245.5816 | DD22: =DB22/1000 -> 180288.5 | DE22: =ROUND(DD22*1.04,1) -> 187500 | DF22: =ROUND(DE22*1.04,1) -> 195000 | DH22: 1403 | DI22: 167362200 | DJ22: =CO22-DH22 -> -83 | DK22: 1403 | DL22: =CO22-DK22 -> -83 | DN22: =CP22 -> 191060000 | DO22: =ROUND(DN22*1.04,-2) -> 198702400 | DP22: =ROUND(DO22*1.04,-2) -> 206650500 | DR22: =DN22/1000 -> 191060 | DS22: =DO22/1000 -> 198702.4 | DT22: =DP22/1000 -> 206650.5
A23: 11 | B23: Ломоносовский | C23: 910 | D23: 3098 | E23: 75 | F23: 3232800 | G23: 25 | H23: 875100 | I23: 25 | J23: 2155200 | K23: 0 | L23: 0 | M23: 810 | N23: 86433216 | O23: 3073 | P23: 260805504 | Q23: 0 | R23: 0 | S23: 0 | T23: 0 | U23: 0 | V23: 0 | W23: 0 | X23: 0 | Y23: 0 | Z23: 263 | AA23: 0 | AB23: 0 | AC23: 0 | AD23: 0 | AE23: 0 | AF23: 0 | AG23: 39 | AH23: 12284328 | AI23: 0 | AJ23: 0 | AK23: 214 | AL23: 82702776 | AM23: 0 | AN23: 0 | AO23: 0 | AP23: 0 | AQ23: 0 | AR23: 0 | AS23: 10 | AT23: 4376520 | AU23: 0 | AV23: 0 | AW23: 0 | AX23: 0 | AY23: 0 | AZ23: 0 | BA23: 0 | BB23: 0 | BC23: 0 | BD23: 0 | BE23: 0 | BF23: 0 | BG23: 0 | BH23: 0 | BI23: 0 | BJ23: 0 | BK23: 0 | BL23: 0 | BM23: 0 | BN23: 0 | BO23: 0 | BP23: 0 | BQ23: 75 | BR23: 3232800 | BS23: 25 | BT23: 875100 | BU23: 25 | BV23: 2155200 | BW23: 39 | BX23: 12284328 | BY23: 810 | BZ23: 86433216 | CA23: 3287 | CB23: 343508280 | CC23: 0 | CD23: 0 | CE23: 0 | CF23: 0 | CG23: 0 | CH23: 0 | CI23: 10 | CJ23: 4376520 | CK23: 910 | CL23: 91821216 | CM23: 3361 | CN23: 361044228 | CO23: 4271 | CP23: 452865400 | CQ23: 383790.1 | CR23: 399240.1 | CS23: =ROUND(CQ23*1.04,1) -> 399141.7 | CT23: =ROUND(CR23*1.04,1) -> 415209.7 | CU23: =ROUND(CP23*$CU$4,-2) -> 439762900 | CV23: =CV46 -> 4147.4296 | CW23: 402862.6 | CX23: =ROUND(CW23*1.04,1) -> 418977.1 | CY23: =ROUND(CP23*$CY$4,-2) -> 438953900 | CZ23: =CZ46 -> 4139.7998 | DA23: =CS23 -> 399141.7 | DB23: =ROUND(CP23*$DB$4,-2) -> 427333900 | DC23: =DC46 -> 4030.2109 | DD23: =DB23/1000 -> 427333.9 | DE23: =ROUND(DD23*1.04,1) -> 444427.3 | DF23: =ROUND(DE23*1.04,1) -> 462204.4 | DH23: 3758 | DI23: 383790100 | DJ23: =CO23-DH23 -> 513 | DK23: 3998 | DL23: =CO23-DK23 -> 273 | DN23: =CP23 -> 452865400 | DO23: =ROUND(DN23*1.04,-2) -> 470980000 | DP23: =ROUND(DO23*1.04,-2) -> 489819200 | DR23: =DN23/1000 -> 452865.4 | DS23: =DO23/1000 -> 470980 | DT23: =DP23/1000 -> 489819.2
A24: 12 | B24: Лужский | C24: 441 | D24: 1980 | E24: 0 | F24: 0 | G24: 0 | H24: 0 | I24: 0 | J24: 0 | K24: 0 | L24: 0 | M24: 441 | N24: 52201536 | O24: 1980 | P24: 187498116 | Q24: 0 | R24: 0 | S24: 0 | T24: 0 | U24: 0 | V24: 0 | W24: 0 | X24: 0 | Y24: 0 | Z24: 258 | AA24: 0 | AB24: 0 | AC24: 0 | AD24: 0 | AE24: 0 | AF24: 0 | AG24: 0 | AH24: 0 | AI24: 0 | AJ24: 0 | AK24: 243 | AL24: 94164180 | AM24: 0 | AN24: 0 | AO24: 0 | AP24: 0 | AQ24: 0 | AR24: 0 | AS24: 15 | AT24: 4736700 | AU24: 0 | AV24: 0 | AW24: 0 | AX24: 0 | AY24: 0 | AZ24: 0 | BA24: 0 | BB24: 0 | BC24: 0 | BD24: 0 | BE24: 0 | BF24: 0 | BG24: 0 | BH24: 0 | BI24: 0 | BJ24: 0 | BK24: 0 | BL24: 0 | BM24: 0 | BN24: 0 | BO24: 0 | BP24: 0 | BQ24: 0 | BR24: 0 | BS24: 0 | BT24: 0 | BU24: 0 | BV24: 0 | BW24: 0 | BX24: 0 | BY24: 441 | BZ24: 52201536 | CA24: 2223 | CB24: 281662296 | CC24: 0 | CD24: 0 | CE24: 0 | CF24: 0 | CG24: 0 | CH24: 0 | CI24: 15 | CJ24: 4736700 | CK24: 441 | CL24: 52201536 | CM24: 2238 | CN24: 286398996 | CO24: 2679 | CP24: 338600500 | CQ24: 286634.6 | CR24: 289956.4 | CS24: =ROUND(CQ24*1.04,1) -> 298100 | CT24: =ROUND(CR24*1.04,1) -> 301554.7 | CU24: =ROUND(CP24*$CU$4,-2) -> 328804000 | CV24: =CV47 -> 2601.4903 | CW24: 286634.6 | CX24: =ROUND(CW24*1.04,1) -> 298100 | CY24: =ROUND(CP24*$CY$4,-2) -> 328199100 | CZ24: =CZ47 -> 2596.7043 | DA24: =CS24 -> 298100 | DB24: =ROUND(CP24*$DB$4,-2) -> 319511000 | DC24: =DC47 -> 2527.9643 | DD24: =DB24/1000 -> 319511 | DE24: =ROUND(DD24*1.04,1) -> 332291.4 | DF24: =ROUND(DE24*1.04,1) -> 345583.1 | DH24: 2826 | DI24: 286634600 | DJ24: =CO24-DH24 -> -147 | DK24: 2826 | DL24: =CO24-DK24 -> -147 | DN24: =CP24 -> 338600500 | DO24: =ROUND(DN24*1.04,-2) -> 352144500 | DP24: =ROUND(DO24*1.04,-2) -> 366230300 | DR24: =DN24/1000 -> 338600.5 | DS24: =DO24/1000 -> 352144.5 | DT24: =DP24/1000 -> 366230.3
A25: 13 | B25: Подпорожский | C25: 415 | D25: 895 | E25: 0 | F25: 0 | G25: 0 | H25: 0 | I25: 295 | J25: 26797752 | K25: 687 | L25: 50606484 | M25: 120 | N25: 12412800 | O25: 208 | P25: 17472000 | Q25: 0 | R25: 0 | S25: 0 | T25: 0 | U25: 0 | V25: 0 | W25: 0 | X25: 0 | Y25: 0 | Z25: 144 | AA25: 0 | AB25: 0 | AC25: 0 | AD25: 0 | AE25: 0 | AF25: 0 | AG25: 144 | AH25: 47573772 | AI25: 0 | AJ25: 0 | AK25: 0 | AL25: 0 | AM25: 0 | AN25: 0 | AO25: 0 | AP25: 0 | AQ25: 0 | AR25: 0 | AS25: 0 | AT25: 0 | AU25: 0 | AV25: 25 | AW25: 0 | AX25: 0 | AY25: 0 | AZ25: 0 | BA25: 0 | BB25: 0 | BC25: 25 | BD25: 3080400 | BE25: 0 | BF25: 0 | BG25: 0 | BH25: 0 | BI25: 0 | BJ25: 0 | BK25: 0 | BL25: 0 | BM25: 0 | BN25: 0 | BO25: 0 | BP25: 0 | BQ25: 0 | BR25: 0 | BS25: 0 | BT25: 0 | BU25: 295 | BV25: 26797752 | BW25: 856 | BX25: 101260656 | BY25: 120 | BZ25: 12412800 | CA25: 208 | CB25: 17472000 | CC25: 0 | CD25: 0 | CE25: 0 | CF25: 0 | CG25: 0 | CH25: 0 | CI25: 0 | CJ25: 0 | CK25: 415 | CL25: 39210552 | CM25: 1064 | CN25: 118732656 | CO25: 1479 | CP25: 157943200 | CQ25: 174553.2 | CR25: 165784.6 | CS25: =ROUND(CQ25*1.04,1) -> 181535.3 | CT25: =ROUND(CR25*1.04,1) -> 172416 | CU25: =ROUND(CP25*$CU$4,-2) -> 153373500 | CV25: =CV48 -> 1436.2088 | CW25: 174553.2 | CX25: =ROUND(CW25*1.04,1) -> 181535.3 | CY25: =ROUND(CP25*$CY$4,-2) -> 153091400 | CZ25: =CZ48 -> 1433.5671 | DA25: =CS25 -> 181535.3 | DB25: =ROUND(CP25*$DB$4,-2) -> 149038700 | DC25: =DC48 -> 1395.6171 | DD25: =DB25/1000 -> 149038.7 | DE25: =ROUND(DD25*1.04,1) -> 155000.2 | DF25: =ROUND(DE25*1.04,1) -> 161200.2 | DH25: 1560 | DI25: 174553200 | DJ25: =CO25-DH25 -> -81 | DK25: 1560 | DL25: =CO25-DK25 -> -81 | DN25: =CP25 -> 157943200 | DO25: =ROUND(DN25*1.04,-2) -> 164260900 | DP25: =ROUND(DO25*1.04,-2) -> 170831300 | DR25: =DN25/1000 -> 157943.2 | DS25: =DO25/1000 -> 164260.9 | DT25: =DP25/1000 -> 170831.3
A26: 14 | B26: Приозерский | C26: 459 | D26: 1895 | E26: 0 | F26: 0 | G26: 0 | H26: 0 | I26: 330 | J26: 31481676 | K26: 836 | L26: 63709404 | M26: 129 | N26: 14308320 | O26: 1059 | P26: 96918048 | Q26: 0 | R26: 0 | S26: 0 | T26: 0 | U26: 0 | V26: 0 | W26: 0 | X26: 0 | Y26: 0 | Z26: 335 | AA26: 0 | AB26: 0 | AC26: 0 | AD26: 0 | AE26: 0 | AF26: 0 | AG26: 335 | AH26: 106694100 | AI26: 0 | AJ26: 0 | AK26: 0 | AL26: 0 | AM26: 0 | AN26: 0 | AO26: 0 | AP26: 0 | AQ26: 0 | AR26: 0 | AS26: 0 | AT26: 0 | AU26: 0 | AV26: 0 | AW26: 0 | AX26: 0 | AY26: 0 | AZ26: 0 | BA26: 0 | BB26: 0 | BC26: 0 | BD26: 0 | BE26: 0 | BF26: 0 | BG26: 0 | BH26: 0 | BI26: 0 | BJ26: 0 | BK26: 0 | BL26: 0 | BM26: 0 | BN26: 0 | BO26: 0 | BP26: 0 | BQ26: 0 | BR26: 0 | BS26: 0 | BT26: 0 | BU26: 330 | BV26: 31481676 | BW26: 1171 | BX26: 170403504 | BY26: 129 | BZ26: 14308320 | CA26: 1059 | CB26: 96918048 | CC26: 0 | CD26: 0 | CE26: 0 | CF26: 0 | CG26: 0 | CH26: 0 | CI26: 0 | CJ26: 0 | CK26: 459 | CL26: 45789996 | CM26: 2230 | CN26: 267321552 | CO26: 2689 | CP26: 313111500 | CQ26: 327258.4 | CR26: 314942.8 | CS26: =ROUND(CQ26*1.04,1) -> 340348.7 | CT26: =ROUND(CR26*1.04,1) -> 327540.5 | CU26: =ROUND(CP26*$CU$4,-2) -> 304052400 | CV26: =CV49 -> 2611.2005 | CW26: 327258.4 | CX26: =ROUND(CW26*1.04,1) -> 340348.7 | CY26: =ROUND(CP26*$CY$4,-2) -> 303493100 | CZ26: =CZ49 -> 2606.3972 | DA26: =CS26 -> 340348.7 | DB26: =ROUND(CP26*$DB$4,-2) -> 295459000 | DC26: =DC49 -> 2537.4004 | DD26: =DB26/1000 -> 295459 | DE26: =ROUND(DD26*1.04,1) -> 307277.4 | DF26: =ROUND(DE26*1.04,1) -> 319568.5 | DH26: 2718 | DI26: 327258400 | DJ26: =CO26-DH26 -> -29 | DK26: 2718 | DL26: =CO26-DK26 -> -29 | DN26: =CP26 -> 313111500 | DO26: =ROUND(DN26*1.04,-2) -> 325636000 | DP26: =ROUND(DO26*1.04,-2) -> 338661400 | DR26: =DN26/1000 -> 313111.5 | DS26: =DO26/1000 -> 325636 | DT26: =DP26/1000 -> 338661.4
... A30: 18 | B30: Сосновоборский | C30: 755 | D30: 2631 | E30: 0 | F30: 0 | G30: 0 | H30: 0 | I30: 0 | J30: 0 | K30: 0 | L30: 0 | M30: 755 | N30: 78097200 | O30: 2631 | P30: 221004000 | Q30: 0 | R30: 0 | S30: 0 | T30: 0 | U30: 0 | V30: 0 | W30: 0 | X30: 0 | Y30: 0 | Z30: 409 | AA30: 0 | AB30: 0 | AC30: 0 | AD30: 0 | AE30: 0 | AF30: 0 | AG30: 0 | AH30: 0 | AI30: 0 | AJ30: 0 | AK30: 409 | AL30: 157293684 | AM30: 0 | AN30: 0 | AO30: 0 | AP30: 0 | AQ30: 0 | AR30: 0 | AS30: 0 | AT30: 0 | AU30: 0 | AV30: 0 | AW30: 0 | AX30: 0 | AY30: 0 | AZ30: 0 | BA30: 0 | BB30: 0 | BC30: 0 | BD30: 0 | BE30: 0 | BF30: 0 | BG30: 0 | BH30: 0 | BI30: 0 | BJ30: 0 | BK30: 0 | BL30: 0 | BM30: 0 | BN30: 0 | BO30: 0 | BP30: 0 | BQ30: 0 | BR30: 0 | BS30: 0 | BT30: 0 | BU30: 0 | BV30: 0 | BW30: 0 | BX30: 0 | BY30: 755 | BZ30: 78097200 | CA30: 3040 | CB30: 378297684 | CC30: 0 | CD30: 0 | CE30: 0 | CF30: 0 | CG30: 0 | CH30: 0 | CI30: 0 | CJ30: 0 | CK30: 755 | CL30: 78097200 | CM30: 3040 | CN30: 378297684 | CO30: 3795 | CP30: 456394900 | CQ30: 447233.5 | CR30: 454525.1 | CS30: =ROUND(CQ30*1.04,1) -> 465122.8 | CT30: =ROUND(CR30*1.04,1) -> 472706.1 | CU30: =ROUND(CP30*$CU$4,-2) -> 443190300 | CV30: =CV53 -> 3685.2015 | CW30: 449641.2 | CX30: =ROUND(CW30*1.04,1) -> 467626.8 | CY30: =ROUND(CP30*$CY$4,-2) -> 442375000 | CZ30: =CZ53 -> 3678.4222 | DA30: =CS30 -> 465122.8 | DB30: =ROUND(CP30*$DB$4,-2) -> 430664400 | DC30: =DC53 -> 3581.0466 | DD30: =DB30/1000 -> 430664.4 | DE30: =ROUND(DD30*1.04,1) -> 447891 | DF30: =ROUND(DE30*1.04,1) -> 465806.6 | DH30: 3728 | DI30: 447233500 | DJ30: =CO30-DH30 -> 67 | DK30: 3760 | DL30: =CO30-DK30 -> 35 | DN30: =CP30 -> 456394900 | DO30: =ROUND(DN30*1.04,-2) -> 474650700 | DP30: =ROUND(DO30*1.04,-2) -> 493636700 | DR30: =DN30/1000 -> 456394.9 | DS30: =DO30/1000 -> 474650.7 | DT30: =DP30/1000 -> 493636.7
B31: Итого | C31: 14595 | D31: 49007 | E31: 237 | F31: 10215648 | G31: 118 | H31: 4130472 | I31: 1330 | J31: 123786672 | K31: 4424 | L31: 326745300 | M31: 12995 | N31: 1409475300 | O31: 55093 | P31: 4750921932 | Q31: 7 | R31: 844788 | S31: 10 | T31: 979920 | U31: 26 | V31: 3137784 | W31: 197 | X31: 19510224 | Y31: 20 | Z31: 13135 | AA31: 0 | AB31: 0 | AC31: 5 | AD31: 1623360 | AE31: 0 | AF31: 0 | AG31: 4142 | AH31: 1324191108 | AI31: 20 | AJ31: 8216640 | AK31: 8953 | AL31: 3376542936 | AM31: 0 | AN31: 0 | AO31: 0 | AP31: 0 | AQ31: 0 | AR31: 0 | AS31: 35 | AT31: 13546020 | AU31: 0 | AV31: 682 | AW31: 0 | AX31: 0 | AY31: 0 | AZ31: 0 | BA31: 0 | BB31: 0 | BC31: 78 | BD31: 9610848 | BE31: 0 | BF31: 0 | BG31: 604 | BH31: 86988408 | BI31: 0 | BJ31: 0 | BK31: 0 | BL31: 0 | BM31: 0 | BN31: 0 | BO31: 0 | BP31: 0 | BQ31: 237 | BR31: 10215648 | BS31: 123 | BT31: 5753832 | BU31: 1330 | BV31: 123786672 | BW31: 8644 | BX31: 1660547256 | BY31: 13015 | BZ31: 1417691940 | CA31: 64650 | CB31: 8214453276 | CC31: 7 | CD31: 844788 | CE31: 10 | CF31: 979920 | CG31: 26 | CH31: 3137784 | CI31: 232 | CJ31: 33056244 | CK31: 14615 | CL31: 1555676832 | CM31: 73659 | CN31: 9914790528 | CO31: =SUM(CO13:CO30) -> 88274 | CP31: =SUM(CP13:CP30) -> 11470467200 | CQ31: =SUM(CQ13:CQ30) -> 10407489 | CR31: =SUM(CR13:CR30) -> 10710191 | CS31: =SUM(CS13:CS30) -> 10823788 | CT31: =SUM(CT13:CT30) -> 11138599 | CU31: =SUM(CU13:CU30) -> 11138598700 | CV31: =SUM(CV13:CV30) -> 85720.018 | ... DF31: =SUM(DF13:DF30) -> 11707009 | DH31: =SUM(DH13:DH30) -> 84552.867 | DI31: =SUM(DI13:DI30) -> 10407488600 | DJ31: =SUM(DJ13:DJ30) -> 3721.133 | DK31: =SUM(DK13:DK30) -> 87519 | DL31: =SUM(DL13:DL30) -> 755 | DN31: =SUM(DN13:DN30) -> 11470467200 | DO31: =SUM(DO13:DO30) -> 11929285900 | DP31: =SUM(DP13:DP30) -> 12406457300 | DR31: =SUM(DR13:DR30) -> 11470467 | DS31: =SUM(DS13:DS30) -> 11929286 | DT31: =SUM(DT13:DT30) -> 12406457
CO32: =CO31/DH31-100% -> 0.044009543 | CP32: =CP31/1000/CQ31-100% -> 0.10213594 | CS32: =CS31/CQ31-100% -> 0.039999986 | CX32: =CX31/CW31-100% -> 0.039999996 | CY32: =CY31-CP31 -> -352359000 | DB32: =DB31-CP31 -> -646679100 | DO32: 11929285900 | DP32: 12406457300
A33: 1 | B33: 2 | C33: 3 | D33: 4 | E33: 5 | F33: 6 | G33: 7 | H33: 8 | I33: 9 | J33: 10 | K33: 11 | L33: 12 | M33: 13 | N33: 14 | O33: 15 | P33: 16 | Q33: 17 | R33: 18 | S33: 19 | T33: 20 | U33: 21 | V33: 22 | W33: 23 | X33: 24 | Y33: 25 | Z33: 26 | AA33: 27 | AB33: 28 | AC33: 29 | AD33: 30 | AE33: 31 | AF33: 32 | AG33: 33 | AH33: 34 | AI33: 35 | AJ33: 36 | AK33: 37 | AL33: 38 | AM33: 39 | AN33: 40 | AO33: 41 | AP33: 42 | AQ33: 43 | AR33: 44 | AS33: 45 | AT33: 46 | AU33: 47 | AV33: 48 | AW33: 49 | AX33: 50 | AY33: 51 | AZ33: 52 | BA33: 53 | BB33: 54 | BC33: 55 | BD33: 56 | BE33: 57 | BF33: 58 | BG33: 59 | BH33: 60 | BI33: 61 | BJ33: 62 | BK33: 63 | BL33: 64 | BM33: 65 | BN33: 66 | BO33: 67 | BP33: 68 | BQ33: 69 | BR33: 70 | BS33: 71 | BT33: 72 | BU33: 73 | BV33: 74 | BW33: 75 | BX33: 76 | BY33: 77 | BZ33: 78 | CA33: 79 | CB33: 80 | CC33: 81 | CD33: 82 | CE33: 83 | CF33: 84 | CG33: 85 | CH33: 86 | CI33: 87 | CJ33: 88 | CK33: 89 | CL33: 90 | CM33: 92 | CN33: 93 | CO33: 94 | CP33: 95 | CU33: =CU31-CP31 -> -331868500 | DO33: =DO32-DO31 -> 0 | DP33: =DP32-DP31 -> 0
CP35: =CP31='[4]Расчет_свод групп'!$CP$31 -> TRUE
CU36: =CP13/CO13 -> 104884.86 | CV36: =CU13/CU36 -> 2193.6417 | CY36: =CP13/CO13 -> 104884.86 | CZ36: =CY13/CY36 -> 2189.6058 | DB36: =CP13/CO13 -> 104884.86 | DC36: =DB13/DB36 -> 2131.6422 | DD36: =CO13-DC13 -> 127.35775
CP37: =CP31/1000/CR31-100% -> 0.070986241 | CU37: =CP14/CO14 -> 113731.44 | CV37: =CU14/CU37 -> 2100.4192 | CY37: =CP14/CO14 -> 113731.44 | CZ37: =CY14/CY37 -> 2096.5549 | DB37: =CP14/CO14 -> 113731.44 | DC37: =DB14/DB37 -> 2041.0548 | DD37: =CO14-DC14 -> 121.94517
CP38: 2021 | CU38: =CP15/CO15 -> 136926.31 | CV38: =CU15/CU38 -> 3805.6142 | CY38: =CP15/CO15 -> 136926.31 | CZ38: =CY15/CY38 -> 3798.6133 | DB38: =CP15/CO15 -> 136926.31 | DC38: =DB15/DB38 -> 3698.0556 | DD38: =CO15-DC15 -> 220.94439
CU39: =CP16/CO16 -> 138734.05 | CV39: =CU16/CU39 -> 19578.664 | CY39: =CP16/CO16 -> 138734.05 | CZ39: =CY16/CY39 -> 19542.647 | DB39: =CP16/CO16 -> 138734.05 | DC39: =DB16/DB39 -> 19025.311 | DD39: =CO16-DC16 -> 1136.6885
CU40: =CP17/CO17 -> 142655.25 | CV40: =CU17/CU40 -> 8731.8399 | CY40: =CP17/CO17 -> 142655.25 | CZ40: =CY17/CY40 -> 8715.7767 | DB40: =CP17/CO17 -> 142655.25 | DC40: =DB17/DB40 -> 8485.0513 | DD40: =CO17-DC17 -> 506.94875
CU41: =CP18/CO18 -> 144195.15 | CV41: =CU18/CU41 -> 10071.913 | CY41: =CP18/CO18 -> 144195.15 | CZ41: =CY18/CY41 -> 10053.385 | DB41: =CP18/CO18 -> 144195.15 | DC41: =DB18/DB41 -> 9787.2501 | DD41: =CO18-DC18 -> 584.7499
CU42: =CP19/CO19 -> 106206.18 | CV42: =CU19/CU42 -> 3957.1001 | CY42: =CP19/CO19 -> 106206.18 | CZ42: =CY19/CY42 -> 3949.8208 | DB42: =CP19/CO19 -> 106206.18 | DC42: =DB19/DB42 -> 3845.261 | DD42: =CO19-DC19 -> 229.73898
CU43: =CP20/CO20 -> 122883.43 | CV43: =CU20/CU43 -> 3645.3873 | CY43: =CP20/CO20 -> 122883.43 | CZ43: =CY20/CY43 -> 3638.6818 | DB43: =CP20/CO20 -> 122883.43 | DC43: =DB20/DB43 -> 3542.358 | DD43: =CO20-DC20 -> 211.64204
CU44: =CP21/CO21 -> 170196.9 | CV44: =CU21/CU44 -> 4984.4897 | CY44: =CP21/CO21 -> 170196.9 | CZ44: =CY21/CY44 -> 4975.3203 | DB44: =CP21/CO21 -> 170196.9 | DC44: =DB21/DB44 -> 4843.6128 | DD44: =CO21-DC21 -> 289.38717
CU45: =CP22/CO22 -> 144742.42 | CV45: =CU22/CU45 -> 1281.8094 | CY45: =CP22/CO22 -> 144742.42 | CZ45: =CY22/CY45 -> 1279.4514 | DB45: =CP22/CO22 -> 144742.42 | DC45: =DB22/DB45 -> 1245.5816 | DD45: =CO22-DC22 -> 74.418403
CU46: =CP23/CO23 -> 106032.64 | CV46: =CU23/CU46 -> 4147.4296 | CY46: =CP23/CO23 -> 106032.64 | CZ46: =CY23/CY46 -> 4139.7998 | DB46: =CP23/CO23 -> 106032.64 | DC46: =DB23/DB46 -> 4030.2109 | DD46: =CO23-DC23 -> 240.78907
CU47: =CP24/CO24 -> 126390.63 | CV47: =CU24/CU47 -> 2601.4903 | CY47: =CP24/CO24 -> 126390.63 | CZ47: =CY24/CY47 -> 2596.7043 | DB47: =CP24/CO24 -> 126390.63 | DC47: =DB24/DB47 -> 2527.9643 | DD47: =CO24-DC24 -> 151.03572
CU48: =CP25/CO25 -> 106790.53 | CV48: =CU25/CU48 -> 1436.2088 | CY48: =CP25/CO25 -> 106790.53 | CZ48: =CY25/CY48 -> 1433.5671 | DB48: =CP25/CO25 -> 106790.53 | DC48: =DB25/DB48 -> 1395.6171 | DD48: =CO25-DC25 -> 83.382859
CU49: =CP26/CO26 -> 116441.61 | CV49: =CU26/CU49 -> 2611.2005 | CY49: =CP26/CO26 -> 116441.61 | CZ49: =CY26/CY49 -> 2606.3972 | DB49: =CP26/CO26 -> 116441.61 | DC49: =DB26/DB49 -> 2537.4004 | DD49: =CO26-DC26 -> 151.59958
CU50: =CP27/CO27 -> 115753.82 | CV50: =CU27/CU50 -> 1692.5706 | CY50: =CP27/CO27 -> 115753.82 | CZ50: =CY27/CY50 -> 1689.4571 | DB50: =CP27/CO27 -> 115753.82 | DC50: =DB27/DB50 -> 1644.7337 | DD50: =CO27-DC27 -> 98.266307
... CU53: =CP30/CO30 -> 120262.16 | CV53: =CU30/CU53 -> 3685.2015 | CY53: =CP30/CO30 -> 120262.16 | CZ53: =CY30/CY53 -> 3678.4222 | DB53: =CP30/CO30 -> 120262.16 | DC53: =DB30/DB53 -> 3581.0466 | DD53: =CO30-DC30 -> 213.95342
CV54: =SUM(CV36:CV53) -> 85720.018 | CZ54: =SUM(CZ36:CZ53) -> 85562.328 | DC54: =SUM(DC36:DC53) -> 83297.311 | DD54: =SUM(DD36:DD53) -> 4976.6892
CV55: =SUM(CV54:CV54) -> 85720.018 | DC55: =DC54+DD54 -> 88274

Sheet ООУ
C1: Расчет объема субвенции бюджетам муниципальных образований на осуществление отдельных государственных полномочий Ленинградской области на обеспечение государственных гарантий реализации прав на получение общедоступного и бесплатного начального общего, основного общего, среднего общего образования в муниципальных общеобразовательных организациях, обеспечение дополнительного образования детей в муниципальных общеобразовательных организациях, включая расходы на оплату труда, приобретение учебников и учебных пособий, средств обучения (за исключением расходов на содержание зданий и оплату коммунальных услуг), на 2021 год
A2: №№ | B2: Наименование муниципальных образований | C2: Общеобразовательные классы в общеобразовательных учреждениях, расположенных в городской местности | M2: с углубленным изучением отдельных учебных предметов | W2: Общеобразовательные классы в общеобразовательных учреждениях, расположенных в Поселках городского типа, контингент более 300 человек | AG2: Общеобразовательные классы в общеобразовательных учреждениях, расположенных в Поселках городского типа, контингент от 201 до 300 человек | AQ2: Общеобразовательные классы в общеобразовательных учреждениях, расположенных в Поселках городского типа, контингент от 101 до 200 человек | BA2: Общеобразовательные классы в общеобразовательных учреждениях, расположенных в Поселках городского типа, контингент менее 101 человека | BK2: Общеобразовательные классы в общеобразовательных учреждениях, расположенных в сельской местности, с контингентом обучающихся более 250 чел | BU2: Общеобразовательные классы в общеобразовательных учреждениях, расположенных в сельской местности, с контингентом обучающихся от 201 до 250 чел | CE2: Общеобразовательные классы в общеобразовательных учреждениях, расположенных в сельской местности, с контингентом обучающихся от 101 до 200 чел | CO2: Общеобразовательные классы в общеобразовательных учреждениях, расположенных в сельской местности, с контингентом обучающихся от 61 до 100 чел | CY2: Общеобразовательные классы в общеобразовательных учреждениях, расположенных в сельской местности, с контингентом обучающихся менее 60 чел | DI2: очно-заочное обучение в общеобразовательных учреждениях, расположенных в городской местности | DS2: очно-заочное обучение в общеобразовательных учреждениях, расположенных в сельской местности | EC2: Численность обучающихся - надомников | EM2: Семейное обучение | EW2: Кол-во обучающихся без учета адаптированных программ | FG2: Кол-во обучающихся с ОВЗ | FQ2: Всего обучающихся (общий контингент школ) | GE2: Классное руководство | GF2: ВСЕГО уточненная потребность | GG2: Утверждено в областном законе на 2020 год, тыс.руб. | GH2: Утверждено в областном законе на 2021 год, тыс.руб. | GI2: 4 % к 2020г_КЦ | GJ2: 4 % к 2021г_КЦ | GK2: Утверждено в областном законе на 2020 г с учетом уточнения 2, тыс.руб. | GL2: КЦ, 4% от уточненных на 2020 | GM2: по КЦ | GO2: по КЦ | GQ2: Утверждено в законе на 2020 год | GS2: динамика контингента (от утвержденного) | GT2: плановый контингент | GU2: динамика планового контингента
C3: классы, не реализующие ФГОС | G3: классы, реализующие ФГОС | K3: всего | L3: сумма | M3: классы, не реализующие ФГОС | Q3: классы, реализующие ФГОС | U3: всего | V3: сумма | W3: классы, не реализующие ФГОС | AA3: классы, реализующие ФГОС | AE3: всего | AF3: сумма | AG3: классы, не реализующие ФГОС | AK3: классы, реализующие ФГОС | AO3: всего | AP3: сумма | AQ3: классы, не реализующие ФГОС | AU3: классы, реализующие ФГОС | AY3: всего | AZ3: сумма | BA3: классы, не реализующие ФГОС | BE3: классы, реализующие ФГОС | BI3: всего | BJ3: сумма | BK3: классы, не реализующие ФГОС | BO3: классы, реализующие ФГОС | BS3: всего | BT3: сумма | BU3: классы, не реализующие ФГОС | BY3: классы, реализующие ФГОС | CC3: всего | CD3: сумма | CE3: классы, не реализующие ФГОС | CI3: классы, реализующие ФГОС | CM3: всего | CN3: сумма | CO3: классы, не реализующие ФГОС | CS3: классы, реализующие ФГОС | CW3: всего | CX3: сумма | CY3: классы, не реализующие ФГОС | DC3: классы, реализующие ФГОС | DG3: всего | DH3: сумма | DI3: классы, не реализующие ФГОС | DM3: классы, реализующие ФГОС | DQ3: всего | DR3: сумма | DS3: классы, не реализующие ФГОС | DW3: классы, реализующие ФГОС | EA3: всего | EB3: сумма | EC3: классы, не реализующие ФГОС | EG3: классы, реализующие ФГОС | EK3: всего | EL3: сумма | EM3: классы, не реализующие ФГОС | EQ3: классы, реализующие ФГОС | EU3: всего | EV3: сумма | EW3: классы, не реализующие ФГОС | FA3: классы, реализующие ФГОС | FE3: ВСЕГО | FF3: Сумма | FG3: классы, не реализующие ФГОС | FK3: классы, реализующие ФГОС | FO3: всего учащихся | FP3: Сумма | FQ3: классы, не реализующие ФГОС | FU3: классы, реализующие ФГОС | FY3: всего | FZ3: в том числе | GD3: сумма
C4: 1-4 классы | D4: 5-9 классы | E4: 10-11 кл | F4: 10-11 кл профильное | G4: 1-4 классы | H4: 5-9 классы | I4: 10-11 кл | J4: 10-11 кл профильное | M4: 1-4 классы | N4: 5-9 классы | O4: 10-11 кл | P4: 10-11 кл профильное | Q4: 1-4 классы | R4: 5-9 классы | S4: 10-11 кл | T4: 10-11 кл профильное | W4: 1-4 классы | X4: 5-9 классы | Y4: 10-11 кл | Z4: 10-11 кл профильное | AA4: 1-4 классы | AB4: 5-9 классы | AC4: 10-11 кл | AD4: 10-11 кл профильное | AG4: 1-4 классы | AH4: 5-9 классы | AI4: 10-11 кл | AJ4: 10-11 кл профильное | AK4: 1-4 классы | AL4: 5-9 классы | AM4: 10-11 кл | AN4: 10-11 кл профильное | AQ4: 1-4 классы | AR4: 5-9 классы | AS4: 10-11 кл | AT4: 10-11 кл профильное | AU4: 1-4 классы | AV4: 5-9 классы | AW4: 10-11 кл | AX4: 10-11 кл профильное | BA4: 1-4 классы | BB4: 5-9 классы | BC4: 10-11 кл | BD4: 10-11 кл профильное | BE4: 1-4 классы | BF4: 5-9 классы | BG4: 10-11 кл | BH4: 10-11 кл профильное | BK4: 1-4 классы | BL4: 5-9 классы | BM4: 10-11 кл | BN4: 10-11 кл профильное | BO4: 1-4 классы | BP4: 5-9 классы | BQ4: 10-11 кл | BR4: 10-11 кл профильное | BU4: 1-4 классы | BV4: 5-9 классы | BW4: 10-11 кл | BX4: 10-11 кл профильное | BY4: 1-4 классы | BZ4: 5-9 классы | CA4: 10-11 кл | CB4: 10-11 кл профильное | CE4: 1-4 классы | CF4: 5-9 классы | CG4: 10-11 кл | CH4: 10-11 кл профильное | CI4: 1-4 классы | CJ4: 5-9 классы | CK4: 10-11 кл | CL4: 10-11 кл профильное | CO4: 1-4 классы | CP4: 5-9 классы | CQ4: 10-11 кл | CR4: 10-11 кл профильное | CS4: 1-4 классы | CT4: 5-9 классы | CU4: 10-11 кл | CV4: 10-11 кл профильное | CY4: 1-4 классы | CZ4: 5-9 классы | DA4: 10-11 кл | DB4: 10-11 кл профильное | DC4: 1-4 классы | DD4: 5-9 классы | DE4: 10-11 кл | DF4: 10-11 кл профильное | DI4: 1-4 классы | DJ4: 5-9 классы | DK4: 10-11 кл | DL4: 10-11 кл профильное | DM4: 1-4 классы | DN4: 5-9 классы | DO4: 10-11 кл | DP4: 10-11 кл профильное | DS4: 1-4 классы | DT4: 5-9 классы | DU4: 10-11 кл | DV4: 10-11 кл профильное | DW4: 1-4 классы | DX4: 5-9 классы | DY4: 10-11 кл | DZ4: 10-11 кл профильное | EC4: 1-4 классы | ED4: 5-9 классы | EE4: 10-11 кл | EF4: 10-11 кл профильное | EG4: 1-4 классы | EH4: 5-9 классы | EI4: 10-11 кл | EJ4: 10-11 кл профильное | EM4: 1-4 классы | EN4: 5-9 классы | EO4: 10-11 кл | EP4: 10-11 кл профильное | EQ4: 1-4 классы | ER4: 5-9 классы | ES4: 10-11 кл | ET4: 10-11 кл профильное | EW4: 1-4 классы | EX4: 5-9 классы | EY4: 10-11 кл | EZ4: 10-11 кл профильное | FA4: 1-4 классы | FB4: 5-9 классы | FC4: 10-11 кл | FD4: 10-11 кл профильное | FG4: 1-4 классы | FH4: 5-9 классы | FI4: 10-11 кл | FJ4: 10-11 кл профильное | FK4: 1-4 классы | FL4: 5-9 классы | FM4: 10-11 кл | FN4: 10-11 кл профильное | FQ4: 1-4 классы | FR4: 5-9 классы | FS4: 10-11 кл | FT4: 10-11 кл профильное | FU4: 1-4 классы | FV4: 5-9 классы | FW4: 10-11 кл | FX4: 10-11 кл профильное | FZ4: 1-4 классы | GA4: 5-9 классы | GB4: 10-11 кл | GC4: 10-11 кл профильное | GM4: сумма | GN4: кон-т | GO4: сумма | GP4: кон-т | GQ4: кон-т | GR4: сумма
B5: 12 | C5: 2910 | D5: 4637 | E5: 5694 | F5: 6055 | G5: 4074 | H5: 5962 | I5: 7233 | J5: 7691 | M5: 3124 | N5: 4983 | O5: 6667 | P5: 6686 | Q5: 4374 | R5: 6407 | S5: 8469 | T5: 8493 | W5: 2910 | X5: 4637 | Y5: 5694 | Z5: 6055 | AA5: 4074 | AB5: 5962 | AC5: 7233 | AD5: 7691 | AG5: 3152 | AH5: 5022 | AI5: 6167 | AJ5: 6557 | AK5: 4413 | AL5: 6457 | AM5: 7833 | AN5: 8329 | AQ5: 4761 | AR5: 7589 | AS5: 9315 | AT5: 9902 | AU5: 6666 | AV5: 9757 | AW5: 11832 | AX5: 12579 | BA5: 7095 | BB5: 11271 | BC5: 13875 | BD5: 14747 | BE5: 9933 | BF5: 14491 | BG5: 17625 | BH5: 18732 | BK5: 3737 | BL5: 5932 | BM5: 7308 | BN5: 7770 | BO5: 5232 | BP5: 7627 | BQ5: 9283 | BR5: 9870 | BU5: 4294 | BV5: 6732 | BW5: 8338 | BX5: 8849 | BY5: 6011 | BZ5: 8655 | CA5: 10592 | CB5: 11241 | CE5: 5127 | CF5: 8037 | CG5: 9953 | CH5: 10562 | CI5: 7178 | CJ5: 10333 | CK5: 12643 | CL5: 13417 | CO5: 6945 | CP5: 10883 | CQ5: 13477 | CR5: 14300 | CS5: 9723 | CT5: 13993 | CU5: 17119 | CV5: 18165 | CY5: 10840 | CZ5: 16983 | DA5: 21027 | DB5: 22310 | DC5: 15176 | DD5: 21835 | DE5: 26710 | DF5: 28339 | DI5: 2870 | DJ5: 3148 | DK5: 3203 | DL5: 0 | DM5: 2870 | DN5: 3148 | DO5: 3203 | DP5: 0 | DS5: 2973 | DT5: 3259 | DU5: 3314 | DV5: 0 | DW5: 3024 | DX5: 3319 | DY5: 3385 | DZ5: 0 | EC5: 17594 | ED5: 22716 | EE5: 25022 | EF5: 0 | EG5: 17645 | EH5: 22776 | EI5: 25093 | EJ5: 0 | EM5: 631 | EN5: 1187 | EO5: 1357 | EP5: 0 | EQ5: 682 | ER5: 1247 | ES5: 1429 | ET5: 0 | GM5: =GL24/(GF24/1000) -> 0.96119549 | GO5: =GI24/(GF24/1000) -> 0.93493555 | GW5: в АЦК | HA5: в закон
A6: 1 | B6: Бокситогорский | C6: 0 | D6: 0 | E6: 0 | F6: 53 | G6: 1521 | H6: 1831 | I6: 0 | J6: 196 | K6: 3601 | L6: 227295924 | M6: 0 | N6: 0 | O6: 0 | P6: 0 | Q6: 0 | R6: 0 | S6: 0 | T6: 0 | U6: 0 | V6: 0 | W6: 0 | X6: 0 | Y6: 0 | Z6: 0 | AA6: 112 | AB6: 160 | AC6: 0 | AD6: 24 | AE6: 296 | AF6: 19137504 | AG6: 0 | AH6: 0 | AI6: 0 | AJ6: 0 | AK6: 0 | AL6: 0 | AM6: 0 | AN6: 0 | AO6: 0 | AP6: 0 | AQ6: 0 | AR6: 0 | AS6: 0 | AT6: 0 | AU6: 0 | AV6: 0 | AW6: 0 | AX6: 0 | AY6: 0 | AZ6: 0 | BA6: 0 | BB6: 0 | BC6: 0 | BD6: 0 | BE6: 0 | BF6: 0 | BG6: 0 | BH6: 0 | BI6: 0 | BJ6: 0 | BK6: 0 | BL6: 0 | BM6: 0 | BN6: 0 | BO6: 0 | BP6: 0 | BQ6: 0 | BR6: 0 | BS6: 0 | BT6: 0 | BU6: 0 | BV6: 0 | BW6: 0 | BX6: 0 | BY6: 0 | BZ6: 0 | CA6: 0 | CB6: 0 | CC6: 0 | CD6: 0 | CE6: 0 | CF6: 0 | CG6: 0 | CH6: 6 | CI6: 64 | CJ6: 94 | CK6: 0 | CL6: 12 | CM6: 176 | CN6: 19860840 | CO6: 0 | CP6: 0 | CQ6: 0 | CR6: 0 | CS6: 0 | CT6: 0 | CU6: 0 | CV6: 0 | CW6: 0 | CX6: 0 | CY6: 0 | CZ6: 0 | DA6: 0 | DB6: 0 | DC6: 66 | DD6: 98 | DE6: 0 | DF6: 0 | DG6: 164 | DH6: 37697352 | DI6: 0 | DJ6: 0 | DK6: 36 | DL6: 0 | DM6: 0 | DN6: 0 | DO6: 0 | DP6: 0 | DQ6: 36 | DR6: 1383696 | DS6: 0 | DT6: 0 | DU6: 0 | DV6: 0 | DW6: 0 | DX6: 0 | DY6: 0 | DZ6: 0 | EA6: 0 | EB6: 0 | EC6: 0 | ED6: 0 | EE6: 0 | EF6: 0 | EG6: 9 | EH6: 33 | EI6: 0 | EJ6: 0 | EK6: 42 | EL6: 10924956 | EM6: 0 | EN6: 0 | EO6: 0 | EP6: 0 | EQ6: 0 | ER6: 0 | ES6: 0 | ET6: 0 | EU6: 0 | EV6: 0 | EW6: 0 | EX6: 0 | EY6: 36 | EZ6: 59 | FA6: 1772 | FB6: 2216 | FC6: 0 | FD6: 232 | FE6: 4315 | FF6: 316300272 | FG6: 0 | FH6: 0 | FI6: 0 | FJ6: 0 | FK6: 53 | FL6: 89 | FM6: 0 | FN6: 0 | FO6: 142 | FP6: 25041252 | FQ6: 0 | FR6: 0 | FS6: 36 | FT6: 59 | FU6: 1825 | FV6: 2305 | FW6: 0 | FX6: 232 | FY6: 4457 | FZ6: 1825 | GA6: 2305 | GB6: 36 | GC6: 291 | GD6: 341341524 | GE6: 5425000 | GF6: 346766500 | GG6: 348696 | GH6: 350720.5 | GI6: =ROUND(GG6*1.04,1) -> 362643.8 | GJ6: =ROUND(GH6*1.04,1) -> 364749.3 | GK6: 348696 | GL6: =ROUND(GK6*1.04,1) -> 362643.8 | GM6: =ROUND(GF6*$GM$5,-2) -> 333310400 | GN6: =GN29 -> 4284.0484 | GO6: =ROUND(GF6*$GO$5,-2) -> 324204300 | GP6: =GP29 -> 4167.0074 | GQ6: 4464 | GR6: 348696000 | GS6: =FY6-GQ6 -> -7 | GT6: 4464 | GU6: =FY6-GT6 -> -7 | GW6: =GF6 -> 346766500 | GX6: =ROUND(GW6*1.04,-2) -> 360637200 | GY6: =ROUND(GX6*1.04,-2) -> 375062700 | HA6: =GW6/1000 -> 346766.5 | HB6: =GX6/1000 -> 360637.2 | HC6: =GY6/1000 -> 375062.7
A7: 2 | B7: Волосовский | C7: 0 | D7: 0 | E7: 8 | F7: 0 | G7: 655 | H7: 777 | I7: 0 | J7: 103 | K7: 1543 | L7: 97664028 | M7: 0 | N7: 0 | O7: 0 | P7: 0 | Q7: 0 | R7: 0 | S7: 0 | T7: 0 | U7: 0 | V7: 0 | W7: 0 | X7: 0 | Y7: 0 | Z7: 0 | AA7: 0 | AB7: 0 | AC7: 0 | AD7: 0 | AE7: 0 | AF7: 0 | AG7: 0 | AH7: 0 | AI7: 0 | AJ7: 0 | AK7: 0 | AL7: 0 | AM7: 0 | AN7: 0 | AO7: 0 | AP7: 0 | AQ7: 0 | AR7: 0 | AS7: 0 | AT7: 0 | AU7: 0 | AV7: 0 | AW7: 0 | AX7: 0 | AY7: 0 | AZ7: 0 | BA7: 0 | BB7: 0 | BC7: 0 | BD7: 0 | BE7: 0 | BF7: 0 | BG7: 0 | BH7: 0 | BI7: 0 | BJ7: 0 | BK7: 0 | BL7: 0 | BM7: 28 | BN7: 0 | BO7: 437 | BP7: 600 | BQ7: 57 | BR7: 0 | BS7: 1122 | BT7: 91156068 | BU7: 0 | BV7: 0 | BW7: 3 | BX7: 0 | BY7: 108 | BZ7: 103 | CA7: 17 | CB7: 0 | CC7: 231 | CD7: 20948772 | CE7: 0 | CF7: 0 | CG7: 3 | CH7: 0 | CI7: 320 | CJ7: 403 | CK7: 14 | CL7: 0 | CM7: 740 | CN7: 80016240 | CO7: 0 | CP7: 0 | CQ7: 0 | CR7: 0 | CS7: 167 | CT7: 137 | CU7: 0 | CV7: 0 | CW7: 304 | CX7: 42489384 | CY7: 0 | CZ7: 0 | DA7: 0 | DB7: 0 | DC7: 46 | DD7: 0 | DE7: 0 | DF7: 0 | DG7: 46 | DH7: 8377152 | DI7: 0 | DJ7: 0 | DK7: 9 | DL7: 0 | DM7: 0 | DN7: 7 | DO7: 9 | DP7: 0 | DQ7: 25 | DR7: 956280 | DS7: 0 | DT7: 0 | DU7: 0 | DV7: 0 | DW7: 0 | DX7: 0 | DY7: 0 | DZ7: 0 | EA7: 0 | EB7: 0 | EC7: 0 | ED7: 0 | EE7: 0 | EF7: 0 | EG7: 7 | EH7: 10 | EI7: 0 | EJ7: 1 | EK7: 18 | EL7: 4215300 | EM7: 0 | EN7: 0 | EO7: 0 | EP7: 0 | EQ7: 0 | ER7: 0 | ES7: 0 | ET7: 0 | EU7: 0 | EV7: 0 | EW7: 0 | EX7: 0 | EY7: 51 | EZ7: 0 | FA7: 1740 | FB7: 2037 | FC7: 97 | FD7: 104 | FE7: 4029 | FF7: 345823224 | FG7: 0 | FH7: 0 | FI7: 0 | FJ7: 0 | FK7: 55 | FL7: 80 | FM7: 0 | FN7: 0 | FO7: 135 | FP7: 16685076 | FQ7: 0 | FR7: 0 | FS7: 51 | FT7: 0 | FU7: 1795 | FV7: 2117 | FW7: 97 | FX7: 104 | FY7: 4164 | FZ7: 1795 | GA7: 2117 | GB7: 148 | GC7: 104 | GD7: 362508300 | GE7: 6527400 | GF7: 369035700 | GG7: 346044 | GH7: 360845.7 | GI7: =ROUND(GG7*1.04,1) -> 359885.8 | GJ7: =ROUND(GH7*1.04,1) -> 375279.5 | GK7: 351875.3 | GL7: =ROUND(GK7*1.04,1) -> 365950.3 | GM7: =ROUND(GF7*$GM$5,-2) -> 354715400 | GN7: =GN30 -> 4002.4175 | GO7: =ROUND(GF7*$GO$5,-2) -> 345024600 | GP7: =GP30 -> 3893.0717 | GQ7: 4013 | GR7: 346044000 | GS7: =FY7-GQ7 -> 151 | GT7: 4061 | GU7: =FY7-GT7 -> 103 | GW7: =GF7 -> 369035700 | GX7: =ROUND(GW7*1.04,-2) -> 383797100 | GY7: =ROUND(GX7*1.04,-2) -> 399149000 | HA7: =GW7/1000 -> 369035.7 | HB7: =GX7/1000 -> 383797.1 | HC7: =GY7/1000 -> 399149
A8: 3 | B8: Волховский | C8: 0 | D8: 0 | E8: 0 | F8: 0 | G8: 2287 | H8: 2639 | I8: 0 | J8: 251 | K8: 5177 | L8: 323776764 | M8: 0 | N8: 0 | O8: 0 | P8: 0 | Q8: 158 | R8: 221 | S8: 0 | T8: 244 | U8: 623 | V8: 50151972 | W8: 0 | X8: 0 | Y8: 0 | Z8: 0 | AA8: 0 | AB8: 0 | AC8: 0 | AD8: 0 | AE8: 0 | AF8: 0 | AG8: 0 | AH8: 0 | AI8: 0 | AJ8: 0 | AK8: 0 | AL8: 0 | AM8: 0 | AN8: 0 | AO8: 0 | AP8: 0 | AQ8: 0 | AR8: 0 | AS8: 0 | AT8: 0 | AU8: 0 | AV8: 0 | AW8: 0 | AX8: 0 | AY8: 0 | AZ8: 0 | BA8: 0 | BB8: 0 | BC8: 0 | BD8: 0 | BE8: 0 | BF8: 0 | BG8: 0 | BH8: 0 | BI8: 0 | BJ8: 0 | BK8: 0 | BL8: 0 | BM8: 0 | BN8: 0 | BO8: 136 | BP8: 141 | BQ8: 0 | BR8: 32 | BS8: 309 | BT8: 25233588 | BU8: 0 | BV8: 0 | BW8: 0 | BX8: 0 | BY8: 79 | BZ8: 87 | CA8: 4 | CB8: 0 | CC8: 170 | CD8: 15242664 | CE8: 0 | CF8: 0 | CG8: 0 | CH8: 0 | CI8: 174 | CJ8: 212 | CK8: 0 | CL8: 12 | CM8: 398 | CN8: 43206864 | CO8: 0 | CP8: 0 | CQ8: 0 | CR8: 0 | CS8: 98 | CT8: 108 | CU8: 0 | CV8: 0 | CW8: 206 | CX8: 29569176 | CY8: 0 | CZ8: 0 | DA8: 0 | DB8: 0 | DC8: 70 | DD8: 66 | DE8: 5 | DF8: 0 | DG8: 141 | DH8: 31643760 | DI8: 0 | DJ8: 3 | DK8: 20 | DL8: 0 | DM8: 0 | DN8: 0 | DO8: 0 | DP8: 0 | DQ8: 23 | DR8: 882048 | DS8: 0 | DT8: 0 | DU8: 0 | DV8: 0 | DW8: 0 | DX8: 0 | DY8: 0 | DZ8: 0 | EA8: 0 | EB8: 0 | EC8: 3 | ED8: 13 | EE8: 0 | EF8: 0 | EG8: 21 | EH8: 28 | EI8: 1 | EJ8: 1 | EK8: 67 | EL8: 16577472 | EM8: 0 | EN8: 0 | EO8: 0 | EP8: 0 | EQ8: 1 | ER8: 0 | ES8: 0 | ET8: 0 | EU8: 1 | EV8: 8184 | EW8: 3 | EX8: 16 | EY8: 20 | EZ8: 0 | FA8: 3024 | FB8: 3502 | FC8: 10 | FD8: 540 | FE8: 7115 | FF8: 536292492 | FG8: 17 | FH8: 122 | FI8: 0 | FJ8: 0 | FK8: 83 | FL8: 169 | FM8: 0 | FN8: 0 | FO8: 391 | FP8: 36923796 | FQ8: 20 | FR8: 138 | FS8: 20 | FT8: 0 | FU8: 3107 | FV8: 3671 | FW8: 10 | FX8: 540 | FY8: 7506 | FZ8: 3127 | GA8: 3809 | GB8: 30 | GC8: 540 | GD8: 573216288 | GE8: 9705200 | GF8: 582921500 | GG8: 590872.3 | GH8: 588382.4 | GI8: =ROUND(GG8*1.04,1) -> 614507.2 | GJ8: =ROUND(GH8*1.04,1) -> 611917.7 | GK8: 590872.3 | GL8: =ROUND(GK8*1.04,1) -> 614507.2 | GM8: =ROUND(GF8*$GM$5,-2) -> 560301500 | GN8: =GN31 -> 7214.7331 | GO8: =ROUND(GF8*$GO$5,-2) -> 544994000 | GP8: =GP31 -> 7017.6258 | GQ8: 7642 | GR8: 590872300 | GS8: =FY8-GQ8 -> -136 | GT8: 7642 | GU8: =FY8-GT8 -> -136 | GW8: =GF8 -> 582921500 | GX8: =ROUND(GW8*1.04,-2) -> 606238400 | GY8: =ROUND(GX8*1.04,-2) -> 630487900 | HA8: =GW8/1000 -> 582921.5 | HB8: =GX8/1000 -> 606238.4 | HC8: =GY8/1000 -> 630487.9
A9: 4 | B9: Всеволожский | C9: 0 | D9: 0 | E9: 0 | F9: 225 | G9: 12333 | H9: 9785 | I9: 0 | J9: 865 | K9: 23208 | L9: 1399174824 | M9: 0 | N9: 0 | O9: 0 | P9: 274 | Q9: 120 | R9: 1516 | S9: 0 | T9: 862 | U9: 2772 | V9: 232689864 | W9: 0 | X9: 0 | Y9: 0 | Z9: 128 | AA9: 3101 | AB9: 2969 | AC9: 0 | AD9: 212 | AE9: 6410 | AF9: 392882208 | AG9: 0 | AH9: 0 | AI9: 0 | AJ9: 0 | AK9: 0 | AL9: 0 | AM9: 0 | AN9: 0 | AO9: 0 | AP9: 0 | AQ9: 0 | AR9: 0 | AS9: 0 | AT9: 0 | AU9: 0 | AV9: 0 | AW9: 0 | AX9: 0 | AY9: 0 | AZ9: 0 | BA9: 0 | BB9: 0 | BC9: 0 | BD9: 0 | BE9: 0 | BF9: 0 | BG9: 0 | BH9: 0 | BI9: 0 | BJ9: 0 | BK9: 0 | BL9: 0 | BM9: 0 | BN9: 143 | BO9: 5511 | BP9: 4937 | BQ9: 0 | BR9: 498 | BS9: 11089 | BT9: 870173052 | BU9: 0 | BV9: 0 | BW9: 0 | BX9: 0 | BY9: 176 | BZ9: 73 | CA9: 0 | CB9: 0 | CC9: 249 | CD9: 20277012 | CE9: 0 | CF9: 0 | CG9: 0 | CH9: 0 | CI9: 0 | CJ9: 0 | CK9: 0 | CL9: 0 | CM9: 0 | CN9: 0 | CO9: 0 | CP9: 0 | CQ9: 0 | CR9: 0 | CS9: 0 | CT9: 0 | CU9: 0 | CV9: 0 | CW9: 0 | CX9: 0 | CY9: 0 | CZ9: 0 | DA9: 0 | DB9: 0 | DC9: 0 | DD9: 0 | DE9: 0 | DF9: 0 | DG9: 0 | DH9: 0 | DI9: 0 | DJ9: 0 | DK9: 36 | DL9: 0 | DM9: 0 | DN9: 19 | DO9: 12 | DP9: 0 | DQ9: 67 | DR9: 2562672 | DS9: 0 | DT9: 0 | DU9: 66 | DV9: 0 | DW9: 0 | DX9: 93 | DY9: 46 | DZ9: 0 | EA9: 205 | EB9: 8197212 | EC9: 0 | ED9: 0 | EE9: 0 | EF9: 0 | EG9: 104 | EH9: 150 | EI9: 4 | EJ9: 0 | EK9: 258 | EL9: 64222224 | EM9: 0 | EN9: 0 | EO9: 1 | EP9: 0 | EQ9: 109 | ER9: 33 | ES9: 7 | ET9: 0 | EU9: 150 | EV9: 1522188 | EW9: 0 | EX9: 0 | EY9: 103 | EZ9: 770 | FA9: 21454 | FB9: 19575 | FC9: 69 | FD9: 2437 | FE9: 44408 | FF9: 2991701256 | FG9: 0 | FH9: 32 | FI9: 0 | FJ9: 0 | FK9: 854 | FL9: 316 | FM9: 10 | FN9: 0 | FO9: 1212 | FP9: 168763824 | FQ9: 0 | FR9: 32 | FS9: 103 | FT9: 770 | FU9: 22308 | FV9: 19891 | FW9: 79 | FX9: 2437 | FY9: 45620 | FZ9: 22308 | GA9: 19923 | GB9: 182 | GC9: 3207 | GD9: 3160465080 | GE9: 50425900 | GF9: 3210891000 | GG9: 2409386.2 | GH9: 2673927.1 | GI9: =ROUND(GG9*1.04,1) -> 2505761.6 | GJ9: =ROUND(GH9*1.04,1) -> 2780884.2 | GK9: 2594353.2 | GL9: =ROUND(GK9*1.04,1) -> 2698127.3 | GM9: =ROUND(GF9*$GM$5,-2) -> 3086293900 | GN9: =GN32 -> 43849.738 | GO9: =ROUND(GF9*$GO$5,-2) -> 3001976100 | GP9: =GP32 -> 42651.759 | GQ9: 35102.5 | GR9: 2409386200 | GS9: =FY9-GQ9 -> 10517.5 | GT9: 39939 | GU9: =FY9-GT9 -> 5681 | GW9: =GF9 -> 3210891000 | GX9: =ROUND(GW9*1.04,-2) -> 3339326600 | GY9: =ROUNDUP(GX9*1.04,-2) -> 3472899700 | HA9: =GW9/1000 -> 3210891 | HB9: =GX9/1000 -> 3339326.6 | HC9: =GY9/1000 -> 3472899.7
A10: 5 | B10: Выборгский | C10: 0 | D10: 0 | E10: 0 | F10: 0 | G10: 4627 | H10: 4454 | I10: 20 | J10: 958 | K10: 10059 | L10: 635013408 | M10: 0 | N10: 0 | O10: 0 | P10: 0 | Q10: 0 | R10: 647 | S10: 0 | T10: 0 | U10: 647 | V10: 49743948 | W10: 0 | X10: 0 | Y10: 0 | Z10: 27 | AA10: 719 | AB10: 745 | AC10: 0 | AD10: 104 | AE10: 1595 | AF10: 100010940 | AG10: 0 | AH10: 0 | AI10: 4 | AJ10: 0 | AK10: 117 | AL10: 120 | AM10: 0 | AN10: 0 | AO10: 241 | AP10: 15789948 | AQ10: 0 | AR10: 0 | AS10: 0 | AT10: 0 | AU10: 0 | AV10: 0 | AW10: 0 | AX10: 0 | AY10: 0 | AZ10: 0 | BA10: 0 | BB10: 0 | BC10: 0 | BD10: 0 | BE10: 0 | BF10: 0 | BG10: 0 | BH10: 0 | BI10: 0 | BJ10: 0 | BK10: 0 | BL10: 0 | BM10: 0 | BN10: 0 | BO10: 286 | BP10: 341 | BQ10: 25 | BR10: 26 | BS10: 678 | BT10: 55030248 | BU10: 0 | BV10: 0 | BW10: 0 | BX10: 16 | BY10: 319 | BZ10: 327 | CA10: 0 | CB10: 56 | CC10: 718 | CD10: 66225288 | CE10: 0 | CF10: 0 | CG10: 0 | CH10: 20 | CI10: 715 | CJ10: 851 | CK10: 2 | CL10: 64 | CM10: 1652 | CN10: 180250404 | CO10: 0 | CP10: 0 | CQ10: 0 | CR10: 0 | CS10: 236 | CT10: 253 | CU10: 0 | CV10: 4 | CW10: 493 | CX10: 70890204 | CY10: 0 | CZ10: 0 | DA10: 0 | DB10: 0 | DC10: 105 | DD10: 27 | DE10: 0 | DF10: 0 | DG10: 132 | DH10: 26196300 | DI10: 0 | DJ10: 0 | DK10: 32 | DL10: 0 | DM10: 0 | DN10: 0 | DO10: 20 | DP10: 0 | DQ10: 52 | DR10: 1998672 | DS10: 0 | DT10: 0 | DU10: 11 | DV10: 0 | DW10: 0 | DX10: 0 | DY10: 8 | DZ10: 0 | EA10: 19 | EB10: 762408 | EC10: 0 | ED10: 0 | EE10: 0 | EF10: 0 | EG10: 57 | EH10: 131 | EI10: 4 | EJ10: 0 | EK10: 192 | EL10: 49077516 | EM10: 0 | EN10: 0 | EO10: 0 | EP10: 0 | EQ10: 9 | ER10: 37 | ES10: 7 | ET10: 0 | EU10: 53 | EV10: 747360 | EW10: 0 | EX10: 0 | EY10: 47 | EZ10: 63 | FA10: 7190 | FB10: 7933 | FC10: 86 | FD10: 1212 | FE10: 16531 | FF10: 1251736644 | FG10: 0 | FH10: 25 | FI10: 0 | FJ10: 0 | FK10: 158 | FL10: 346 | FM10: 2 | FN10: 0 | FO10: 531 | FP10: 50651988 | FQ10: 0 | FR10: 25 | FS10: 47 | FT10: 63 | FU10: 7348 | FV10: 8279 | FW10: 88 | FX10: 1212 | FY10: 17062 | FZ10: 7348 | GA10: 8304 | GB10: 135 | GC10: 1275 | GD10: 1302388632 | GE10: 21241100 | GF10: 1323629700 | GG10: 1282431.8 | GH10: 1319791.8 | GI10: =ROUND(GG10*1.04,1) -> 1333729.1 | GJ10: =ROUND(GH10*1.04,1) -> 1372583.5 | GK10: 1300934.2 | GL10: =ROUND(GK10*1.04,1) -> 1352971.6 | GM10: =ROUND(GF10*$GM$5,-2) -> 1272266900 | GN10: =GN33 -> 16399.917 | GO10: =ROUND(GF10*$GO$5,-2) -> 1237508500 | GP10: =GP33 -> 15951.871 | GQ10: 16652 | GR10: 1282431800 | GS10: =FY10-GQ10 -> 410 | GT10: 16727 | GU10: =FY10-GT10 -> 335 | GW10: =GF10 -> 1323629700 | GX10: =ROUND(GW10*1.04,-2) -> 1376574900 | GY10: =ROUNDUP(GX10*1.04,-2) -> 1431637900 | HA10: =GW10/1000 -> 1323629.7 | HB10: =GX10/1000 -> 1376574.9 | HC10: =GY10/1000 -> 1431637.9
A11: 6 | B11: Гатчинский | C11: 0 | D11: 0 | E11: 0 | F11: 147 | G11: 4588 | H11: 4005 | I11: 168 | J11: 395 | K11: 9303 | L11: 572549952 | M11: 0 | N11: 0 | O11: 73 | P11: 0 | Q11: 0 | R11: 1358 | S11: 142 | T11: 0 | U11: 1573 | V11: 124679940 | W11: 0 | X11: 0 | Y11: 0 | Z11: 0 | AA11: 876 | AB11: 783 | AC11: 50 | AD11: 52 | AE11: 1761 | AF11: 107983824 | AG11: 0 | AH11: 0 | AI11: 21 | AJ11: 0 | AK11: 89 | AL11: 127 | AM11: 0 | AN11: 0 | AO11: 237 | AP11: 16107636 | AQ11: 0 | AR11: 0 | AS11: 0 | AT11: 0 | AU11: 29 | AV11: 58 | AW11: 0 | AX11: 0 | AY11: 87 | AZ11: 9110640 | BA11: 0 | BB11: 0 | BC11: 0 | BD11: 0 | BE11: 0 | BF11: 0 | BG11: 0 | BH11: 0 | BI11: 0 | BJ11: 0 | BK11: 0 | BL11: 0 | BM11: 10 | BN11: 0 | BO11: 2142 | BP11: 2209 | BQ11: 241 | BR11: 0 | BS11: 4602 | BT11: 364383240 | BU11: 0 | BV11: 0 | BW11: 14 | BX11: 0 | BY11: 196 | BZ11: 172 | CA11: 17 | CB11: 0 | CC11: 399 | CD11: 35563344 | CE11: 0 | CF11: 0 | CG11: 0 | CH11: 0 | CI11: 297 | CJ11: 292 | CK11: 0 | CL11: 0 | CM11: 589 | CN11: 61789224 | CO11: 0 | CP11: 0 | CQ11: 0 | CR11: 0 | CS11: 62 | CT11: 0 | CU11: 0 | CV11: 0 | CW11: 62 | CX11: 7233912 | CY11: 0 | CZ11: 0 | DA11: 0 | DB11: 0 | DC11: 91 | DD11: 0 | DE11: 0 | DF11: 0 | DG11: 91 | DH11: 16572192 | DI11: 0 | DJ11: 0 | DK11: 40 | DL11: 0 | DM11: 0 | DN11: 0 | DO11: 25 | DP11: 0 | DQ11: 65 | DR11: 2498340 | DS11: 0 | DT11: 0 | DU11: 0 | DV11: 0 | DW11: 0 | DX11: 0 | DY11: 0 | DZ11: 0 | EA11: 0 | EB11: 0 | EC11: 0 | ED11: 0 | EE11: 0 | EF11: 0 | EG11: 70 | EH11: 101 | EI11: 3 | EJ11: 4 | EK11: 178 | EL11: 43329660 | EM11: 0 | EN11: 0 | EO11: 0 | EP11: 0 | EQ11: 21 | ER11: 27 | ES11: 8 | ET11: 0 | EU11: 56 | EV11: 713076 | EW11: 0 | EX11: 0 | EY11: 158 | EZ11: 147 | FA11: 8461 | FB11: 9132 | FC11: 654 | FD11: 451 | FE11: 19003 | FF11: 1362514980 | FG11: 0 | FH11: 642 | FI11: 0 | FJ11: 0 | FK11: 536 | FL11: 25 | FM11: 0 | FN11: 0 | FO11: 1203 | FP11: 88163028 | FQ11: 0 | FR11: 642 | FS11: 158 | FT11: 147 | FU11: 8997 | FV11: 9157 | FW11: 654 | FX11: 451 | FY11: 20206 | FZ11: 8997 | GA11: 9799 | GB11: 812 | GC11: 598 | GD11: 1450678008 | GE11: 25345000 | GF11: 1476023000 | GG11: 1390916.7 | GH11: 1424785.6 | GI11: =ROUND(GG11*1.04,1) -> 1446553.4 | GJ11: =ROUND(GH11*1.04,1) -> 1481777 | GK11: 1421183.3 | GL11: =ROUND(GK11*1.04,1) -> 1478030.6 | GM11: =ROUND(GF11*$GM$5,-2) -> 1418746600 | GN11: =GN34 -> 19421.915 | GO11: =ROUND(GF11*$GO$5,-2) -> 1379986400 | GP11: =GP34 -> 18891.308 | GQ11: 19071 | GR11: 1390916700 | GS11: =FY11-GQ11 -> 1135 | GT11: 19921 | GU11: =FY11-GT11 -> 285 | GW11: =GF11 -> 1476023000 | GX11: =ROUND(GW11*1.04,-2) -> 1535063900 | GY11: =ROUNDUP(GX11*1.04,-2) -> 1596466500 | HA11: =GW11/1000 -> 1476023 | HB11: =GX11/1000 -> 1535063.9 | HC11: =GY11/1000 -> 1596466.5
A12: 7 | B12: Кингисеппский | C12: 0 | D12: 0 | E12: 0 | F12: 0 | G12: 1720 | H12: 2048 | I12: 0 | J12: 422 | K12: 4190 | L12: 269556696 | M12: 0 | N12: 0 | O12: 0 | P12: 0 | Q12: 697 | R12: 742 | S12: 0 | T12: 162 | U12: 1601 | V12: 110142456 | W12: 0 | X12: 0 | Y12: 0 | Z12: 0 | AA12: 0 | AB12: 0 | AC12: 0 | AD12: 0 | AE12: 0 | AF12: 0 | AG12: 0 | AH12: 0 | AI12: 0 | AJ12: 0 | AK12: 0 | AL12: 0 | AM12: 0 | AN12: 0 | AO12: 0 | AP12: 0 | AQ12: 0 | AR12: 0 | AS12: 0 | AT12: 0 | AU12: 0 | AV12: 0 | AW12: 0 | AX12: 0 | AY12: 0 | AZ12: 0 | BA12: 0 | BB12: 0 | BC12: 0 | BD12: 0 | BE12: 0 | BF12: 0 | BG12: 0 | BH12: 0 | BI12: 0 | BJ12: 0 | BK12: 0 | BL12: 0 | BM12: 0 | BN12: 0 | BO12: 268 | BP12: 265 | BQ12: 0 | BR12: 34 | BS12: 567 | BT12: 45106932 | BU12: 0 | BV12: 0 | BW12: 0 | BX12: 0 | BY12: 0 | BZ12: 0 | CA12: 0 | CB12: 0 | CC12: 0 | CD12: 0 | CE12: 0 | CF12: 0 | CG12: 0 | CH12: 0 | CI12: 247 | CJ12: 284 | CK12: 0 | CL12: 23 | CM12: 554 | CN12: 60193548 | CO12: 0 | CP12: 0 | CQ12: 0 | CR12: 0 | CS12: 35 | CT12: 51 | CU12: 0 | CV12: 0 | CW12: 86 | CX12: 12647376 | CY12: 0 | CZ12: 0 | DA12: 0 | DB12: 0 | DC12: 0 | DD12: 0 | DE12: 0 | DF12: 0 | DG12: 0 | DH12: 0 | DI12: 0 | DJ12: 0 | DK12: 30 | DL12: 0 | DM12: 0 | DN12: 0 | DO12: 0 | DP12: 0 | DQ12: 30 | DR12: 1153080 | DS12: 0 | DT12: 0 | DU12: 0 | DV12: 0 | DW12: 0 | DX12: 0 | DY12: 0 | DZ12: 0 | EA12: 0 | EB12: 0 | EC12: 0 | ED12: 0 | EE12: 0 | EF12: 0 | EG12: 9 | EH12: 18 | EI12: 0 | EJ12: 4 | EK12: 31 | EL12: 6825276 | EM12: 0 | EN12: 0 | EO12: 0 | EP12: 0 | EQ12: 2 | ER12: 1 | ES12: 0 | ET12: 0 | EU12: 3 | EV12: 31332 | EW12: 0 | EX12: 0 | EY12: 30 | EZ12: 0 | FA12: 2978 | FB12: 3409 | FC12: 0 | FD12: 645 | FE12: 7062 | FF12: 505656696 | FG12: 0 | FH12: 63 | FI12: 0 | FJ12: 0 | FK12: 222 | FL12: 142 | FM12: 0 | FN12: 0 | FO12: 427 | FP12: 43158528 | FQ12: 0 | FR12: 63 | FS12: 30 | FT12: 0 | FU12: 3200 | FV12: 3551 | FW12: 0 | FX12: 645 | FY12: 7489 | FZ12: 3200 | GA12: 3614 | GB12: 30 | GC12: 645 | GD12: 548815224 | GE12: 9594200 | GF12: 558409400 | GG12: 546611.3 | GH12: 548775.9 | GI12: =ROUND(GG12*1.04,1) -> 568475.8 | GJ12: =ROUND(GH12*1.04,1) -> 570726.9 | GK12: 547653.5 | GL12: =ROUND(GK12*1.04,1) -> 569559.6 | GM12: =ROUND(GF12*$GM$5,-2) -> 536740600 | GN12: =GN35 -> 7198.3931 | GO12: =ROUND(GF12*$GO$5,-2) -> 522076800 | GP12: =GP35 -> 7001.7323 | GQ12: 7269 | GR12: 546611300 | GS12: =FY12-GQ12 -> 220 | GT12: 7346 | GU12: =FY12-GT12 -> 143 | GW12: =GF12 -> 558409400 | GX12: =ROUND(GW12*1.04,-2) -> 580745800 | GY12: =ROUNDUP(GX12*1.04,-2) -> 603975700 | HA12: =GW12/1000 -> 558409.4 | HB12: =GX12/1000 -> 580745.8 | HC12: =GY12/1000 -> 603975.7
A13: 8 | B13: Киришский | C13: 0 | D13: 0 | E13: 0 | F13: 0 | G13: 2593 | H13: 2564 | I13: 0 | J13: 434 | K13: 5591 | L13: 350260128 | M13: 0 | N13: 0 | O13: 0 | P13: 0 | Q13: 0 | R13: 236 | S13: 0 | T13: 170 | U13: 406 | V13: 35470344 | W13: 0 | X13: 0 | Y13: 0 | Z13: 0 | AA13: 109 | AB13: 183 | AC13: 0 | AD13: 12 | AE13: 304 | AF13: 19528848 | AG13: 0 | AH13: 0 | AI13: 0 | AJ13: 0 | AK13: 0 | AL13: 0 | AM13: 0 | AN13: 0 | AO13: 0 | AP13: 0 | AQ13: 0 | AR13: 0 | AS13: 0 | AT13: 0 | AU13: 0 | AV13: 0 | AW13: 0 | AX13: 0 | AY13: 0 | AZ13: 0 | BA13: 0 | BB13: 0 | BC13: 0 | BD13: 0 | BE13: 0 | BF13: 0 | BG13: 0 | BH13: 0 | BI13: 0 | BJ13: 0 | BK13: 0 | BL13: 0 | BM13: 0 | BN13: 0 | BO13: 0 | BP13: 0 | BQ13: 0 | BR13: 0 | BS13: 0 | BT13: 0 | BU13: 0 | BV13: 0 | BW13: 0 | BX13: 0 | BY13: 93 | BZ13: 120 | CA13: 0 | CB13: 10 | CC13: 223 | CD13: 20520396 | CE13: 0 | CF13: 0 | CG13: 0 | CH13: 0 | CI13: 0 | CJ13: 0 | CK13: 0 | CL13: 0 | CM13: 0 | CN13: 0 | CO13: 0 | CP13: 0 | CQ13: 0 | CR13: 0 | CS13: 106 | CT13: 110 | CU13: 0 | CV13: 6 | CW13: 222 | CX13: 32146296 | CY13: 0 | CZ13: 0 | DA13: 0 | DB13: 0 | DC13: 0 | DD13: 0 | DE13: 0 | DF13: 0 | DG13: 0 | DH13: 0 | DI13: 0 | DJ13: 0 | DK13: 25 | DL13: 0 | DM13: 0 | DN13: 0 | DO13: 0 | DP13: 0 | DQ13: 25 | DR13: 960900 | DS13: 0 | DT13: 0 | DU13: 0 | DV13: 0 | DW13: 0 | DX13: 0 | DY13: 0 | DZ13: 0 | EA13: 0 | EB13: 0 | EC13: 0 | ED13: 0 | EE13: 0 | EF13: 0 | EG13: 9 | EH13: 13 | EI13: 7 | EJ13: 0 | EK13: 29 | EL13: 7566528 | EM13: 0 | EN13: 0 | EO13: 0 | EP13: 0 | EQ13: 0 | ER13: 0 | ES13: 0 | ET13: 0 | EU13: 0 | EV13: 0 | EW13: 0 | EX13: 0 | EY13: 25 | EZ13: 0 | FA13: 2910 | FB13: 3226 | FC13: 7 | FD13: 632 | FE13: 6800 | FF13: 466453440 | FG13: 0 | FH13: 0 | FI13: 0 | FJ13: 0 | FK13: 105 | FL13: 103 | FM13: 0 | FN13: 0 | FO13: 208 | FP13: 34011756 | FQ13: 0 | FR13: 0 | FS13: 25 | FT13: 0 | FU13: 3015 | FV13: 3329 | FW13: 7 | FX13: 632 | FY13: 7008 | FZ13: 3015 | GA13: 3329 | GB13: 32 | GC13: 632 | GD13: 500465196 | GE13: 8686800 | GF13: 509152000 | GG13: 490862.3 | GH13: 494638.4 | GI13: =ROUND(GG13*1.04,1) -> 510496.8 | GJ13: =ROUND(GH13*1.04,1) -> 514423.9 | GK13: 492732.4 | GL13: =ROUND(GK13*1.04,1) -> 512441.7 | GM13: =ROUND(GF13*$GM$5,-2) -> 489394600 | GN13: =GN36 -> 6736.0579 | GO13: =ROUND(GF13*$GO$5,-2) -> 476024300 | GP13: =GP36 -> 6552.0283 | GQ13: 6813 | GR13: 490862300 | GS13: =FY13-GQ13 -> 195 | GT13: 6843 | GU13: =FY13-GT13 -> 165 | GW13: =GF13 -> 509152000 | GX13: =ROUND(GW13*1.04,-2) -> 529518100 | GY13: =ROUND(GX13*1.04,-2) -> 550698800 | HA13: =GW13/1000 -> 509152 | HB13: =GX13/1000 -> 529518.1 | HC13: =GY13/1000 -> 550698.8
A14: 9 | B14: Кировский | C14: 0 | D14: 0 | E14: 0 | F14: 0 | G14: 2774 | H14: 2291 | I14: 0 | J14: 204 | K14: 5269 | L14: 318350184 | M14: 0 | N14: 0 | O14: 0 | P14: 0 | Q14: 0 | R14: 659 | S14: 0 | T14: 184 | U14: 843 | V14: 69419100 | W14: 0 | X14: 0 | Y14: 0 | Z14: 47 | AA14: 786 | AB14: 840 | AC14: 17 | AD14: 45 | AE14: 1735 | AF14: 107566620 | AG14: 0 | AH14: 0 | AI14: 0 | AJ14: 0 | AK14: 0 | AL14: 0 | AM14: 0 | AN14: 0 | AO14: 0 | AP14: 0 | AQ14: 0 | AR14: 0 | AS14: 0 | AT14: 0 | AU14: 80 | AV14: 81 | AW14: 0 | AX14: 0 | AY14: 161 | AZ14: 15883164 | BA14: 0 | BB14: 0 | BC14: 0 | BD14: 0 | BE14: 0 | BF14: 0 | BG14: 0 | BH14: 0 | BI14: 0 | BJ14: 0 | BK14: 0 | BL14: 0 | BM14: 0 | BN14: 0 | BO14: 0 | BP14: 0 | BQ14: 0 | BR14: 0 | BS14: 0 | BT14: 0 | BU14: 0 | BV14: 0 | BW14: 0 | BX14: 0 | BY14: 0 | BZ14: 0 | CA14: 0 | CB14: 0 | CC14: 0 | CD14: 0 | CE14: 0 | CF14: 0 | CG14: 0 | CH14: 0 | CI14: 130 | CJ14: 173 | CK14: 0 | CL14: 9 | CM14: 312 | CN14: 34098024 | CO14: 0 | CP14: 0 | CQ14: 0 | CR14: 0 | CS14: 38 | CT14: 36 | CU14: 0 | CV14: 0 | CW14: 74 | CX14: 10478664 | CY14: 0 | CZ14: 0 | DA14: 0 | DB14: 0 | DC14: 47 | DD14: 22 | DE14: 0 | DF14: 0 | DG14: 69 | DH14: 14323704 | DI14: 0 | DJ14: 0 | DK14: 0 | DL14: 0 | DM14: 0 | DN14: 14 | DO14: 24 | DP14: 0 | DQ14: 38 | DR14: 1451328 | DS14: 0 | DT14: 0 | DU14: 0 | DV14: 0 | DW14: 0 | DX14: 0 | DY14: 0 | DZ14: 0 | EA14: 0 | EB14: 0 | EC14: 0 | ED14: 0 | EE14: 1 | EF14: 0 | EG14: 61 | EH14: 109 | EI14: 1 | EJ14: 0 | EK14: 172 | EL14: 43308528 | EM14: 0 | EN14: 0 | EO14: 1 | EP14: 0 | EQ14: 11 | ER14: 4 | ES14: 1 | ET14: 0 | EU14: 17 | EV14: 183312 | EW14: 0 | EX14: 0 | EY14: 2 | EZ14: 47 | FA14: 3927 | FB14: 4229 | FC14: 43 | FD14: 442 | FE14: 8690 | FF14: 615062628 | FG14: 0 | FH14: 176 | FI14: 0 | FJ14: 0 | FK14: 98 | FL14: 1 | FM14: 0 | FN14: 0 | FO14: 275 | FP14: 17040960 | FQ14: 0 | FR14: 176 | FS14: 2 | FT14: 47 | FU14: 4025 | FV14: 4230 | FW14: 43 | FX14: 442 | FY14: 8965 | FZ14: 4025 | GA14: 4406 | GB14: 45 | GC14: 489 | GD14: 632103588 | GE14: 10038200 | GF14: 642141800 | GG14: 598714.5 | GH14: 629695.2 | GI14: =ROUND(GG14*1.04,1) -> 622663.1 | GJ14: =ROUND(GH14*1.04,1) -> 654883 | GK14: 614057.6 | GL14: =ROUND(GK14*1.04,1) -> 638619.9 | GM14: =ROUND(GF14*$GM$5,-2) -> 617223800 | GN14: =GN37 -> 8617.1175 | GO14: =ROUND(GF14*$GO$5,-2) -> 600361200 | GP14: =GP37 -> 8381.6972 | GQ14: 8386 | GR14: 598714500 | GS14: =FY14-GQ14 -> 579 | GT14: 8768 | GU14: =FY14-GT14 -> 197 | GW14: =GF14 -> 642141800 | GX14: =ROUND(GW14*1.04,-2) -> 667827500 | GY14: =ROUND(GX14*1.04,-2) -> 694540600 | HA14: =GW14/1000 -> 642141.8 | HB14: =GX14/1000 -> 667827.5 | HC14: =GY14/1000 -> 694540.6
A15: 10 | B15: Лодейнопольский | C15: 0 | D15: 0 | E15: 0 | F15: 0 | G15: 802 | H15: 729 | I15: 0 | J15: 60 | K15: 1591 | L15: 96901272 | M15: 0 | N15: 0 | O15: 0 | P15: 0 | Q15: 0 | R15: 244 | S15: 0 | T15: 84 | U15: 328 | V15: 27320640 | W15: 0 | X15: 0 | Y15: 0 | Z15: 0 | AA15: 0 | AB15: 0 | AC15: 0 | AD15: 0 | AE15: 0 | AF15: 0 | AG15: 0 | AH15: 0 | AI15: 0 | AJ15: 0 | AK15: 0 | AL15: 0 | AM15: 0 | AN15: 0 | AO15: 0 | AP15: 0 | AQ15: 0 | AR15: 0 | AS15: 0 | AT15: 0 | AU15: 0 | AV15: 0 | AW15: 0 | AX15: 0 | AY15: 0 | AZ15: 0 | BA15: 0 | BB15: 0 | BC15: 0 | BD15: 0 | BE15: 0 | BF15: 0 | BG15: 0 | BH15: 0 | BI15: 0 | BJ15: 0 | BK15: 0 | BL15: 0 | BM15: 0 | BN15: 0 | BO15: 0 | BP15: 0 | BQ15: 0 | BR15: 0 | BS15: 0 | BT15: 0 | BU15: 0 | BV15: 0 | BW15: 0 | BX15: 0 | BY15: 61 | BZ15: 74 | CA15: 0 | CB15: 16 | CC15: 151 | CD15: 14243964 | CE15: 0 | CF15: 0 | CG15: 0 | CH15: 0 | CI15: 108 | CJ15: 98 | CK15: 0 | CL15: 13 | CM15: 219 | CN15: 23547348 | CO15: 0 | CP15: 0 | CQ15: 0 | CR15: 0 | CS15: 0 | CT15: 0 | CU15: 0 | CV15: 0 | CW15: 0 | CX15: 0 | CY15: 0 | CZ15: 0 | DA15: 0 | DB15: 0 | DC15: 0 | DD15: 0 | DE15: 0 | DF15: 0 | DG15: 0 | DH15: 0 | DI15: 0 | DJ15: 0 | DK15: 0 | DL15: 0 | DM15: 0 | DN15: 0 | DO15: 56 | DP15: 0 | DQ15: 56 | DR15: 2152416 | DS15: 0 | DT15: 0 | DU15: 0 | DV15: 0 | DW15: 0 | DX15: 0 | DY15: 0 | DZ15: 0 | EA15: 0 | EB15: 0 | EC15: 0 | ED15: 0 | EE15: 0 | EF15: 0 | EG15: 39 | EH15: 42 | EI15: 0 | EJ15: 0 | EK15: 81 | EL15: 19736964 | EM15: 0 | EN15: 0 | EO15: 0 | EP15: 0 | EQ15: 0 | ER15: 0 | ES15: 0 | ET15: 0 | EU15: 0 | EV15: 0 | EW15: 0 | EX15: 0 | EY15: 0 | EZ15: 0 | FA15: 1010 | FB15: 1187 | FC15: 56 | FD15: 173 | FE15: 2426 | FF15: 183902604 | FG15: 0 | FH15: 0 | FI15: 0 | FJ15: 0 | FK15: 110 | FL15: 147 | FM15: 0 | FN15: 0 | FO15: 257 | FP15: 38321076 | FQ15: 0 | FR15: 0 | FS15: 0 | FT15: 0 | FU15: 1120 | FV15: 1334 | FW15: 56 | FX15: 173 | FY15: 2683 | FZ15: 1120 | GA15: 1334 | GB15: 56 | GC15: 173 | GD15: 222223680 | GE15: 3673700 | GF15: 225897400 | GG15: 211521.7 | GH15: 228140.3 | GI15: =ROUND(GG15*1.04,1) -> 219982.6 | GJ15: =ROUND(GH15*1.04,1) -> 237265.9 | GK15: 211521.7 | GL15: =ROUND(GK15*1.04,1) -> 219982.6 | GM15: =ROUND(GF15*$GM$5,-2) -> 217131600 | GN15: =GN38 -> 2578.888 | GO15: =ROUND(GF15*$GO$5,-2) -> 211199500 | GP15: =GP38 -> 2508.432 | GQ15: 2767 | GR15: 211521700 | GS15: =FY15-GQ15 -> -84 | GT15: 2767 | GU15: =FY15-GT15 -> -84 | GW15: =GF15 -> 225897400 | GX15: =ROUND(GW15*1.04,-2) -> 234933300 | GY15: =ROUND(GX15*1.04,-2) -> 244330600 | HA15: =GW15/1000 -> 225897.4 | HB15: =GX15/1000 -> 234933.3 | HC15: =GY15/1000 -> 244330.6
A16: 11 | B16: Ломоносовский | C16: 0 | D16: 0 | E16: 0 | F16: 0 | G16: 0 | H16: 0 | I16: 0 | J16: 0 | K16: 0 | L16: 0 | M16: 0 | N16: 0 | O16: 0 | P16: 0 | Q16: 0 | R16: 0 | S16: 0 | T16: 0 | U16: 0 | V16: 0 | W16: 0 | X16: 0 | Y16: 0 | Z16: 0 | AA16: 294 | AB16: 171 | AC16: 0 | AD16: 0 | AE16: 465 | AF16: 26607096 | AG16: 0 | AH16: 0 | AI16: 0 | AJ16: 0 | AK16: 97 | AL16: 90 | AM16: 27 | AN16: 0 | AO16: 214 | AP16: 14648184 | AQ16: 0 | AR16: 0 | AS16: 8 | AT16: 0 | AU16: 99 | AV16: 72 | AW16: 11 | AX16: 0 | AY16: 190 | AZ16: 18805320 | BA16: 0 | BB16: 0 | BC16: 0 | BD16: 0 | BE16: 0 | BF16: 0 | BG16: 0 | BH16: 0 | BI16: 0 | BJ16: 0 | BK16: 0 | BL16: 0 | BM16: 0 | BN16: 39 | BO16: 1837 | BP16: 1806 | BQ16: 98 | BR16: 217 | BS16: 3997 | BT16: 320881200 | BU16: 0 | BV16: 0 | BW16: 0 | BX16: 0 | BY16: 203 | BZ16: 204 | CA16: 18 | CB16: 0 | CC16: 425 | CD16: 38118108 | CE16: 0 | CF16: 0 | CG16: 6 | CH16: 0 | CI16: 255 | CJ16: 295 | CK16: 0 | CL16: 12 | CM16: 568 | CN16: 61192164 | CO16: 0 | CP16: 0 | CQ16: 0 | CR16: 0 | CS16: 0 | CT16: 0 | CU16: 0 | CV16: 0 | CW16: 0 | CX16: 0 | CY16: 0 | CZ16: 0 | DA16: 0 | DB16: 0 | DC16: 0 | DD16: 0 | DE16: 0 | DF16: 0 | DG16: 0 | DH16: 0 | DI16: 0 | DJ16: 0 | DK16: 0 | DL16: 0 | DM16: 0 | DN16: 0 | DO16: 0 | DP16: 0 | DQ16: 0 | DR16: 0 | DS16: 0 | DT16: 0 | DU16: 0 | DV16: 0 | DW16: 0 | DX16: 0 | DY16: 0 | DZ16: 0 | EA16: 0 | EB16: 0 | EC16: 0 | ED16: 0 | EE16: 1 | EF16: 0 | EG16: 19 | EH16: 29 | EI16: 1 | EJ16: 0 | EK16: 50 | EL16: 12550488 | EM16: 0 | EN16: 0 | EO16: 0 | EP16: 0 | EQ16: 0 | ER16: 0 | ES16: 0 | ET16: 0 | EU16: 0 | EV16: 0 | EW16: 0 | EX16: 0 | EY16: 15 | EZ16: 39 | FA16: 2804 | FB16: 2667 | FC16: 155 | FD16: 229 | FE16: 5909 | FF16: 492802560 | FG16: 0 | FH16: 14 | FI16: 3 | FJ16: 0 | FK16: 86 | FL16: 44 | FM16: 0 | FN16: 0 | FO16: 147 | FP16: 26045952 | FQ16: 0 | FR16: 14 | FS16: 18 | FT16: 39 | FU16: 2890 | FV16: 2711 | FW16: 155 | FX16: 229 | FY16: 6056 | FZ16: 2890 | GA16: 2725 | GB16: 173 | GC16: 268 | GD16: 518848512 | GE16: 7724800 | GF16: 526573300 | GG16: 430128.9 | GH16: 455709.1 | GI16: =ROUND(GG16*1.04,1) -> 447334.1 | GJ16: =ROUND(GH16*1.04,1) -> 473937.5 | GK16: 442904.9 | GL16: =ROUND(GK16*1.04,1) -> 460621.1 | GM16: =ROUND(GF16*$GM$5,-2) -> 506139900 | GN16: =GN39 -> 5821.0001 | GO16: =ROUND(GF16*$GO$5,-2) -> 492312100 | GP16: =GP39 -> 5661.9697 | GQ16: 4844 | GR16: 430128900 | GS16: =FY16-GQ16 -> 1212 | GT16: 5093 | GU16: =FY16-GT16 -> 963 | GW16: =GF16 -> 526573300 | GX16: =ROUND(GW16*1.04,-2) -> 547636200 | GY16: =ROUND(GX16*1.04,-2) -> 569541600 | HA16: =GW16/1000 -> 526573.3 | HB16: =GX16/1000 -> 547636.2 | HC16: =GY16/1000 -> 569541.6
A17: 12 | B17: Лужский | C17: 0 | D17: 0 | E17: 0 | F17: 0 | G17: 1551 | H17: 1686 | I17: 0 | J17: 259 | K17: 3496 | L17: 220352100 | M17: 0 | N17: 0 | O17: 0 | P17: 0 | Q17: 0 | R17: 0 | S17: 0 | T17: 0 | U17: 0 | V17: 0 | W17: 0 | X17: 0 | Y17: 0 | Z17: 0 | AA17: 0 | AB17: 0 | AC17: 0 | AD17: 0 | AE17: 0 | AF17: 0 | AG17: 0 | AH17: 0 | AI17: 0 | AJ17: 0 | AK17: 73 | AL17: 113 | AM17: 0 | AN17: 20 | AO17: 206 | AP17: 14620440 | AQ17: 0 | AR17: 0 | AS17: 0 | AT17: 0 | AU17: 0 | AV17: 0 | AW17: 0 | AX17: 0 | AY17: 0 | AZ17: 0 | BA17: 0 | BB17: 0 | BC17: 0 | BD17: 0 | BE17: 0 | BF17: 0 | BG17: 0 | BH17: 0 | BI17: 0 | BJ17: 0 | BK17: 0 | BL17: 0 | BM17: 0 | BN17: 0 | BO17: 261 | BP17: 279 | BQ17: 0 | BR17: 38 | BS17: 578 | BT17: 46422540 | BU17: 0 | BV17: 0 | BW17: 0 | BX17: 0 | BY17: 72 | BZ17: 85 | CA17: 0 | CB17: 17 | CC17: 174 | CD17: 16314768 | CE17: 0 | CF17: 0 | CG17: 0 | CH17: 11 | CI17: 210 | CJ17: 316 | CK17: 0 | CL17: 20 | CM17: 557 | CN17: 61885560 | CO17: 0 | CP17: 0 | CQ17: 0 | CR17: 0 | CS17: 55 | CT17: 64 | CU17: 0 | CV17: 0 | CW17: 119 | CX17: 17163804 | CY17: 0 | CZ17: 0 | DA17: 0 | DB17: 0 | DC17: 37 | DD17: 23 | DE17: 0 | DF17: 0 | DG17: 60 | DH17: 12764604 | DI17: 0 | DJ17: 0 | DK17: 125 | DL17: 0 | DM17: 0 | DN17: 0 | DO17: 50 | DP17: 0 | DQ17: 175 | DR17: 6726300 | DS17: 0 | DT17: 0 | DU17: 0 | DV17: 0 | DW17: 0 | DX17: 0 | DY17: 0 | DZ17: 0 | EA17: 0 | EB17: 0 | EC17: 0 | ED17: 0 | EE17: 0 | EF17: 0 | EG17: 58 | EH17: 67 | EI17: 0 | EJ17: 3 | EK17: 128 | EL17: 30592824 | EM17: 0 | EN17: 0 | EO17: 0 | EP17: 0 | EQ17: 0 | ER17: 0 | ES17: 0 | ET17: 0 | EU17: 0 | EV17: 0 | EW17: 0 | EX17: 0 | EY17: 125 | EZ17: 11 | FA17: 2317 | FB17: 2633 | FC17: 50 | FD17: 357 | FE17: 5493 | FF17: 426842940 | FG17: 0 | FH17: 273 | FI17: 0 | FJ17: 0 | FK17: 146 | FL17: 0 | FM17: 0 | FN17: 0 | FO17: 419 | FP17: 43791072 | FQ17: 0 | FR17: 273 | FS17: 125 | FT17: 11 | FU17: 2463 | FV17: 2633 | FW17: 50 | FX17: 357 | FY17: 5912 | FZ17: 2463 | GA17: 2906 | GB17: 175 | GC17: 368 | GD17: 470634012 | GE17: 8388400 | GF17: 479022400 | GG17: 462606.9 | GH17: 477031 | GI17: =ROUND(GG17*1.04,1) -> 481111.2 | GJ17: =ROUND(GH17*1.04,1) -> 496112.2 | GK17: 466910.9 | GL17: =ROUND(GK17*1.04,1) -> 485587.3 | GM17: =ROUND(GF17*$GM$5,-2) -> 460434200 | GN17: =GN40 -> 5682.5881 | GO17: =ROUND(GF17*$GO$5,-2) -> 447855100 | GP17: =GP40 -> 5527.3393 | GQ17: 5763 | GR17: 462606900 | GS17: =FY17-GQ17 -> 149 | GT17: 5861 | GU17: =FY17-GT17 -> 51 | GW17: =GF17 -> 479022400 | GX17: =ROUND(GW17*1.04,-2) -> 498183300 | GY17: =ROUND(GX17*1.04,-2) -> 518110600 | HA17: =GW17/1000 -> 479022.4 | HB17: =GX17/1000 -> 498183.3 | HC17: =GY17/1000 -> 518110.6
A18: 13 | B18: Подпорожский | C18: 0 | D18: 0 | E18: 0 | F18: 0 | G18: 716 | H18: 910 | I18: 0 | J18: 184 | K18: 1810 | L18: 117090576 | M18: 0 | N18: 0 | O18: 0 | P18: 0 | Q18: 0 | R18: 0 | S18: 0 | T18: 0 | U18: 0 | V18: 0 | W18: 0 | X18: 0 | Y18: 0 | Z18: 0 | AA18: 0 | AB18: 0 | AC18: 0 | AD18: 0 | AE18: 0 | AF18: 0 | AG18: 0 | AH18: 0 | AI18: 0 | AJ18: 0 | AK18: 176 | AL18: 247 | AM18: 0 | AN18: 22 | AO18: 445 | AP18: 30657660 | AQ18: 0 | AR18: 0 | AS18: 0 | AT18: 0 | AU18: 86 | AV18: 102 | AW18: 0 | AX18: 0 | AY18: 188 | AZ18: 18821880 | BA18: 0 | BB18: 0 | BC18: 0 | BD18: 0 | BE18: 0 | BF18: 0 | BG18: 0 | BH18: 0 | BI18: 0 | BJ18: 0 | BK18: 0 | BL18: 0 | BM18: 0 | BN18: 0 | BO18: 0 | BP18: 0 | BQ18: 0 | BR18: 0 | BS18: 0 | BT18: 0 | BU18: 0 | BV18: 0 | BW18: 0 | BX18: 0 | BY18: 0 | BZ18: 0 | CA18: 0 | CB18: 0 | CC18: 0 | CD18: 0 | CE18: 0 | CF18: 0 | CG18: 0 | CH18: 0 | CI18: 53 | CJ18: 102 | CK18: 0 | CL18: 17 | CM18: 172 | CN18: 19949868 | CO18: 0 | CP18: 0 | CQ18: 0 | CR18: 0 | CS18: 0 | CT18: 0 | CU18: 0 | CV18: 0 | CW18: 0 | CX18: 0 | CY18: 0 | CZ18: 0 | DA18: 0 | DB18: 0 | DC18: 0 | DD18: 0 | DE18: 0 | DF18: 0 | DG18: 0 | DH18: 0 | DI18: 0 | DJ18: 1 | DK18: 2 | DL18: 0 | DM18: 0 | DN18: 0 | DO18: 0 | DP18: 0 | DQ18: 3 | DR18: 114648 | DS18: 0 | DT18: 0 | DU18: 0 | DV18: 0 | DW18: 0 | DX18: 0 | DY18: 0 | DZ18: 0 | EA18: 0 | EB18: 0 | EC18: 0 | ED18: 0 | EE18: 0 | EF18: 0 | EG18: 10 | EH18: 25 | EI18: 0 | EJ18: 3 | EK18: 38 | EL18: 8950200 | EM18: 0 | EN18: 0 | EO18: 0 | EP18: 0 | EQ18: 0 | ER18: 0 | ES18: 0 | ET18: 0 | EU18: 0 | EV18: 0 | EW18: 0 | EX18: 1 | EY18: 2 | EZ18: 0 | FA18: 1041 | FB18: 1386 | FC18: 0 | FD18: 226 | FE18: 2656 | FF18: 195584832 | FG18: 0 | FH18: 0 | FI18: 0 | FJ18: 0 | FK18: 77 | FL18: 49 | FM18: 6 | FN18: 0 | FO18: 132 | FP18: 12038880 | FQ18: 0 | FR18: 1 | FS18: 2 | FT18: 0 | FU18: 1118 | FV18: 1435 | FW18: 6 | FX18: 226 | FY18: 2788 | FZ18: 1118 | GA18: 1436 | GB18: 8 | GC18: 226 | GD18: 207623712 | GE18: 3405100 | GF18: 211028800 | GG18: 207038.7 | GH18: 204601 | GI18: =ROUND(GG18*1.04,1) -> 215320.2 | GJ18: =ROUND(GH18*1.04,1) -> 212785 | GK18: 207038.7 | GL18: =ROUND(GK18*1.04,1) -> 215320.2 | GM18: =ROUND(GF18*$GM$5,-2) -> 202839900 | GN18: =GN41 -> 2679.8126 | GO18: =ROUND(GF18*$GO$5,-2) -> 197298300 | GP18: =GP41 -> 2606.6 | GQ18: 2763 | GR18: 207038700 | GS18: =FY18-GQ18 -> 25 | GT18: 2763 | GU18: =FY18-GT18 -> 25 | GW18: =GF18 -> 211028800 | GX18: =ROUND(GW18*1.04,-2) -> 219470000 | GY18: =ROUND(GX18*1.04,-2) -> 228248800 | HA18: =GW18/1000 -> 211028.8 | HB18: =GX18/1000 -> 219470 | HC18: =GY18/1000 -> 228248.8
A19: 14 | B19: Приозерский | C19: 0 | D19: 0 | E19: 0 | F19: 0 | G19: 787 | H19: 783 | I19: 0 | J19: 153 | K19: 1723 | L19: 108614484 | M19: 0 | N19: 0 | O19: 0 | P19: 0 | Q19: 0 | R19: 70 | S19: 0 | T19: 0 | U19: 70 | V19: 5381880 | W19: 0 | X19: 0 | Y19: 0 | Z19: 6 | AA19: 124 | AB19: 144 | AC19: 0 | AD19: 9 | AE19: 283 | AF19: 17631036 | AG19: 0 | AH19: 0 | AI19: 0 | AJ19: 0 | AK19: 0 | AL19: 0 | AM19: 0 | AN19: 0 | AO19: 0 | AP19: 0 | AQ19: 0 | AR19: 0 | AS19: 0 | AT19: 0 | AU19: 0 | AV19: 0 | AW19: 0 | AX19: 0 | AY19: 0 | AZ19: 0 | BA19: 0 | BB19: 0 | BC19: 0 | BD19: 0 | BE19: 0 | BF19: 0 | BG19: 0 | BH19: 0 | BI19: 0 | BJ19: 0 | BK19: 0 | BL19: 0 | BM19: 0 | BN19: 7 | BO19: 497 | BP19: 581 | BQ19: 0 | BR19: 74 | BS19: 1159 | BT19: 93796332 | BU19: 0 | BV19: 0 | BW19: 0 | BX19: 8 | BY19: 67 | BZ19: 98 | CA19: 0 | CB19: 18 | CC19: 191 | CD19: 18288684 | CE19: 0 | CF19: 0 | CG19: 0 | CH19: 21 | CI19: 470 | CJ19: 438 | CK19: 0 | CL19: 45 | CM19: 974 | CN19: 104700972 | CO19: 0 | CP19: 0 | CQ19: 0 | CR19: 0 | CS19: 163 | CT19: 140 | CU19: 0 | CV19: 0 | CW19: 303 | CX19: 42526428 | CY19: 0 | CZ19: 0 | DA19: 0 | DB19: 0 | DC19: 17 | DD19: 31 | DE19: 0 | DF19: 0 | DG19: 48 | DH19: 11218524 | DI19: 0 | DJ19: 0 | DK19: 0 | DL19: 0 | DM19: 0 | DN19: 0 | DO19: 0 | DP19: 0 | DQ19: 0 | DR19: 0 | DS19: 0 | DT19: 0 | DU19: 0 | DV19: 0 | DW19: 0 | DX19: 0 | DY19: 0 | DZ19: 0 | EA19: 0 | EB19: 0 | EC19: 0 | ED19: 0 | EE19: 0 | EF19: 0 | EG19: 13 | EH19: 29 | EI19: 0 | EJ19: 0 | EK19: 42 | EL19: 10678668 | EM19: 0 | EN19: 0 | EO19: 1 | EP19: 0 | EQ19: 0 | ER19: 2 | ES19: 0 | ET19: 0 | EU19: 3 | EV19: 46212 | EW19: 0 | EX19: 0 | EY19: 1 | EZ19: 42 | FA19: 2138 | FB19: 2316 | FC19: 0 | FD19: 299 | FE19: 4796 | FF19: 412883220 | FG19: 0 | FH19: 0 | FI19: 0 | FJ19: 0 | FK19: 179 | FL19: 251 | FM19: 0 | FN19: 0 | FO19: 430 | FP19: 58319592 | FQ19: 0 | FR19: 0 | FS19: 1 | FT19: 42 | FU19: 2317 | FV19: 2567 | FW19: 0 | FX19: 299 | FY19: 5226 | FZ19: 2317 | GA19: 2567 | GB19: 1 | GC19: 341 | GD19: 471202812 | GE19: 7805200 | GF19: 479008000 | GG19: 468106.6 | GH19: 458215.5 | GI19: =ROUND(GG19*1.04,1) -> 486830.9 | GJ19: =ROUND(GH19*1.04,1) -> 476544.1 | GK19: 468106.6 | GL19: =ROUND(GK19*1.04,1) -> 486830.9 | GM19: =ROUND(GF19*$GM$5,-2) -> 460420300 | GN19: =GN42 -> 5023.2073 | GO19: =ROUND(GF19*$GO$5,-2) -> 447841600 | GP19: =GP42 -> 4885.9731 | GQ19: 5176 | GR19: 468106600 | GS19: =FY19-GQ19 -> 50 | GT19: 5176 | GU19: =FY19-GT19 -> 50 | GW19: =GF19 -> 479008000 | GX19: =ROUND(GW19*1.04,-2) -> 498168300 | GY19: =ROUND(GX19*1.04,-2) -> 518095000 | HA19: =GW19/1000 -> 479008 | HB19: =GX19/1000 -> 498168.3 | HC19: =GY19/1000 -> 518095
A20: 15 | B20: Сланцевский | C20: 0 | D20: 0 | E20: 0 | F20: 36 | G20: 1173 | H20: 1425 | I20: 0 | J20: 159 | K20: 2793 | L20: 176586012 | M20: 0 | N20: 0 | O20: 0 | P20: 0 | Q20: 0 | R20: 0 | S20: 0 | T20: 0 | U20: 0 | V20: 0 | W20: 0 | X20: 0 | Y20: 0 | Z20: 0 | AA20: 0 | AB20: 0 | AC20: 0 | AD20: 0 | AE20: 0 | AF20: 0 | AG20: 0 | AH20: 0 | AI20: 0 | AJ20: 0 | AK20: 0 | AL20: 0 | AM20: 0 | AN20: 0 | AO20: 0 | AP20: 0 | AQ20: 0 | AR20: 0 | AS20: 0 | AT20: 0 | AU20: 0 | AV20: 0 | AW20: 0 | AX20: 0 | AY20: 0 | AZ20: 0 | BA20: 0 | BB20: 0 | BC20: 0 | BD20: 0 | BE20: 0 | BF20: 0 | BG20: 0 | BH20: 0 | BI20: 0 | BJ20: 0 | BK20: 0 | BL20: 0 | BM20: 0 | BN20: 0 | BO20: 0 | BP20: 0 | BQ20: 0 | BR20: 0 | BS20: 0 | BT20: 0 | BU20: 0 | BV20: 0 | BW20: 0 | BX20: 0 | BY20: 0 | BZ20: 0 | CA20: 0 | CB20: 0 | CC20: 0 | CD20: 0 | CE20: 0 | CF20: 0 | CG20: 0 | CH20: 0 | CI20: 34 | CJ20: 63 | CK20: 0 | CL20: 11 | CM20: 108 | CN20: 12511416 | CO20: 0 | CP20: 0 | CQ20: 0 | CR20: 2 | CS20: 65 | CT20: 70 | CU20: 0 | CV20: 3 | CW20: 140 | CX20: 20335200 | CY20: 0 | CZ20: 0 | DA20: 0 | DB20: 0 | DC20: 36 | DD20: 12 | DE20: 0 | DF20: 0 | DG20: 48 | DH20: 9700272 | DI20: 0 | DJ20: 0 | DK20: 0 | DL20: 0 | DM20: 0 | DN20: 0 | DO20: 24 | DP20: 0 | DQ20: 24 | DR20: 922464 | DS20: 0 | DT20: 0 | DU20: 0 | DV20: 0 | DW20: 0 | DX20: 0 | DY20: 0 | DZ20: 0 | EA20: 0 | EB20: 0 | EC20: 4 | ED20: 7 | EE20: 0 | EF20: 1 | EG20: 5 | EH20: 11 | EI20: 0 | EJ20: 0 | EK20: 28 | EL20: 6817788 | EM20: 0 | EN20: 0 | EO20: 0 | EP20: 0 | EQ20: 0 | ER20: 0 | ES20: 0 | ET20: 0 | EU20: 0 | EV20: 0 | EW20: 4 | EX20: 7 | EY20: 0 | EZ20: 39 | FA20: 1313 | FB20: 1581 | FC20: 24 | FD20: 173 | FE20: 3141 | FF20: 226873152 | FG20: 2 | FH20: 116 | FI20: 0 | FJ20: 0 | FK20: 146 | FL20: 50 | FM20: 0 | FN20: 0 | FO20: 314 | FP20: 38794152 | FQ20: 6 | FR20: 123 | FS20: 0 | FT20: 39 | FU20: 1459 | FV20: 1631 | FW20: 24 | FX20: 173 | FY20: 3455 | FZ20: 1465 | GA20: 1754 | GB20: 24 | GC20: 212 | GD20: 265667304 | GE20: 4650100 | GF20: 270317400 | GG20: 264695.8 | GH20: 278385.5 | GI20: =ROUND(GG20*1.04,1) -> 275283.6 | GJ20: =ROUND(GH20*1.04,1) -> 289520.9 | GK20: 271499.1 | GL20: =ROUND(GK20*1.04,1) -> 282359.1 | GM20: =ROUND(GF20*$GM$5,-2) -> 259827900 | GN20: =GN43 -> 3320.9309 | GO20: =ROUND(GF20*$GO$5,-2) -> 252729300 | GP20: =GP43 -> 3230.2017 | GQ20: 3399 | GR20: 264695800 | GS20: =FY20-GQ20 -> 56 | GT20: 3398 | GU20: =FY20-GT20 -> 57 | GW20: =GF20 -> 270317400 | GX20: =ROUND(GW20*1.04,-2) -> 281130100 | GY20: =ROUND(GX20*1.04,-2) -> 292375300 | HA20: =GW20/1000 -> 270317.4 | HB20: =GX20/1000 -> 281130.1 | HC20: =GY20/1000 -> 292375.3
